Workbook
Name \a: #REF!
Name \b: '[1]CUAD-DIURNA'!#REF!
Name \c: #REF!
Name \c: #REF!
Name \m: #REF!
Name \m: #REF!
Name \q: #REF!
Name \q: #REF!
Name \w: #N/A
Name \z: #REF!
Name _: #N/A
Name _________APU221: #REF!
Name _________PJ50: #REF!
Name _________pj51: #REF!
Name _________Rc: #REF!
Name ________APU221: #REF!
Name ________APU465: [2]!absc
Name ________APU465: [2]!absc
Name ________APU465: [2]!absc
Name ________PJ50: #REF!
Name ________pj51: #REF!
Name ________rc: #REF!
Name _______APU221: #REF!
Name _______APU465: [2]!absc
Name _______APU465: [2]!absc
Name _______APU465: [2]!absc
Name _______PJ50: #REF!
Name _______pj51: #REF!
Name _______rc: #REF!
Name ______APU221: #REF!
Name ______APU465: [2]!absc
Name ______APU465: [2]!absc
Name ______APU465: [2]!absc
Name ______PJ50: #REF!
Name ______pj51: #REF!
Name ______rc: #REF!
Name _____APU221: #REF!
Name _____APU465: [2]!absc
Name _____APU465: [2]!absc
Name _____APU465: [2]!absc
Name _____PJ50: #REF!
Name _____PJ50: #REF!
Name _____PJ50: #REF!
Name _____PJ50: #REF!
Name _____PJ50: #REF!
Name _____PJ50: #REF!
Name _____pj51: #REF!
Name _____pj51: #REF!
Name _____pj51: #REF!
Name _____pj51: #REF!
Name _____pj51: #REF!
Name _____pj51: #REF!
Name _____rc: #REF!
Name ____APU221: #REF!
Name ____APU465: [2]!absc
Name ____APU465: [2]!absc
Name ____APU465: [2]!absc
Name ____EST10: #REF!
Name ____EST12: #REF!
Name ____EST13: #REF!

Sheet PRESUPUESTO
D2: "MEJORAMIENTO VIAL MEDIANTE LA CONSTRUCCIÓN DE PAVIMENTO RÍGIDO DE LA PRIMERA ETAPA DE LA VÍA QUE COMUNICA A LA VEREDA PONDORES EN EL CORREGIMIENTO DE CONEJO, MUNICIPIO DE FONSECA - DEPARTAMENTO DE LA GUAJIRA."
B4: PRESUPUESTO DE OBRA
B5: FECHA: FEBRERO DE 2024
B7: No. | C7: ITEM | D7: DESCRIPCIÓN | E7: UND | F7: CANTIDAD | G7: PRECIO | H7: TOTAL | L7: TOTAL
B10: 1 | C10: ACTIVIDADES PRELIMINARES
B11: 1,1 | C11: 200.2 | D11: Desmonte y limpieza en zonas no boscosas | E11: HA | F11: =+CANTIDADES!Q23 -> 1 | G11: =ROUND('1,1'!G46,0) -> 1102524 | H11: =F11*G11 -> 1102524
B12: 1,2 | C12: 210.2.2 | D12: Excavaciones en material común de la explanación y canales | E12: M3 | F12: =+CANTIDADES!Q36 -> 1515 | G12: =ROUND('1,2'!G45,0) -> 17805 | H12: =F12*G12 -> 26974575
B13: 1,3 | C13: 900.2 | D13: Transporte de materiales provenientes de la excavación de la explanación, canales y préstamos para distancias mayores de mil metros (1000 m) | E13: M3 | F13: =+CANTIDADES!Q50 -> 1515 | G13: =ROUND('1,3'!G45,0) -> 23660 | H13: =F13*G13 -> 35844900
G14: SUBTOTAL | H14: =SUM(H11:H13) -> 63921999 | O14: =+H14*$O$34+H14 -> 88395455
B16: 2 | C16: PAVIMENTACIÓN EN CONCRETO HIDRAULICO
B17: 2,1 | C17: 220.1 | D17: Terraplenes | E17: M3 | F17: =+CANTIDADES!Q73 -> 142 | G17: =ROUND('2,1'!G47,0) -> 216719 | H17: =F17*G17 -> 30774098
B18: 2,2 | C18: 320.3 | D18: Sub Base Granular tipo C | E18: M3 | F18: =+CANTIDADES!Q87 -> 768 | G18: =ROUND('2,2'!G46,0) -> 251204 | H18: =F18*G18 -> 192924672
B19: 2,3 | C19: 630.3 | D19: Placa de pavimento en concreto hidráulico MR2=4,0 Mpa (40Kg/cm2) | E19: M3 | F19: =+CANTIDADES!Q107 -> 1287 | G19: =ROUND('2,3'!G52,0) -> 1118000 | H19: =F19*G19 -> 1438866000 | L19: 11750854172 | M19: =H19-L19 -> -10311988172
G20: SUBTOTAL | H20: =SUM(H17:H19) -> 1662564770 | J20: =H20*$F$31+H20 -> 2.2991016e+09 | L20: 15092977415 | M20: =H20-L20 -> -13430412645 | N20: =H20*1.3 -> 2161334201 | O20: =+H20*$O$34+H20 -> 2.2991016e+09 | P20: =+O20-H20 -> 6.3653682e+08
B22: 3 | C22: SEÑALIZACION DEFINITIVA
B23: 3,1 | C23: 710.2 | D23: Señal vertical de transito Tipo II (1,2*0,4) con lámina retroreflectiva | E23: UND | F23: =+CANTIDADES!Q187 -> 18 | G23: =ROUND('3,1'!G45,0) -> 592771 | H23: =(F23*G23) -> 10669878 | L23: 19460240 | M23: =H23-L23 -> -8790362
B24: 3,2 | C24: 700.1 | D24: Linea de demarcacion con pintura en frio | E24: M | F24: =+CANTIDADES!Q197 -> 2462 | G24: =ROUND('3,2'!G45,0) -> 1461 | H24: =F24*G24 -> 3596982 | L24: 80833536 | M24: =H24-L24 -> -77236554
B25: 3,3 | C25: 701.1 | D25: Tachas reflectivas | E25: UND | F25: =+CANTIDADES!Q209 -> 142.16667 | G25: =ROUND('3,3'!G45,0) -> 14640 | H25: =F25*G25 -> 2081320
G26: SUBTOTAL | H26: =SUM(H23:H25) -> 16348180 | J26: =H26*$F$31+H26 -> 22607316 | L26: 462737096 | M26: =H26-L26 -> -446388916 | N26: =H26*1.3 -> 21252634 | O26: =+H26*$O$34+H26 -> 22607316
B28: COSTO DIRECTO DE OBRA | H28: =+H14+H20+H26 -> 1742834949 | L28: 33806009672 | M28: =H28-L28 -> -32063174723
B31: COSTO INDIRECTO A.I.U. [ % ] | F31: =AIU!J60 -> 0.38286437 | G31: % | H31: =SUM(H32:H34) -> 667269411 | L31: 10141802902 | M31: =H31-L31 -> -9474533491
B32: ADMINISTRACIÓN | F32: =+AIU!J56 -> 0.32286437 | G32: % | H32: =ROUND(AIU!K56,0) -> 562699315 | L32: 7775382225 | M32: =H32-L32 -> -7212682910
B33: UTILIDAD | F33: =+AIU!J58 -> 0.05 | G33: % | H33: =ROUND(AIU!K58,0) -> 87141747 | L33: 1690300484 | M33: =H33-L33 -> -1603158737
B34: IMPREVISTOS | F34: =+AIU!J57 -> 0.01 | G34: % | H34: =ROUND(AIU!K57,0) -> 17428349 | L34: 676120193 | M34: =H34-L34 -> -658691844 | O34: =+F34+F33+F32 -> 0.38286437
B36: COSTO TOTAL DE OBRA | H36: =+H28+H31 -> 2410104360 | L36: 43947812574 | M36: =H36-L36 -> -41537708214
B38: INTERVENTORIA DEL PROYECTO | H38: =ROUND(INTERVENTORIA!J48,0) -> 249042198 | L38: 1812550880 | M38: =H38-L38 -> -1563508682 | N38: =+H38/H28 -> 0.14289488
B40: PLAN DE ADAPTACION A LA GUIA AMBIENTAL | E40: und | F40: 1 | G40: =+PAGA!J48 -> 79730280 | H40: =ROUND(F40*G40,0) -> 79730280 | L40: 89111500 | M40: =H40-L40 -> -9381220
B41: CARACTERIZACIÓN VIAL | E41: KM | F41: =+'CARACTERIZACION '!G33 -> 0.853 | G41: =+'CARACTERIZACION '!H31 -> 11411999 | H41: =ROUND(F41*G41,0) -> 9734435
B42: PLAN DE MANEJO DE TRANSITO | E42: und | F42: 1 | G42: =+PMT!H18 -> 101909240 | H42: =ROUND(F42*G42,0) -> 101909240 | L42: 79122000 | M42: =H42-L42 -> 22787240
B43: =+SOCIAL!B3 -> SOCIAL | E43: UND | F43: 1 | G43: =+SOCIAL!K30 -> 44636480 | H43: =ROUND(F43*G43,0) -> 44636480
B45: COSTO TOTAL DEL PROYECTO | H45: =+SUM(H36:H43) -> 2895156993 | L45: 45928596954 | M45: =H45-L45 -> -43033439961
B52: JESUS EDUARDO ROBLES SMITH
B53: INGENIERO CIVIL
B54: M.P. 25202-316144 CND

Sheet SOCIAL
B2: =+PRESUPUESTO!D2 -> "MEJORAMIENTO VIAL MEDIANTE LA CONSTRUCCIÓN DE PAVIMENTO RÍGIDO DE LA PRIMERA ETAPA DE LA VÍA QUE COMUNICA A LA VEREDA PONDORES EN EL CORREGIMIENTO DE CONEJO, MUNICIPIO DE FONSECA - DEPARTAMENTO DE LA GUAJIRA."
B3: SOCIAL
D6: Costo directo total | I6: MESES | J6: 3 | K6: =+PRESUPUESTO!H28 -> 1742834949
D8: Costos de administración de obra
D10: Descripción | E10: UNIDAD | F10: CANTIDAD | G10: SUELDO MES | H10: PARTICIPACIÓN | I10: F.P | J10: VALOR UNITARIO | K10: VALOR TOTAL
B12: 1 | C12: Cant | D12: Personal de obra
B13: 1.1 | C13: 1 | D13: =+FP!AI9 -> TRABAJADOR SOCIAL | E13: Mes | F13: =+J6+1 -> 4 | G13: =+FP!AI12 -> 3434120.1 | H13: 1 | I13: =+FP!AJ47 -> 1.7229 | J13: =+FP!AI12 -> 3434120.1 | K13: =+J13*F13*C13 -> 13736480
B19: 2 | D19: actividades
B20: 2.1 | C20: 2 | D20: PERSONAL DE APOYO | E20: MES | F20: 4 | G20: 2300000 | K20: =+G20*F20*C20 -> 18400000
B21: 2.2 | C21: 5 | D21: ACTIVIDADES | E21: GLO | F21: 1 | G21: 2500000 | K21: =+G21*C21 -> 12500000
D23: Total costos
J27: VALOR | K27: =SUM(K13:K22) -> 44636480
D30: Total | K30: =SUM(K26:K29) -> 44636480

Sheet AIU
B2: =+PRESUPUESTO!D2 -> "MEJORAMIENTO VIAL MEDIANTE LA CONSTRUCCIÓN DE PAVIMENTO RÍGIDO DE LA PRIMERA ETAPA DE LA VÍA QUE COMUNICA A LA VEREDA PONDORES EN EL CORREGIMIENTO DE CONEJO, MUNICIPIO DE FONSECA - DEPARTAMENTO DE LA GUAJIRA."
B3: AIU
D6: Costo directo total | I6: MESES | J6: 3 | K6: =+PRESUPUESTO!H28 -> 1742834949
D8: Costos de administración de obra
D10: Descripción | E10: UNIDAD | F10: CANTIDAD | G10: SUELDO MES | H10: PARTICIPACIÓN | I10: F.P | J10: VALOR UNITARIO | K10: VALOR TOTAL
B12: 1 | C12: Cant | D12: Personal de obra
B13: 1.1 | C13: 1 | D13: Director de obra | E13: Mes | F13: =+J6+1 -> 4 | G13: =+FP!C12 -> 6174985 | H13: 0.5 | I13: =+FP!D47 -> 1.6529 | J13: =+G13*H13*I13 -> 5103316.4 | K13: =+J13*F13*C13 -> 20413265
B14: 1.2 | C14: 1 | D14: Residente de obra | E14: Mes | F14: =+$J$6 -> 3 | G14: =+FP!G12 -> 3434120.1 | H14: 1 | I14: =+FP!H47 -> 1.7229 | J14: =+G14*H14*I14 -> 5916645.5 | K14: =+J14*F14*C14 -> 17749937
B15: 1.3 | C15: 1 | D15: Almacenista | E15: Mes | F15: =+$J$6 -> 3 | G15: =+FP!AC12 -> 1300000 | H15: 1 | I15: =+FP!AD47 -> 1.8304 | J15: =+G15*H15*I15 -> 2379520 | K15: =+J15*F15*C15 -> 7138560
B16: 1.4 | C16: 1 | D16: Vigilante | E16: Mes | F16: =+$J$6 -> 3 | G16: =+FP!AA12 -> 1300000 | H16: 1 | I16: =+FP!AB47 -> 1.8704 | J16: =+G16*H16*I16 -> 2431520 | K16: =+J16*F16*C16 -> 7294560
B17: 1.5 | C17: 1 | D17: Contador | E17: Mes | F17: =+$J$6 -> 3 | G17: =+FP!M12 -> 3737870.8 | H17: 0.25 | I17: =+FP!N47 -> 1.6329 | J17: =+G17*H17*I17 -> 1525892.3 | K17: =+J17*F17*C17 -> 4577677
B18: 1.6 | C18: 1 | D18: Secretaria | E18: Mes | F18: =+$J$6 -> 3 | G18: =+FP!AG12 -> 1388166.7 | H18: 1 | I18: =+FP!AH47 -> 1.7616 | J18: =+G18*H18*I18 -> 2445394.4 | K18: =+J18*F18*C18 -> 7336183.2
B19: 1.7 | C19: 1 | D19: Maestro de Obra | E19: Mes | F19: =+$J$6 -> 3 | G19: =+FP!Q12 -> 2314516.8 | H19: 1 | I19: =+FP!R47 -> 1.8467 | J19: =+G19*H19*I19 -> 4274218.3 | K19: =+J19*F19*C19 -> 12822655
B20: 1.8 | C20: 1 | D20: Topógrafo | E20: Mes | F20: =+$J$6 -> 3 | G20: =+FP!W12 -> 1634033.3 | H20: 1 | I20: =+FP!X47 -> 1.8815 | J20: =+G20*H20*I20 -> 3074433.7 | K20: =+J20*F20*C20 -> 9223301.1
B21: 1.9 | C21: 1 | D21: Cadenero | E21: Mes | F21: =+$J$6 -> 3 | G21: =+FP!Y12 -> 1300000 | H21: 1 | I21: =+FP!Z47 -> 1.7775 | J21: =+G21*H21*I21 -> 2310750 | K21: =+J21*F21*C21 -> 6932250
B22: 1.10 | C22: 1 | D22: Ingeniero Especialista en Geotecnia | E22: Mes | F22: =+$J$6 -> 3 | G22: =+FP!S12 -> 5671970 | H22: 0.25 | I22: =+I13 -> 1.6529 | J22: =+G22*H22*I22 -> 2343799.8 | K22: =+J22*F22*C22 -> 7031399.4
D23: Total de personal | K23: =+SUM(K13:K22) -> 1.0051979e+08
B25: 2 | D25: Costos de servicios públicos
B26: 2.1 | D26: Servicio de Energía | E26: Mes | F26: =$J$6 -> 3 | J26: 250000 | K26: =F26*J26 -> 750000
B27: 2.2 | D27: Servicio de Agua | E27: Mes | F27: =$J$6 -> 3 | J27: 250000 | K27: =F27*J27 -> 750000
B28: 2.3 | D28: Servicio de Internet | E28: Mes | F28: =$J$6 -> 3 | J28: 250000 | K28: =F28*J28 -> 750000
D29: Total costos de servicios públicos | K29: =SUM(K26:K28) -> 2250000
B31: 3 | D31: Costos de dotación campamento e instalaciones provisionales
B32: 3.1 | D32: Alquiler Campamento tipo bodega (22 m²) | E32: Mes | F32: =$J$6 -> 3 | J32: 1322331 | K32: =F32*J32 -> 3966993.1
D33: Total costos de dotación campamento | K33: =SUM(K32:K32) -> 3966993.1
B35: 4 | D35: Otros gastos generales
B36: 4.1 | D36: Ensayos de laboratorios de control de calidad | E36: Mes | F36: 1 | J36: =+ENSAYOS!I55 -> 86868482 | K36: =F36*J36 -> 86868482
B37: 4.2 | D37: Planos, copia planos y fotocopias en obra | E37: Mes | F37: 1 | J37: 241237.73 | K37: =F37*J37 -> 241237.73
B38: 4.3 | D38: Valla informativa 6*3 | E38: un | F38: 1 | J38: 3500000 | K38: =F38*J38 -> 3500000
B39: 4.4 | D39: Alquiler equipo de topografia (estacion total) | E39: Mes | F39: =$J$6 -> 3 | J39: 1500000 | K39: =F39*J39 -> 4500000
B40: 4.5 | D40: Aquiler de campero 4x4 cilindraje 3000 cm3 (incluye conductor y combustible) | E40: Mes | F40: =$J$6 -> 3 | J40: 7000000 | K40: =F40*J40 -> 21000000
D42: Total otros - gastos generales | K42: =SUM(K36:K41) -> 1.1610972e+08
B44: 5 | D44: Costos de legalización del contrato | J44: =SUM(J46:J54) -> 0.195 | K44: =+J44*K6 -> 3.3985282e+08
D46: ESTAMPILLA PROCULTURA | J46: =0.015 -> 0.015 | K46: =+J46*$K$6 -> 26142524
D47: ESTAMPILLA ADULTO MAYOR | J47: =0.04 -> 0.04 | K47: =+J47*$K$6 -> 69713398
D48: ESTAMPILLA PRO UNIVERSIDAD | J48: =0.02 -> 0.02 | K48: =+J48*$K$6 -> 34856699
D49: ESTAMPILLA PRO DESARROLLO DEPARTAMENTAL | J49: =0.02 -> 0.02 | K49: =+J49*$K$6 -> 34856699
D50: ESTAMPILLA PRO DESARROLLO FRONTERIZO | J50: =0.02 -> 0.02 | K50: =+J50*$K$6 -> 34856699
D51: TASA PRO DEPORTE Y RECREACIÓN | J51: =0.015 -> 0.015 | K51: =+J51*$K$6 -> 26142524
D52: ESTAMPILLA PARA LA JUSTICIA FAMILIAR | J52: 0.02 | K52: =J52*K6 -> 34856699
D53: CONTRIBUCIÓN SOBRE CONTRATOS DE OBRA PÚBLICA | J53: 0.045 | K53: =J53*K6 -> 78427573
D56: Total administración | J56: =+K56/K6 -> 0.32286437 | K56: =+K44+K42+K33+K23+K29 -> 5.6269932e+08
D57: Imprevistos | J57: 0.01 | K57: =J57*K6 -> 17428349
D58: Utilidad | J58: 0.05 | K58: =J58*K6 -> 87141747
D60: Total AIU | J60: =K60/K6 -> 0.38286437 | K60: =SUM(K56:K59) -> 6.6726941e+08
B72: =+PRESUPUESTO!B52 -> JESUS EDUARDO ROBLES SMITH
B73: =+PRESUPUESTO!B53 -> INGENIERO CIVIL
B74: =+PRESUPUESTO!B54 -> M.P. 25202-316144 CND

Sheet CRONOGRAMA Y FC
B2: =+PRESUPUESTO!D2 -> "MEJORAMIENTO VIAL MEDIANTE LA CONSTRUCCIÓN DE PAVIMENTO RÍGIDO DE LA PRIMERA ETAPA DE LA VÍA QUE COMUNICA A LA VEREDA PONDORES EN EL CORREGIMIENTO DE CONEJO, MUNICIPIO DE FONSECA - DEPARTAMENTO DE LA GUAJIRA."
B3: PLANIFICACION FINANCIERA Y CRONOGRAMA
B5: ITEM | C5: CAPITULOS | D5: VALOR PROGRAMADO TOTAL | E5: PROGRAMACION MENSUAL
E6: MES 1 | F6: MES 2 | G6: MES 3 | H6: MES 4 | I6: MES 5 | J6: MES 6 | K6: MES 7 | L6: MES 8
C7: ETAPA PRECONTRACTUAL
B8: =+PRESUPUESTO!B10 -> 1 | C8: OBRAS PRELIMINARES | D8: =+PRESUPUESTO!H14 -> 63921999
B9: =+PRESUPUESTO!B11 -> 1,1 | C9: =+PRESUPUESTO!D11 -> Desmonte y limpieza en zonas no boscosas | D9: =+PRESUPUESTO!H11 -> 1102524 | H9: =+$D$9/1 -> 1102524
B10: =+PRESUPUESTO!B12 -> 1,2 | C10: =+PRESUPUESTO!D12 -> Excavaciones en material común de la explanación y canales | D10: =+PRESUPUESTO!H12 -> 26974575 | H10: =$D$10/1 -> 26974575
B11: =+PRESUPUESTO!B13 -> 1,3 | C11: =+PRESUPUESTO!D13 -> Transporte de materiales provenientes de la excavación de la explanación, canales y préstamos para distancias mayores de mil metros (1000 m) | D11: =+PRESUPUESTO!H13 -> 35844900 | H11: =$D$11/1 -> 35844900
B12: =+PRESUPUESTO!B16 -> 2 | C12: =+PRESUPUESTO!C16 -> PAVIMENTACIÓN EN CONCRETO HIDRAULICO | D12: =+PRESUPUESTO!H20 -> 1662564770
B13: =+PRESUPUESTO!B17 -> 2,1 | C13: =+PRESUPUESTO!D17 -> Terraplenes | D13: =+PRESUPUESTO!H17 -> 30774098 | H13: =D13/1 -> 30774098
B14: =+PRESUPUESTO!B18 -> 2,2 | C14: =+PRESUPUESTO!D18 -> Sub Base Granular tipo C | D14: =+PRESUPUESTO!H18 -> 192924672 | H14: =D14/2 -> 96462336 | I14: =D14/2 -> 96462336
B15: =+PRESUPUESTO!B19 -> 2,3 | C15: =+PRESUPUESTO!D19 -> Placa de pavimento en concreto hidráulico MR2=4,0 Mpa (40Kg/cm2) | D15: =+PRESUPUESTO!H19 -> 1438866000 | H15: =D15/2 -> 719433000 | I15: =D15/2 -> 719433000
B16: =+PRESUPUESTO!B22 -> 3 | C16: =+PRESUPUESTO!C22 -> SEÑALIZACION DEFINITIVA | D16: =+PRESUPUESTO!H26 -> 16348180
B17: =+PRESUPUESTO!B23 -> 3,1 | C17: =PRESUPUESTO!D23 -> Señal vertical de transito Tipo II (1,2*0,4) con lámina retroreflectiva | D17: =+PRESUPUESTO!H23 -> 10669878 | I17: =D17/1 -> 10669878
B18: =+PRESUPUESTO!B24 -> 3,2 | C18: =PRESUPUESTO!D24 -> Linea de demarcacion con pintura en frio | D18: =+PRESUPUESTO!H24 -> 3596982 | I18: =D18/1 -> 3596982
B19: =+PRESUPUESTO!B25 -> 3,3 | C19: =PRESUPUESTO!D25 -> Tachas reflectivas | D19: =+PRESUPUESTO!H25 -> 2081320 | I19: =D19/1 -> 2081320
C20: CIERRE FINANCIERO
C22: SUBTOTAL AIU | D22: =PRESUPUESTO!H31 -> 667269411 | H22: =+$D$22/2 -> 3.3363471e+08 | I22: =+$D$22/2 -> 3.3363471e+08
C24: TOTAL COSTOS DIRECTOS INCLUIDO AIU | D24: =+PRESUPUESTO!H36 -> 2410104360 | H24: =+SUM(H7:H22) -> 1.2442261e+09 | I24: =+SUM(I7:I22) -> 1.1658782e+09 | J24: =+SUM(J7:J22) -> 0 | K24: =+SUM(K7:K22) -> 0 | L24: =+SUM(L7:L22) -> 0
C25: INTERVENTORIA | D25: =+PRESUPUESTO!H38 -> 249042198 | H25: =+$D$25/2 -> 124521099 | I25: =+$D$25/2 -> 124521099
C26: PAGA | D26: =+PRESUPUESTO!H40 -> 79730280 | H26: =+$D$26/2 -> 39865140 | I26: =+$D$26/2 -> 39865140
C27: =+PRESUPUESTO!B41 -> CARACTERIZACIÓN VIAL | D27: =+PRESUPUESTO!H41 -> 9734435 | J27: =D27/1 -> 9734435
C28: PMT | D28: =+PRESUPUESTO!H42 -> 101909240 | H28: =+$D$28/2 -> 50954620 | I28: =+$D$28/2 -> 50954620
H29: =+$D$29/4 -> 0 | I29: =+$D$29/4 -> 0 | J29: =+$D$29/4 -> 0 | K29: =+$D$29/4 -> 0
C31: TOTAL PROYECTO | D31: =+PRESUPUESTO!H45 -> 2895156993 | E31: =SUM(E24:E29) -> 0 | F31: =SUM(F24:F29) -> 0 | G31: =SUM(G24:G29) -> 0 | H31: =SUM(H24:H29) -> 1.459567e+09 | I31: =SUM(I24:I29) -> 1.3812191e+09 | J31: =SUM(J24:J29) -> 9734435 | K31: =SUM(K24:K29) -> 0 | L31: =SUM(L24:L29) -> 0
B42: =+PRESUPUESTO!B52 -> JESUS EDUARDO ROBLES SMITH
B43: =+PRESUPUESTO!B53 -> INGENIERO CIVIL
B44: =+PRESUPUESTO!B54 -> M.P. 25202-316144 CND

Sheet CANTIDADES
B2: OBJETO | C2: =+PRESUPUESTO!D2 -> "MEJORAMIENTO VIAL MEDIANTE LA CONSTRUCCIÓN DE PAVIMENTO RÍGIDO DE LA PRIMERA ETAPA DE LA VÍA QUE COMUNICA A LA VEREDA PONDORES EN EL CORREGIMIENTO DE CONEJO, MUNICIPIO DE FONSECA - DEPARTAMENTO DE LA GUAJIRA."
B4: SECTOR | C4: TRAMO | D4: ABS INICIAL | E4: ABS FINAL | F4: LONGITUD
B6: FONSECA | C6: TRAMO 1 | D6: K0+000 | E6: K0+853 | F6: 853
E10: LONGITUD TOTAL (m) | F10: =+SUM(F6) -> 853 | H10: Ancho Pavimento | I10: =6 -> 6
B14: ITEM No | D14: =+PRESUPUESTO!C11 -> 200.2
B15: DESCRIPCION | D15: =+PRESUPUESTO!D11 -> Desmonte y limpieza en zonas no boscosas
B16: UNIDAD | D16: =+PRESUPUESTO!E11 -> HA
B18: DESCRIPCION | K18: LONGITUD | L18: ANCHO | M18: AREA | N18: # ELEMENTOS | Q18: CANTIDAD TOTAL
B19: TRAMO 1 | K19: =+F10 -> 853 | L19: =3 -> 3 | M19: =+K19*L19 -> 2559 | N19: =2 -> 2 | Q19: =+M19*N19 -> 5118
O22: TOTAL | Q22: =SUM(Q19:Q21) -> 5118
B23: TOTAL | Q23: =ROUND(Q22/10000,0) -> 1
B27: ITEM No | D27: =+PRESUPUESTO!C12 -> 210.2.2
B28: DESCRIPCION | D28: =+PRESUPUESTO!D12 -> Excavaciones en material común de la explanación y canales
B29: UNIDAD | D29: =+PRESUPUESTO!E12 -> M3
B31: DESCRIPCION | O31: RESULTADOS DE CORTE Y RELLENO | Q31: CANTIDAD TOTAL
B32: EXCAVACIÓN PROVENIENTE DE CORTES DEL TRAMO 1 | O32: ='CORTE Y RELL'!E91 -> 1515.41 | Q32: =+O32 -> 1515.41
B34: NOTA: CANTIDADES OBTENIDAS DE CARTERA DE CORTE Y RELLENO DISEÑO GEOMETRICO
B36: TOTAL | Q36: =ROUND(SUM(Q32:Q34),0) -> 1515
B41: ITEM No | D41: =+PRESUPUESTO!C13 -> 900.2
B42: DESCRIPCION | D42: =+PRESUPUESTO!D13 -> Transporte de materiales provenientes de la excavación de la explanación, canales y préstamos para distancias mayores de mil metros (1000 m)
B43: UNIDAD | D43: =+PRESUPUESTO!E13 -> M3
B45: DESCRIPCION | N45: Volumen (m3) | Q45: CANTIDAD TOTAL
B46: MATERIAL PROVENIENTE DE LA EXCAVACIÓN TRAMO 1 | N46: ='CORTE Y RELL'!E91 -> 1515.41 | Q46: =+N46 -> 1515.41
B48: NOTA: CANTIDADES OBTENIDAS DE CARTERA DE CORTE Y RELLENO DISEÑO GEOMETRICO
B50: TOTAL | Q50: =ROUND(SUM(Q46:Q46),0) -> 1515
B54: ITEM No | D54: =+PRESUPUESTO!C17 -> 220.1
B55: DESCRIPCION | D55: =+PRESUPUESTO!D17 -> Terraplenes
B56: UNIDAD | D56: =+PRESUPUESTO!E17 -> M3
B58: DESCRIPCION | N58: VOLUMEN | Q58: CANTIDAD TOTAL
B59: VOLUMEN PRODUCTO DEL RELLENO DEL TRAMO 1 | N59: ='CORTE Y RELL'!D91 -> 14.48 | Q59: =+N59 -> 14.48
N60: ='CORTE Y RELL'!D92 -> 127.95 | Q60: =N60 -> 127.95
B71: NOTA: CANTIDADES OBTENIDAS DE CARTERA DE CORTE Y RELLENO DISEÑO GEOMETRICO
B73: TOTAL | Q73: =ROUND(SUM(Q59:Q69),0) -> 142
B77: ITEM No | D77: =+PRESUPUESTO!C18 -> 320.3
B78: DESCRIPCION | D78: =+PRESUPUESTO!D18 -> Sub Base Granular tipo C
B79: UNIDAD | D79: =+PRESUPUESTO!E18 -> M3
B81: DESCRIPCION | K81: LARGO | L81: ANCHO | M81: ESPESOR | N81: VOLUMEN | Q81: CANTIDAD TOTAL
B82: TRAMO 1 | K82: =+F6 -> 853 | L82: 6 | M82: =0.15 -> 0.15 | N82: =+K82*L82*M82 -> 767.7 | Q82: =+N82 -> 767.7
B87: TOTAL | Q87: =ROUND(SUM(Q82:Q84),0) -> 768
B90: ITEM No | D90: =PRESUPUESTO!C19 -> 630.3
B91: DESCRIPCION | D91: =PRESUPUESTO!D19 -> Placa de pavimento en concreto hidráulico MR2=4,0 Mpa (40Kg/cm2)
B92: UNIDAD | D92: =PRESUPUESTO!E19 -> M3
B94: DESCRIPCION | K94: LONGITUD | L94: ANCHO | M94: ESPESOR | N94: VOLUMEN | Q94: CANTIDAD TOTAL
B95: TRAMO 1 | K95: =+F6 -> 853 | L95: =+$I$10 -> 6 | M95: 0.25 | N95: =K95*L95*M95 -> 1279.5 | Q95: =+N95 -> 1279.5
H96: LOSAS IRREGULARES | N96: AREAS | O96: ESPESOR | P96: VOLUMEN
H97: DESCRIPCIÓN | J97: ABSCISA
H98: INICIO | J98: 0+000 | N98: 6 | O98: 0.25 | P98: =N98*O98 -> 1.5 | Q98: =P98 -> 1.5
H99: FINCA | J99: 0+027,30 IZQ | N99: 3.5 | O99: 0.25 | P99: =N99*O99 -> 0.875 | Q99: =P99 -> 0.875
H100: FINCA | J100: 0+120 IZQ | N100: 3.5 | O100: 0.25 | P100: =N100*O100 -> 0.875 | Q100: =P100 -> 0.875
H101: FINCA | J101: O+592 DER | N101: 3.5 | O101: 0.25 | P101: =N101*O101 -> 0.875 | Q101: =P101 -> 0.875
H102: FINCA | J102: 0+608,50 IZQ | N102: 3.5 | O102: 0.25 | P102: =N102*O102 -> 0.875 | Q102: =P102 -> 0.875
H103: FINCA | J103: 670,97 IZQ | N103: 3.5 | O103: 0.25 | P103: =N103*O103 -> 0.875 | Q103: =P103 -> 0.875
H104: FINAL | J104: 0+853 | N104: =2.63*2 -> 5.26 | O104: 0.25 | P104: =N104*O104 -> 1.315 | Q104: =P104 -> 1.315
B107: TOTAL | Q107: =ROUND(SUM(Q95:Q106),0) -> 1287
B112: ACERO PAVIMENTO RIGIDO
B113: DESCRIPCIÓN | E113: TRAMO | F113: ABS INICIAL | G113: ABS FINAL | H113: LONGITUD | I113: ANCHO | J113: No DE VARILLA LONGITUDINAL | K113: PESO/METRO DE VARILLA | L113: ESPACIAMIENTO VARILLA LONGITUDINAL | M113: CANTIDAD DE VARILLAS | N113: LONGITUD VARILLA LONGITUDINAL | O113: PESO TOTAL (KG)
B115: ACERO LOSA VIA 1/2" CORRUGADO | E115: =+C6 -> TRAMO 1 | F115: =+D6 -> K0+000 | G115: =+E6 -> K0+853 | H115: =+F6 -> 853 | I115: =+L95 -> 6 | J115: 4 | K115: 0.99 | L115: 1.2 | M115: =ROUND(H115/L115,0)+1 -> 712 | N115: 0.85 | O115: =+K115*M115*N115 -> 599.148
E116: ACERO DE 1/2" LOSAS IRREGULARES
F117: ABSCISA | G117: AREA (M2) | K117: PESO (Kg/M2) | O117: CANTIDAD TOTAL (Kg)
F118: 0+000 | G118: 6 | K118: =10*0.994 -> 9.94 | O118: =G118*K118 -> 59.64
F119: 0+027,30 IZQ | G119: 3.5 | K119: =10*0.994 -> 9.94 | O119: =G119*K119 -> 34.79
F120: 0+120 IZQ | G120: 3.5 | K120: =10*0.994 -> 9.94 | O120: =G120*K120 -> 34.79
F121: O+592 DER | G121: 3.5 | K121: =10*0.994 -> 9.94 | O121: =G121*K121 -> 34.79
F122: 0+608,50 IZQ | G122: 3.5 | K122: =10*0.994 -> 9.94 | O122: =G122*K122 -> 34.79
F123: 670,97 IZQ | G123: 3.5 | K123: =10*0.994 -> 9.94 | O123: =G123*K123 -> 34.79
F124: 0+853 | G124: =2.63*2 -> 5.26 | K124: =10*0.994 -> 9.94 | O124: =G124*K124 -> 52.2844
E126: TOTAL | O126: =SUM(O115:O125) -> 885.0224
N127: TOTAL POR M3 | O127: =+O126/Q107 -> 0.68766309
B129: ACERO LOSA VIA 1-1/4" LISO | E129: =+E115 -> TRAMO 1 | F129: =+F115 -> K0+000 | G129: =+G115 -> K0+853 | H129: =+H115 -> 853 | I129: =+I115 -> 6 | J129: 10 | K129: 6.225 | L129: 0.3 | M129: =ROUND(((((H129/3.5)+1)*I129)/L129)+1,0) -> 4895 | N129: 0.45 | O129: =+K129*M129*N129 -> 13712.119
E135: TOTAL | O135: =SUM(O129:O131) -> 13712.119
N136: TOTAL POR M3 | O136: =+O135/Q107 -> 10.654327
B138: CORTE DE JUNTAS DEL PAVIMENTO RÍGIDO
B139: DESCRIPCION | K139: LONGITUD | L139: ANCHO | M139: LARGO LOSA | N139: JUNTA LONGITUDINAL | O139: JUNTA TRANSVERSAL | Q139: CANTIDAD TOTAL
B140: TRAMO 1 | K140: =+F6 -> 853 | L140: =+L95 -> 6 | M140: =3.5 -> 3.5 | N140: =K140 -> 853 | O140: =+((K140/M140)+1)*L140 -> 1468.2857 | Q140: =N140+O140 -> 2321.2857
B147: TOTAL | Q147: =SUM(Q140:Q142) -> 2321.2857
P148: TOTAL POR M3 | Q148: =+Q147/Q107 -> 1.8036408
B150: ACERO DE REFUERZO DE CANASTILLAS D=1/4" CORRUGADO
B151: DESCRIPCION | K151: LONGITUD | L151: @ | M151: # de Varillas por Seccion | N151: LONGITUD VARILLA | O151: LONGITUD TOTAL VARILLA X SECCION | P151: W (Kg/m) | Q151: W (KG)
B152: TRAMO 1 | K152: =K140 -> 853 | L152: =K152/3.5 -> 243.71429 | M152: 8 | N152: 2.8 | O152: =M152*N152 -> 22.4 | P152: 0.25 | Q152: =L152*O152*P152*2 -> 2729.6
B159: TOTAL | Q159: =SUM(Q152:Q158) -> 2729.6
P160: TOTAL POR KG | Q160: =+Q159/Q107 -> 2.1209013
B162: SELLO DE JUNTAS DEL PAVIMENTO RÍGIDO
B163: DESCRIPCION | K163: LONGITUD | L163: ANCHO | M163: LARGO LOSA | N163: JUNTA LONGITUDINAL | O163: JUNTA TRANSVERSAL | Q163: CANTIDAD TOTAL
B164: TRAMO 1 | K164: =+K140 -> 853 | L164: =+L140 -> 6 | M164: =3.5 -> 3.5 | N164: =K164 -> 853 | O164: =+((K164/M164)+1)*L164 -> 1468.2857 | Q164: =N164+O164 -> 2321.2857
B170: TOTAL | Q170: =SUM(Q164:Q166) -> 2321.2857
P171: TOTAL POR M3 | Q171: =+Q170/Q107 -> 1.8036408
B173: ITEM No | D173: =+PRESUPUESTO!C23 -> 710.2
B174: DESCRIPCION | D174: =+PRESUPUESTO!D23 -> Señal vertical de transito Tipo II (1,2*0,4) con lámina retroreflectiva
B175: UNIDAD | D175: =+PRESUPUESTO!E23 -> UND
B177: DESCRIPCION | Q177: CANTIDAD TOTAL
B178: FONSECA
B179: Velocidad máxima | Q179: 6
B180: Prohibido adelantar | Q180: 5
B181: Curva pronunciada a la derecha | Q181: 4
B182: Curva pronunciada a la izquierda | Q182: 3
B183: Curvas sucesivas la primera a la izquierda | Q183: 0
B184: Curva y contracurva pronunciada la primera a la derecha | Q184: 0
O187: TOTAL | Q187: =SUM(Q178:Q186) -> 18
B190: ITEM No | D190: =+PRESUPUESTO!C24 -> 700.1
B191: DESCRIPCION | D191: =+PRESUPUESTO!D24 -> Linea de demarcacion con pintura en frio
...

Sheet CORTE Y RELL
A1: MUNICIPIO DE FONSECA
A3: TRAMO 1
A4: Estación | B4: Área de relleno | C4: área de corte | D4: Llenar volumen | E4: Cortar volumen
A5: 0+000.00 | B5: 0 | C5: 1.78 | D5: 0 | E5: 0
A6: 0+010.00 | B6: 0 | C6: 2.04 | D6: 0 | E6: 19.1
A7: 0+020.00 | B7: 0.01 | C7: 1.53 | D7: 0.03 | E7: 17.86
A8: 0+030.00 | B8: 0.03 | C8: 1.2 | D8: 0.18 | E8: 13.67
A9: 0+040.00 | B9: 0.06 | C9: 0.64 | D9: 0.44 | E9: 9.21
A10: 0+050.00 | B10: 0 | C10: 1.65 | D10: 0.29 | E10: 11.47
A11: 0+060.00 | B11: 0 | C11: 1.92 | D11: 0 | E11: 17.9
A12: 0+070.00 | B12: 0.01 | C12: 1.49 | D12: 0.03 | E12: 17.05
A13: 0+080.00 | B13: 0.03 | C13: 0.77 | D13: 0.19 | E13: 11.27
A14: 0+090.00 | B14: 0.06 | C14: 0.69 | D14: 0.46 | E14: 7.3
A15: 0+100.00 | B15: 0.05 | C15: 1.15 | D15: 0.54 | E15: 9.2
A16: 0+110.00 | B16: 0.03 | C16: 0.82 | D16: 0.37 | E16: 9.83
... A90: 0+853.00 | B90: 0 | C90: 3.3 | D90: 0 | E90: 29.44
D91: =SUM(D5:D90) -> 14.48 | E91: =SUM(E5:E90) -> 1515.41
A92: 0+853.00 | B92: =(853*0.5*2) -> 853 | D92: =B92*0.15 -> 127.95
D93: =SUM(D91:D92) -> 142.43

Sheet INTERVENTORIA
B2: =+PRESUPUESTO!D2 -> "MEJORAMIENTO VIAL MEDIANTE LA CONSTRUCCIÓN DE PAVIMENTO RÍGIDO DE LA PRIMERA ETAPA DE LA VÍA QUE COMUNICA A LA VEREDA PONDORES EN EL CORREGIMIENTO DE CONEJO, MUNICIPIO DE FONSECA - DEPARTAMENTO DE LA GUAJIRA."
B4: CÁLCULO DETALLADO DEL VALOR DE LA INTERVENTORÍA
B5: N° | C5: CONCEPTO | D5: A | E5: B | F5: C | G5: D | H5: E | I5: F | J5: G
D6: SUELDO MES BÁSICO | E6: CANTIDAD | F6: % DE DEDICACIÓN | G6: F.M. | H6: VALOR MES (A * B * C * D) | I6: N° DE MESES | J6: TOTAL PARCIAL (E * F)
B7: 1 | C7: PERSONAL
B8: 1.1 | C8: PERSONAL DE SUPERVISIÓN
B9: 1.1.1 | C9: Director de Interventoría | D9: =+FP!C12 -> 6174985 | E9: 1 | F9: 0.5 | G9: =+FM!I39 -> 1.9929333 | H9: =ROUND(D9*E9*F9*G9,0) -> 6153167 | I9: =+AIU!F13 -> 4 | J9: =(H9*I9) -> 24612668
B10: 1.1.2 | C10: Residente de Interventoría | D10: =+FP!G12 -> 3434120.1 | E10: 1 | F10: 1 | G10: =+G9 -> 1.9929333 | H10: =ROUND(D10*E10*F10*G10,0) -> 6843972 | I10: =+AIU!J6 -> 3 | J10: =+(H10*I10) -> 20531916
B11: 1.1.3 | C11: Residente Siso de Interventoría | D11: =+FP!K12 -> 3434120.1 | E11: 1 | F11: 1 | G11: =+G10 -> 1.9929333 | H11: =ROUND(D11*E11*F11*G11,0) -> 6843972 | I11: =+I10 -> 3 | J11: =+(H11*I11) -> 20531916
B12: 1.1.4 | C12: Ingeniero Ambiental | D12: =+FP!I12 -> 3434120.1 | E12: 1 | F12: 1 | G12: =+G11 -> 1.9929333 | H12: =ROUND(D12*E12*F12*G12,0) -> 6843972 | I12: =+I11 -> 3 | J12: =+(H12*I12) -> 20531916
B13: 1.1.5 | C13: Inspector de obra | D13: =+FP!O12 -> 2935453 | E13: 1 | F13: 1 | G13: =+G12 -> 1.9929333 | H13: =ROUND(D13*E13*F13*G13,0) -> 5850162 | I13: =+I12 -> 3 | J13: =+(H13*I13) -> 17550486
B14: 1.1.6 | C14: Contador | D14: =FP!M12 -> 3737870.8 | E14: 1 | F14: 0.2 | G14: =G13 -> 1.9929333 | H14: =ROUND(D14*E14*F14*G14,0) -> 1489865 | I14: 4 | J14: =+(H14*I14) -> 5959460
B15: 1,2 | C15: PERSONAL DE APOYO
B16: 1,2,1 | C16: Secretaria | D16: =+FP!AG12 -> 1388166.7 | E16: 1 | F16: 1 | G16: =+G9 -> 1.9929333 | H16: =ROUND(D16*E16*F16*G16,0) -> 2766524 | I16: =+I13 -> 3 | J16: =+(H16*I16) -> 8299572
B17: 1,2,2 | C17: Topografo | D17: =+FP!W12 -> 1634033.3 | E17: 1 | F17: 1 | G17: =+G9 -> 1.9929333 | H17: =ROUND(D17*E17*F17*G17,0) -> 3256519 | I17: =+I16 -> 3 | J17: =+(H17*I17) -> 9769557
B18: 1,2,3 | C18: Cadenero | D18: =+FP!Y12 -> 1300000 | E18: 1 | F18: 1 | G18: =+G10 -> 1.9929333 | H18: =ROUND(D18*E18*F18*G18,0) -> 2590813 | I18: =+I17 -> 3 | J18: =+(H18*I18) -> 7772439
C19: SUBTOTAL COSTOS DE PERSONAL | J19: =SUM(J9:J18) -> 135559930 | L19: =SUM(J9:J13)*1.19 -> 1.2347309e+08 | M19: 857675840
B20: OTROS COSTOS DIRECTOS | L20: =SUM(J16:J18)*1.19 -> 30751466 | M20: 170189040
B21: 2 | C21: OTROS COSTOS DIRECTOS | D21: UND | F21: CANTIDAD | H21: VALOR UNITARIO | J21: VALOR TOTAL
B22: 2.1 | C22: Arriendo Oficina tipo bodega 22m2 | D22: Mes | F22: =+I18 -> 3 | H22: 1322331 | J22: =+(F22*H22) -> 3966993.1
B23: 2.2 | C23: Compra de radio telefonos para comunicaciones | D23: Mes | E23: =+F22 -> 3 | F23: 7 | H23: 150000 | J23: =+(F23*H23*E23) -> 3150000
B24: 2.3 | C24: Servicio de energia | D24: Mes | F24: =+F22 -> 3 | H24: =+AIU!J26 -> 250000 | J24: =+(F24*H24) -> 750000
B25: 2.4 | C25: Servicio de agua | D25: Mes | F25: =+F24 -> 3 | H25: =+AIU!J27 -> 250000 | J25: =+(F25*H25) -> 750000
B26: 2.5 | C26: Servicio de internet | D26: Mes | F26: =+F25 -> 3 | H26: =+AIU!J28 -> 250000 | J26: =+(F26*H26) -> 750000
B27: 2.6 | C27: Alquiler equipos de topografía | D27: Mes | E27: 1 | F27: =+F26 -> 3 | H27: =+AIU!J39 -> 1500000 | J27: =+(F27*H27) -> 4500000
B28: 2.7 | C28: Ensayos de laboratorios para control de calidad del proyecto | D28: Mes | F28: 1 | H28: =+ENSAYOS!I82 -> 10793076 | J28: =+(F28*H28) -> 10793076
B29: 2.8 | C29: Alquiler de camioneta 4x4 cilindraje 3000 cm3, incluye conductor | D29: Mes | F29: =+F27 -> 3 | H29: =+AIU!J40 -> 7000000 | J29: =+(H29*F29) -> 21000000
B30: 2.9 | C30: Alquiler equipos de oficina (computadores) | D30: Mes | E30: =+F29 -> 3 | F30: 7 | H30: =+AIU!J41 -> 0 | J30: =+(E30*H30*F30) -> 0
B31: 2.1 | C31: Papeleria, copias e impresiones | D31: Mes | F31: =+F29 -> 3 | H31: 241237.73 | J31: =+(H31*F31) -> 723713.18
C33: SUBTOTAL OTROS COSTOS DIRECTOS | J33: =SUM(J22:J31) -> 46383783 | L33: =J33*1.19 -> 55196701 | M33: 784686000
B34: COSTOS DE LEGALIZACIÓN Y PÓLIZAS
B35: 3 | C35: LEGALIZACIÓN Y PÓLIZAS | D35: UND | F35: CANTIDAD | H35: VALOR UNITARIO | J35: VALOR TOTAL
B36: 3.1 | C36: ESTAMPILLA PROCULTURA | D36: PORCENTAJE | F36: 0.015 | H36: =(J33+J19)*F36 -> 2729155.7 | J36: =H36 -> 2729155.7
B37: 3.2 | C37: ESTAMPILLA ADULTO MAYOR | D37: PORCENTAJE | F37: =0.04 -> 0.04 | H37: =(J33+J19)*F37 -> 7277748.5 | J37: =H37 -> 7277748.5
B38: 3.3 | C38: ESTAMPILLA PRO UNIVERSIDAD | D38: PORCENTAJE | F38: =0.02 -> 0.02 | H38: =(J33+J19)*F38 -> 3638874.3 | J38: =H38 -> 3638874.3
B39: 3.4 | C39: ESTAMPILLA PRO DESARROLLO DEPARTAMENTAL | D39: PORCENTAJE | F39: =0.02 -> 0.02 | H39: =(J33+J19)*F39 -> 3638874.3 | J39: =H39 -> 3638874.3
B40: 3.5 | C40: ESTAMPILLA PRO DESARROLLO FRONTERIZO | D40: PORCENTAJE | F40: =0.02 -> 0.02 | H40: =(J33+J19)*F40 -> 3638874.3 | J40: =H40 -> 3638874.3
B41: 3.6 | C41: TASA PRO DEPORTE Y RECREACIÓN | D41: PORCENTAJE | F41: =0.015 -> 0.015 | H41: =(J33+J19)*F41 -> 2729155.7 | J41: =H41 -> 2729155.7
B42: 3.7 | C42: ESTAMPILLA PARA LA JUSTICIA FAMILIAR | D42: PORCENTAJE | F42: 0.02 | H42: =(J33+J19)*F42 -> 3638874.3 | J42: =H42 -> 3638874.3
B43: 3.8 | C43: PÓLIZAS | D43: PORCENTAJE | F43: 0.01 | H43: =(J39+J25)*F43 -> 43888.743 | J43: =H43 -> 43888.743
B44: SUBTOTAL COSTOS DE LEGALIZACIÓN Y PÓLIZAS | J44: =SUM(J36:J43) -> 27335446
B45: RESUMEN GENERAL
C46: COSTO TOTAL (1 + 2+3) | J46: =+(J33+J19+J44) -> 2.0927916e+08
C47: IVA (19%) | J47: =+(J46*19%) -> 39763040
C48: VALOR TOTAL OFERTA | J48: =+ROUND(J47+J46,0) -> 249042198 | L48: =SUM(L19:L33) -> 2.0942126e+08
B61: =+AIU!B72 -> JESUS EDUARDO ROBLES SMITH
B62: =+AIU!B73 -> INGENIERO CIVIL
B63: =+AIU!B74 -> M.P. 25202-316144 CND

Sheet Loc
A7: =+PRESUPUESTO!D2 -> "MEJORAMIENTO VIAL MEDIANTE LA CONSTRUCCIÓN DE PAVIMENTO RÍGIDO DE LA PRIMERA ETAPA DE LA VÍA QUE COMUNICA A LA VEREDA PONDORES EN EL CORREGIMIENTO DE CONEJO, MUNICIPIO DE FONSECA - DEPARTAMENTO DE LA GUAJIRA."
A11: LOCALIZACIÓN CANTERAS
A12: CANTERA | E12: DISTANCIA
A13: Distancia Cemento - Tuberia - Materiales varios | E13: 145 | F13: Km
A14: Distancia Triturado | E14: 78 | F14: Km
A15: Distancia Arena | E15: 78 | F15: Km
A16: Distancia Recebo | E16: 78 | F16: Km
A17: Distancia Sitio de Disposición Final | E17: 22 | F17: Km
A23: Elaboró:

Sheet APU-Básicos
D3: ANÁLISIS DE PRECIOS UNITARIOS
A7: =+PRESUPUESTO!$D$2 -> "MEJORAMIENTO VIAL MEDIANTE LA CONSTRUCCIÓN DE PAVIMENTO RÍGIDO DE LA PRIMERA ETAPA DE LA VÍA QUE COMUNICA A LA VEREDA PONDORES EN EL CORREGIMIENTO DE CONEJO, MUNICIPIO DE FONSECA - DEPARTAMENTO DE LA GUAJIRA." | F7: ESPECIFICACIÓN: BÁSICO
A10: ÍTEM: CONCRETO 2000 PSI | F10: UNIDAD: | G10: M3
A12: I. EQUIPO
A13: Descripción | D13: Tarifa Hora | E13: Rendimiento | F13: Valor Unitario
A14: Mezcladora de Concreto | D14: =+Equ!$D$21 -> 15000 | E14: 1.7 | F14: =+ROUND(D14/E14,0) -> 8824
A15: Vibrador de Concreto | D15: =+Equ!$D$22 -> 7500 | E15: 1.7 | F15: =+ROUND(D15/E15,0) -> 4412
A16: Herramienta Menor M.O. | B16: 0.1 | F16: 8906
F19: Sub - Total | G19: =SUM(F14:F18) -> 22142
A20: II. MATERIALES EN OBRA
A21: Descripción | B21: Unidad | C21: Precio Unit. | D21: Cantidad | E21: Desperdicio | F21: Valor Unitario
A22: Cemento | B22: Kg | C22: =+Sum!$D$13 -> 700 | D22: 260 | E22: 0.03 | F22: =+ROUND((C22*D22)+(C22*D22*E22),0) -> 187460
A23: Triturado | B23: M3 | C23: =+Sum!$D$14 -> 85000 | D23: 0.82 | E23: 0.04 | F23: =+ROUND((C23*D23)+(C23*D23*E23),0) -> 72488
A24: Arena | B24: M3 | C24: =+Sum!$D$15 -> 65000 | D24: 0.62 | E24: 0.03 | F24: =+ROUND((C24*D24)+(C24*D24*E24),0) -> 41509
A25: Agua | B25: Lt | C25: =+Sum!$D$17 -> 192.9 | D25: 185 | E25: 0.02 | F25: =+ROUND((C25*D25)+(C25*D25*E25),0) -> 36400
A26: Formaleta | B26: M2 | C26: =+Sum!$D$24 -> 18500 | D26: 1 | E26: 0.03 | F26: =+ROUND((C26*D26)+(C26*D26*E26),0) -> 19055
F28: Sub - Total | G28: =SUM(F22:F27) -> 356912
A29: III. TRANSPORTES
A30: Material | B30: Vol-Pes-Cant. | C30: Distancia | D30: M3-Km | E30: Tarifa | F30: Valor Unitario
A31: Cemento | B31: =+D22 -> 260 | C31: =+Loc!$E$13 -> 145 | D31: =+B31*C31 -> 37700 | E31: 1 | F31: =ROUND(E31*D31,0) -> 37700
A32: Triturado | B32: =+D23 -> 0.82 | C32: 52 | D32: =+B32*C32 -> 42.64 | E32: 1500 | F32: =ROUND(E32*D32,0) -> 63960
A33: Arena | B33: =+D24 -> 0.62 | C33: 52 | D33: =+B33*C33 -> 32.24 | E33: 1500 | F33: =ROUND(E33*D33,0) -> 48360
F35: Sub - Total | G35: =SUM(F31:F34) -> 150020
A36: IV. MANO DE OBRA
A37: Trabajador | B37: Jornal | C37: Prestaciones | D37: Jornal Total | E37: Rendimiento | F37: Valor Unitario
A38: 2 Oficiales | B38: =52202*2 -> 104404 | C38: 1.58 | D38: =C38*B38 -> 164958.32 | E38: 6.94 | F38: =ROUND(D38/E38,0) -> 23769
A39: 6 Obreros | B39: =40084*6 -> 240504 | C39: 1.86 | D39: =C39*B39 -> 447337.44 | E39: =+E38 -> 6.94 | F39: =ROUND(D39/E39,0) -> 64458
F42: Sub - Total | G42: =SUM(F38:F41) -> 88227
D44: TOTAL COSTO DIRECTO | G44: =ROUND(G19+G28+G35+G42,0) -> 617301
A46: V. COSTOS INDIRECTOS
A47: Descripción | E47: Porcentaje | F47: Valor total
A48: Administración | E48: 0.22 | F48: =ROUND($G$44*E48,0) -> 135806
A49: Imprevistos | E49: 0.05 | F49: =ROUND($G$44*E49,0) -> 30865
A50: Utilidad | E50: 0.03 | F50: =ROUND($G$44*E50,0) -> 18519
F51: Sub - Total | G51: =SUM(F48:F50) -> 185190
A52: Elaboró:
D53: COSTO TOTAL APROXIMADO AL PESO | G53: =ROUND(G44+G51,0) -> 802491
A54: Ing. Lucy Elisabeth Rosero Burbano
A55: M.P. 52202 - 312467 NRÑ
D58: ANÁLISIS DE PRECIOS UNITARIOS
A62: =+A7 -> "MEJORAMIENTO VIAL MEDIANTE LA CONSTRUCCIÓN DE PAVIMENTO RÍGIDO DE LA PRIMERA ETAPA DE LA VÍA QUE COMUNICA A LA VEREDA PONDORES EN EL CORREGIMIENTO DE CONEJO, MUNICIPIO DE FONSECA - DEPARTAMENTO DE LA GUAJIRA." | F62: ESPECIFICACIÓN: BÁSICO
A65: ÍTEM: CONCRETO 2500 PSI | F65: UNIDAD: | G65: M3
A67: I. EQUIPO
A68: Descripción | D68: Tarifa Hora | E68: Rendimiento | F68: Valor Unitario
A69: Mezcladora de Concreto | D69: =+Equ!$D$21 -> 15000 | E69: 1.5 | F69: =+ROUND(D69/E69,0) -> 10000
A70: Vibrador de Concreto | D70: =+Equ!$D$22 -> 7500 | E70: 1.5 | F70: =+ROUND(D70/E70,0) -> 5000
A71: Herramienta Menor M.O. | B71: 0.1 | F71: 8906
F74: Sub - Total | G74: =SUM(F69:F73) -> 23906
A75: II. MATERIALES EN OBRA
A76: Descripción | B76: Unidad | C76: Precio Unit. | D76: Cantidad | E76: Desperdicio | F76: Valor Unitario
A77: Cemento | B77: Kg | C77: =+Sum!$D$13 -> 700 | D77: 305 | E77: 0.03 | F77: =+ROUND((C77*D77)+(C77*D77*E77),0) -> 219905
A78: Triturado | B78: M3 | C78: =+Sum!$D$14 -> 85000 | D78: 0.77 | E78: 0.04 | F78: =+ROUND((C78*D78)+(C78*D78*E78),0) -> 68068
A79: Arena | B79: M3 | C79: =+Sum!$D$15 -> 65000 | D79: 0.77 | E79: 0.03 | F79: =+ROUND((C79*D79)+(C79*D79*E79),0) -> 51552
A80: Agua | B80: Lt | C80: =+Sum!$D$17 -> 192.9 | D80: 198 | E80: 0.02 | F80: =+ROUND((C80*D80)+(C80*D80*E80),0) -> 38958
A81: Formaleta | B81: M2 | C81: =+Sum!$D$24 -> 18500 | D81: 1 | E81: 0.03 | F81: =+ROUND((C81*D81)+(C81*D81*E81),0) -> 19055
F83: Sub - Total | G83: =SUM(F77:F82) -> 397538
A84: III. TRANSPORTES
A85: Material | B85: Vol-Pes-Cant. | C85: Distancia | D85: M3-Km | E85: Tarifa | F85: Valor Unitario
A86: Cemento | B86: =+D77 -> 305 | C86: =+Loc!$E$13 -> 145 | D86: =+B86*C86 -> 44225 | E86: 1 | F86: =ROUND(E86*D86,0) -> 44225
A87: Triturado | B87: =+D78 -> 0.77 | C87: 52 | D87: =+B87*C87 -> 40.04 | E87: 1500 | F87: =ROUND(E87*D87,0) -> 60060
A88: Arena | B88: =+D79 -> 0.77 | C88: 52 | D88: =+B88*C88 -> 40.04 | E88: 1500 | F88: =ROUND(E88*D88,0) -> 60060
F90: Sub - Total | G90: =SUM(F86:F89) -> 164345
A91: IV. MANO DE OBRA
A92: Trabajador | B92: Jornal | C92: Prestaciones | D92: Jornal Total | E92: Rendimiento | F92: Valor Unitario
A93: 2 Oficiales | B93: =52202*2 -> 104404 | C93: 1.58 | D93: =C93*B93 -> 164958.32 | E93: 6.94 | F93: =ROUND(D93/E93,0) -> 23769
A94: 6 Obreros | B94: =40084*6 -> 240504 | C94: 1.86 | D94: =C94*B94 -> 447337.44 | E94: =+E93 -> 6.94 | F94: =ROUND(D94/E94,0) -> 64458
F97: Sub - Total | G97: =SUM(F93:F96) -> 88227
D99: TOTAL COSTO DIRECTO | G99: =ROUND(G74+G83+G90+G97,0) -> 674016
A101: V. COSTOS INDIRECTOS
A102: Descripción | E102: Porcentaje | F102: Valor total
A103: Administración | E103: 0.22 | F103: =ROUND($G$44*E103,0) -> 135806
A104: Imprevistos | E104: 0.05 | F104: =ROUND($G$44*E104,0) -> 30865
A105: Utilidad | E105: 0.03 | F105: =ROUND($G$44*E105,0) -> 18519
F106: Sub - Total | G106: =SUM(F103:F105) -> 185190
A107: Elaboró:
D108: COSTO TOTAL APROXIMADO AL PESO | G108: =ROUND(G99+G106,0) -> 859206
A109: Ing. Lucy Elisabeth Rosero Burbano
A110: M.P. 52202 - 312467 NRÑ
D113: ANÁLISIS DE PRECIOS UNITARIOS
A117: =+A7 -> "MEJORAMIENTO VIAL MEDIANTE LA CONSTRUCCIÓN DE PAVIMENTO RÍGIDO DE LA PRIMERA ETAPA DE LA VÍA QUE COMUNICA A LA VEREDA PONDORES EN EL CORREGIMIENTO DE CONEJO, MUNICIPIO DE FONSECA - DEPARTAMENTO DE LA GUAJIRA." | F117: ESPECIFICACIÓN: BÁSICO
A120: ÍTEM: CONCRETO 3000 PSI | F120: UNIDAD: | G120: M3
A122: I. EQUIPO
A123: Descripción | D123: Tarifa Hora | E123: Rendimiento | F123: Valor Unitario
A124: Mezcladora de Concreto | D124: =+Equ!$D$21 -> 15000 | E124: 1 | F124: =+ROUND(D124/E124,0) -> 15000
A125: Vibrador de Concreto | D125: =+Equ!$D$22 -> 7500 | E125: 1 | F125: =+ROUND(D125/E125,0) -> 7500
A126: Herramienta Menor M.O.
F129: Sub - Total | G129: =SUM(F124:F128) -> 22500
A130: II. MATERIALES EN OBRA
A131: Descripción | B131: Unidad | C131: Precio Unit. | D131: Cantidad | E131: Desperdicio | F131: Valor Unitario
A132: Cemento | B132: Kg | C132: =+Sum!$D$13 -> 700 | D132: 400 | E132: 0.03 | F132: =+ROUND((C132*D132)+(C132*D132*E132),0) -> 288400
A133: Triturado | B133: M3 | C133: =+Sum!$D$14 -> 85000 | D133: 0.6 | E133: 0.04 | F133: =+ROUND((C133*D133)+(C133*D133*E133),0) -> 53040
A134: Arena | B134: M3 | C134: =+Sum!$D$15 -> 65000 | D134: 0.76 | E134: 0.03 | F134: =+ROUND((C134*D134)+(C134*D134*E134),0) -> 50882
A135: Agua | B135: Lt | C135: =+Sum!$D$17 -> 192.9 | D135: 210 | E135: 0.02 | F135: =+ROUND((C135*D135)+(C135*D135*E135),0) -> 41319
A136: Formaleta | B136: M2 | C136: =+Sum!$D$24 -> 18500 | D136: 1 | E136: 0.03 | F136: =+ROUND((C136*D136)+(C136*D136*E136),0) -> 19055
F138: Sub - Total | G138: =SUM(F132:F137) -> 452696
A139: III. TRANSPORTES
A140: Material | B140: Vol-Pes-Cant. | C140: Distancia | D140: M3-Km | E140: Tarifa | F140: Valor Unitario
A141: Cemento | B141: =+D132 -> 400 | C141: =+Loc!$E$13 -> 145 | D141: =+B141*C141 -> 58000 | E141: 0.5 | F141: =ROUND(E141*D141,0) -> 29000
A142: Triturado | B142: =+D133 -> 0.6 | C142: 52 | D142: =+B142*C142 -> 31.2 | E142: 1500 | F142: =ROUND(E142*D142,0) -> 46800
A143: Arena | B143: =+D134 -> 0.76 | C143: 52 | D143: =+B143*C143 -> 39.52 | E143: 1500 | F143: =ROUND(E143*D143,0) -> 59280
...

Sheet 1,01(2)
A2: REPÚBLICA DE COLOMBIA
A3: DEPARTAMENTO DE NARIÑO | D3: ANÁLISIS DE PRECIOS UNITARIOS
A4: MUNICIPIO DE GUALMATÁN
A7: =+'APU-Básicos'!A7 -> "MEJORAMIENTO VIAL MEDIANTE LA CONSTRUCCIÓN DE PAVIMENTO RÍGIDO DE LA PRIMERA ETAPA DE LA VÍA QUE COMUNICA A LA VEREDA PONDORES EN EL CORREGIMIENTO DE CONEJO, MUNICIPIO DE FONSECA - DEPARTAMENTO DE LA GUAJIRA." | F7: ESPECIFICACIÓN: 1,01
A10: ÍTEM: LOCALIZACIÓN Y REPLANTEO | F10: UNIDAD: | G10: ML
A12: I. EQUIPO
A13: Descripción | D13: Tarifa Hora | E13: Rendimiento | F13: Valor Unitario
A14: Equipo de Topografía | D14: =+Equ!D10 -> 0 | E14: 18 | F14: =ROUND(D14/E14,0) -> 0
A15: Herramienta Menor | B15: 0.1 | F15: =+ROUND(B15*G43,0) -> 149
F19: Sub - Total | G19: =SUM(F14:F18) -> 149
A20: II. MATERIALES EN OBRA
A21: Descripción | C21: Unidad | D21: Precio Unit. | E21: Cantidad | F21: Valor Unitario
A22: Clavos | C22: LB | D22: =+Sum!D27 -> 3500 | E22: 0.01 | F22: =+D22*E22 -> 35
A23: Estaca 2"x2"x0.50m | C23: UND | D23: =+Sum!D23 -> 600 | E23: 0.2 | F23: =ROUND(D23*E23,0) -> 120
F27: Sub - Total | G27: =SUM(F22:F26) -> 155
A28: III. TRANSPORTES
A29: Material | B29: Vol-Pes-Cant. | C29: Distancia | D29: M3-Km | E29: Tarifa | F29: Valor Unitario
F35: Sub - Total | G35: =SUM(F30:F34) -> 0
A36: IV. MANO DE OBRA
A37: Trabajador | B37: Jornal | C37: Pretaciones | D37: Jornal Total | E37: Rendimiento | F37: Valor Unitario
A38: 1 Topógrafo | B38: 65719 | C38: 1.7164 | D38: =ROUND(C38*B38,0) -> 112800 | E38: 196 | F38: =ROUND(D38/E38,0) -> 576
A39: 2 Cadeneros | B39: =52202*2 -> 104404 | C39: =+C38 -> 1.7164 | D39: =ROUND(C39*B39,0) -> 179199 | E39: =E38 -> 196 | F39: =ROUND(D39/E39,0) -> 914
F43: Sub - Total | G43: =SUM(F38:F42) -> 1490
D45: TOTAL COSTO DIRECTO | G45: =ROUND(G19+G27+G35+G43,0) -> 1794
A47: V. COSTOS INDIRECTOS
A48: Descripción | E48: Porcentaje | F48: Valor total
A49: Administración | E49: 0.26 | F49: =ROUND($G$45*E49,0) -> 466
A50: Utilidad | E50: 0.04 | F50: =ROUND($G$45*E50,0) -> 72
A51: Imprevistos | E51: 0.02 | F51: =ROUND($G$45*E51,0) -> 36
F52: Sub - Total | G52: =ROUND(SUM(F49:F51),) -> 574
A53: Elaboró:
D54: COSTO TOTAL APROXIMADO AL PESO | G54: =ROUND(G45+G52,) -> 2368
A55: Ing. Lucy Elisabeth Rosero Burbano
A56: M.P. 52202 - 312467 NRÑ

Sheet 1,02(2)
A2: REPÚBLICA DE COLOMBIA
A3: DEPARTAMENTO DE NARIÑO | D3: ANÁLISIS DE PRECIOS UNITARIOS
A4: MUNICIPIO DE GUALMATÁN
A7: =+'APU-Básicos'!A7 -> "MEJORAMIENTO VIAL MEDIANTE LA CONSTRUCCIÓN DE PAVIMENTO RÍGIDO DE LA PRIMERA ETAPA DE LA VÍA QUE COMUNICA A LA VEREDA PONDORES EN EL CORREGIMIENTO DE CONEJO, MUNICIPIO DE FONSECA - DEPARTAMENTO DE LA GUAJIRA." | F7: ESPECIFICACIÓN: 1,02
A10: ÍTEM: AISLAMIENTO PREVENTIVO (70% REUTILIZACIÓN) | F10: UNIDAD: | G10: ML
A12: I. EQUIPO
A13: Descripción | D13: Tarifa Hora | E13: Rendimiento | F13: Valor Unitario
A14: Herramienta Menor | B14: 0.1 | F14: =+ROUND(B14*G43,0) -> 224
F19: Sub - Total | G19: =SUM(F14:F18) -> 224
A20: II. MATERIALES EN OBRA
A21: Descripción | C21: Unidad | D21: Precio Unit. | E21: Cantidad | F21: Valor Unitario
A22: Guadua | C22: Und | D22: =+Sum!#REF! -> #REF! | E22: 0.1 | F22: =+D22*E22 -> #REF!
A23: Varenga | C23: Und | D23: =+Sum!#REF! -> #REF! | E23: 0.1 | F23: =+D23*E23 -> #REF!
A24: Alambre Galvanizado | C24: Kg | D24: =+Sum!D35 -> 10800 | E24: 0.01 | F24: =+D24*E24 -> 108
A25: Polisombra | C25: Und | D25: =+Sum!#REF! -> #REF! | E25: 1 | F25: =+D25*E25 -> #REF!
A26: Clavos | C26: Lb | D26: =+Sum!D27 -> 3500 | E26: 0.02 | F26: =+D26*E26 -> 70
F28: Sub - Total | G28: =SUM(F22:F27) -> #REF!
A29: III. TRANSPORTES
A30: Material | B30: Vol-Pes-Cant. | C30: Distancia | D30: M3-Km | E30: Tarifa | F30: Valor Unitario
F35: Sub - Total | G35: =SUM(F31:F34) -> 0
A36: IV. MANO DE OBRA
A37: Trabajador | B37: Jornal | C37: Pretaciones | D37: Jornal Total | E37: Rendimiento | F37: Valor Unitario
A38: 1 Oficial | B38: 52202 | C38: 1.7164 | D38: =ROUND(C38*B38,0) -> 89600 | E38: =8.85*8 -> 70.8 | F38: =ROUND(D38/E38,0) -> 1266
A39: 1 Obrero | B39: 40084 | C39: =+C38 -> 1.7164 | D39: =ROUND(C39*B39,0) -> 68800 | E39: =E38 -> 70.8 | F39: =ROUND(D39/E39,0) -> 972
F43: Sub - Total | G43: =SUM(F38:F42) -> 2238
D45: TOTAL COSTO DIRECTO | G45: =ROUND(G19+G28+G35+G43,0) -> #REF!
A47: V. COSTOS INDIRECTOS
A48: Descripción | E48: Porcentaje | F48: Valor total
A49: Administración | E49: 0.26 | F49: =ROUND($G$45*E49,0) -> #REF!
A50: Utilidad | E50: 0.04 | F50: =ROUND($G$45*E50,0) -> #REF!
A51: Imprevistos | E51: 0.02 | F51: =ROUND($G$45*E51,0) -> #REF!
F52: Sub - Total | G52: =ROUND(SUM(F49:F51),) -> #REF!
A53: Elaboró:
D54: COSTO TOTAL APROXIMADO AL PESO | G54: =ROUND(G45+G52,) -> #REF!
A55: Ing. Lucy Elisabeth Rosero Burbano
A56: M.P. 52202 - 312467 NRÑ

Sheet Replanteo
D3: ANÁLISIS DE PRECIOS UNITARIOS
A7: =+'APU-Básicos'!A7 -> "MEJORAMIENTO VIAL MEDIANTE LA CONSTRUCCIÓN DE PAVIMENTO RÍGIDO DE LA PRIMERA ETAPA DE LA VÍA QUE COMUNICA A LA VEREDA PONDORES EN EL CORREGIMIENTO DE CONEJO, MUNICIPIO DE FONSECA - DEPARTAMENTO DE LA GUAJIRA." | F7: ESPECIFICACIÓN: 200P
A10: ÍTEM: LOCALIZACIÓN Y REPLANTEO | F10: UNIDAD: | G10: ML
A12: I. EQUIPO
A13: Descripción | D13: Tarifa Hora | E13: Rendimiento | F13: Valor Unitario
A14: Equipo de Topografía | D14: =+Equ!D10 -> 0 | E14: 30 | F14: =+ROUND(D14/E14,0) -> 0
A15: Herramienta Menor | B15: 0.1 | F15: =+ROUND(B15*G43,0) -> 105
F19: Sub - Total | G19: =SUM(F14:F18) -> 105
A20: II. MATERIALES EN OBRA
A21: Descripción | C21: Unidad | D21: Precio Unit. | E21: Cantidad | F21: Valor Unitario
A22: Clavos | C22: Lb | D22: =+Sum!D27 -> 3500 | E22: 0.01 | F22: =+ROUND(D22*E22,0) -> 35
A23: Estacas | C23: Und | D23: =+Sum!D23 -> 600 | E23: 0.2 | F23: =+ROUND(D23*E23,0) -> 120
F27: Sub - Total | G27: =SUM(F22:F26) -> 155
A28: III. TRANSPORTES
A29: Material | B29: Vol-Pes-Cant. | C29: Distancia | D29: M3-Km | E29: Tarifa | F29: Valor Unitario
F35: Sub - Total | G35: =SUM(F30:F34) -> 0
A36: IV. MANO DE OBRA
A37: Trabajador | B37: Jornal | C37: Pretaciones | D37: Jornal Total | E37: Rendimiento | F37: Valor Unitario
A38: 1 Oficial | B38: 52202 | C38: 1.58 | D38: =ROUND(C38*B38,0) -> 82479 | E38: 220 | F38: =ROUND(D38/E38,0) -> 375
A39: 2 Obreros | B39: =40084*2 -> 80168 | C39: 1.86 | D39: =ROUND(C39*B39,0) -> 149112 | E39: =E38 -> 220 | F39: =ROUND(D39/E39,0) -> 678
F43: Sub - Total | G43: =SUM(F38:F42) -> 1053
D45: TOTAL COSTO DIRECTO | G45: =ROUND(G19+G27+G35+G43,0) -> 1313
A47: V. COSTOS INDIRECTOS
A48: Descripción | E48: Porcentaje | F48: Valor total
A49: Administración | E49: 0.22 | F49: =ROUND($G$45*E49,0) -> 289
A50: Utilidad | E50: 0.05 | F50: =ROUND($G$45*E50,0) -> 66
A51: Imprevistos | E51: 0.03 | F51: =ROUND($G$45*E51,0) -> 39
F52: Sub - Total | G52: =ROUND(SUM(F49:F51),) -> 394
A53: Elaboró:
D54: COSTO TOTAL APROXIMADO AL PESO | G54: 0

Sheet ENSAYOS
B1: Longitud via (m) | C1: =+CANTIDADES!F10 -> 853
B2: Lote de muestreo (m) | C2: 250 | D2: Articulo 420-INVE | E2: numeral 420.5.2.3
B3: Numero de lotes | C3: =+C1/C2 -> 3.412
B4: Tiempo de ejecucion del proyecto (meses) | C4: 0.5
B6: ENSAYOS CONTRATISTA
B7: RELACION DE ENSAYOS DE AUTOCONTROL DE CALIDAD PARA LA EJECUCION DEL PROYECTO
A8: ITEM | B8: ACTIVIDAD | C8: TIPO DE ENSAYO | D8: NORMA | E8: # DE MUESTRAS | F8: # DE ENSAYOS POR MUESTRA | G8: CANTIDAD TOAL | H8: V/UNITARIO (incluido IVA) | I8: V/TOTAL | J8: ESPECIFICACIONES INVIAS | K8: INDICACION
A9: =+PRESUPUESTO!B11 -> 1,1 | B9: =+PRESUPUESTO!D11 -> Desmonte y limpieza en zonas no boscosas | C9: NO APLICA | G9: 0 | H9: 0 | I9: =+G9*H9 -> 0 | J9: Articulo 200 | K9: NO APLICA
A10: =+PRESUPUESTO!B12 -> 1,2 | B10: =+PRESUPUESTO!D12 -> Excavaciones en material común de la explanación y canales | C10: NO APLICA | G10: 0 | H10: 0 | I10: =+G10*H10 -> 0 | J10: Articulo 210-13 Capitulo 2 Explanaciones | K10: NO APLICA
A11: =+PRESUPUESTO!B13 -> 1,3 | B11: =+PRESUPUESTO!D13 -> Transporte de materiales provenientes de la excavación de la explanación, canales y préstamos para distancias mayores de mil metros (1000 m) | C11: NO APLICA | G11: =0 -> 0 | H11: 0 | I11: =+G11*H11 -> 0 | J11: Articulo 900-13 Capitulo 9 Transporte | K11: NO APLICA
A12: =+PRESUPUESTO!B17 -> 2,1 | B12: Terraplenes | C12: Determinacion de los tamaños de las particulas de los suelos | D12: INV E - 123 - 13 | E12: =30*$C$4 -> 15 | F12: 1 | G12: =+E12*F12 -> 15 | H12: =42500*1.19 -> 50575 | I12: =+G12*H12 -> 758625 | J12: Articulo 220-13 Capitulo 2 Explanaciones | K12: 1 vez por jornada
C13: Determinacion del contenido organico de un suelo mediante el ensayo de perdida por ignicion | D13: INV E - 121 - 13 | E13: =4*$C$4 -> 2 | F13: 1 | G13: =+E13*F13 -> 2 | H13: =50000*1.19 -> 59500 | I13: =+G13*H13 -> 119000 | K13: 1 vez a la semana
C14: Limite plastico e indice de plasticidad de los suelos inalterados | D14: INV E - 126 - 13 | E14: =30*$C$4 -> 15 | F14: 1 | G14: =+E14*F14 -> 15 | H14: =54700*1.19 -> 65093 | I14: =+G14*H14 -> 976395 | K14: 1 vez por jornada
C15: Determinacion del limite liquido de los suelos | D15: INV E - 125 - 13 | E15: =30*$C$4 -> 15 | F15: 1 | G15: =+E15*F15 -> 15 | H15: =50000*1.19 -> 59500 | I15: =+G15*H15 -> 892500 | K15: 1 vez por jornada
C16: CBR de suelos compactados en el laboratorio y sobre muestra inalterada | D16: INV E - 148 -13 | E16: =1*$C$4 -> 0.5 | F16: 1 | G16: =+E16*F16 -> 0.5 | H16: =280000*1.19 -> 333200 | I16: =+G16*H16 -> 166600 | K16: 1 vez por mes
C17: Determinación del indice de colapso | D17: INV E - 157 - 13 | E17: =1*$C$4 -> 0.5 | F17: 1 | G17: =+E17*F17 -> 0.5 | H17: =38124.22*1.19 -> 45367.822 | I17: =+G17*H17 -> 22683.911 | K17: 1 vez por mes
C18: Relaciones de humedad - peso unitario seco en los suelos (ensayo modificado de compactacion) | D18: INV E - 142 - 13 | E18: =4*$C$4 -> 2 | F18: 1 | G18: =+E18*F18 -> 2 | H18: =115000*1.19 -> 136850 | I18: =+G18*H18 -> 273700 | K18: 1 vez a la semana
C19: Determinación del contenido de sales solubles | D19: INV E - 611 -13 | E19: =4*$C$4 -> 2 | F19: 1 | G19: =+E19*F19 -> 2 | H19: =60000*1.19 -> 71400 | I19: =+G19*H19 -> 142800 | K19: 1 vez a la semana
A20: =+PRESUPUESTO!B18 -> 2,2 | B20: BASE GRANULAR CLASE C | C20: Resistencia a la degradacion de los agregados de tamaños menores de 37,5 mm por medio de la maquina de los angeles | D20: INV E - 218 -13 | E20: 4 | F20: 3 | G20: =+E20*F20 -> 12 | H20: =198400*1.19 -> 236096 | I20: =+G20*H20 -> 2833152 | J20: Articulo 320-13 Capitulo 3 Afirmados Subbases Bases | K20: "De cada fuente de agregados pétreos y para cualquier volumen previsto se tomarán cuatro (4) muestras representativas para realizar los ensayos especificados en la Tabla 320 ‐ 2"
C21: Determinacion de la resistencia del agregado grueso a la degradacion por abrasion utilizando el aparato micro-deval | D21: INV E - 238 -13 | E21: 4 | F21: 3 | G21: =+E21*F21 -> 12 | H21: =373000*1.19 -> 443870 | I21: =+G21*H21 -> 5326440
C22: Solidez de los agregados frente a la accion de soluciones de sulfato de sodio o magnesio | D22: INV E - 220 -13 | E22: 4 | F22: 3 | G22: =+E22*F22 -> 12 | H22: =355800*1.19 -> 423402 | I22: =+G22*H22 -> 5080824
C23: Determinacion del limite liquido de los suelos | D23: INV E - 125 - 13 | E23: 4 | F23: 3 | G23: =+E23*F23 -> 12 | H23: =50000*1.19 -> 59500 | I23: =+G23*H23 -> 714000
C24: Limite plastico e indice de plasticidad de los suelos | D24: INV E - 126 - 13 | E24: 4 | F24: 3 | G24: =+E24*F24 -> 12 | H24: =54700*1.19 -> 65093 | I24: =+G24*H24 -> 781116
C25: Equivalente de arena de suelos y agregados finos | D25: INV E - 133 -13 | E25: 4 | F25: 3 | G25: =+E25*F25 -> 12 | H25: =97000*1.19 -> 115430 | I25: =+G25*H25 -> 1385160
C26: Determinacion de terrones de arcilla y particulas deleznables en los agregados | D26: INV E - 211 -13 | E26: 4 | F26: 3 | G26: =+E26*F26 -> 12 | H26: =59200*1.19 -> 70448 | I26: =+G26*H26 -> 845376
C27: CBR de suelos compactados en el laboratorio y sobre muestra inalterada | D27: INV E - 148 -13 | E27: 4 | F27: 3 | G27: =+E27*F27 -> 12 | H27: =310000*1.19 -> 368900 | I27: =+G27*H27 -> 4426800
C28: Determinacion de los tamaños de las particulas de los suelos | D28: INV E - 123 - 13 | E28: =30*$C$4 -> 15 | F28: 1 | G28: =+E28*F28 -> 15 | H28: =42500*1.19 -> 50575 | I28: =+G28*H28 -> 758625 | K28: 1 vez por jornada
C29: Determinacion del limite liquido de los suelos | D29: INV E - 125 - 13 | E29: =30*$C$4 -> 15 | F29: 1 | G29: =+E29*F29 -> 15 | H29: =50000*1.19 -> 59500 | I29: =+G29*H29 -> 892500 | K29: 1 vez por jornada
C30: Limite plastico e indice de plasticidad de los suelos | D30: INV E - 126 - 13 | E30: =30*$C$4 -> 15 | F30: 1 | G30: =+E30*F30 -> 15 | H30: =54700*1.19 -> 65093 | I30: =+G30*H30 -> 976395 | K30: 1 vez por jornada
C31: Equivalente de arena en suelos y agregados finos | D31: INV E - 133 - 13 | E31: =4*$C$4 -> 2 | F31: 1 | G31: =+E31*F31 -> 2 | H31: =97000*1.19 -> 115430 | I31: =+G31*H31 -> 230860 | K31: 1 vez a la semana
C32: Relaciones de humedad - peso unitario seco en los suelos (ensayo modificado de compactacion) | D32: INV E - 142 - 13 | E32: =4*$C$4 -> 2 | F32: 1 | G32: =+E32*F32 -> 2 | H32: =115000*1.19 -> 136850 | I32: =+G32*H32 -> 273700 | K32: 1 vez a la semana
A33: =+PRESUPUESTO!B19 -> 2,3 | B33: Placa de pavimento en concreto hidráulico MR=4,0 Mpa (40Kg/cm2) | C33: Solidez de los agregados frente a la accion de soluciones de sulfato de sodio o magnesio | D33: INV E - 220 -13 | E33: 4 | F33: 3 | G33: =+E33*F33 -> 12 | H33: =370000*1.19 -> 440300 | I33: =+G33*H33 -> 5283600 | J33: Articulo 630-13 Capitulo 6 Estructuras y drenajes | K33: "De cada fuente de agregados por utilizar en la producción concreto y para cualquier volumen previsto, se tomarán cuatro (4) muestras y se ejecutarán los ensayos"
C34: Determinacion del limite liquido de los suelos | D34: INV E - 125 - 13 | E34: 4 | F34: 3 | G34: =+E34*F34 -> 12 | H34: =50000*1.19 -> 59500 | I34: =+G34*H34 -> 714000
C35: Limite plastico e indice de plasticidad de los suelos | D35: INV E - 126 - 13 | E35: 4 | F35: 3 | G35: =+E35*F35 -> 12 | H35: =54700*1.19 -> 65093 | I35: =+G35*H35 -> 781116
C36: Equivalente de arena de suelos y agregados finos | D36: INV E - 133 -13 | E36: 4 | F36: 3 | G36: =+E36*F36 -> 12 | H36: =97000*1.19 -> 115430 | I36: =+G36*H36 -> 1385160
C37: Determinacion de terrones de arcilla y particulas deleznables en los agregados | D37: INV E - 211 -13 | E37: 4 | F37: 3 | G37: =+E37*F37 -> 12 | H37: =135000*1.19 -> 160650 | I37: =+G37*H37 -> 1927800
C38: Cantidad de partículas livianas en un agregado pétreo | D38: INV E - 221 -13 | E38: 4 | F38: 3 | G38: =+E38*F38 -> 12 | H38: =298000*1.19 -> 354620 | I38: =+G38*H38 -> 4255440
C39: Material que pasa el tamiz de 75 μm (No. 200), máximo (%). | D39: INV E - 214 -13 | E39: 4 | F39: 3 | G39: =+E39*F39 -> 12 | H39: =120000*1.19 -> 142800 | I39: =+G39*H39 -> 1713600
C40: Presencia de impurezas organicas en arenas usadas en la preparacion de morteros o concretos | D40: INV E - 212 -13 | E40: 4 | F40: 3 | G40: =+E40*F40 -> 12 | H40: =298200*1.19 -> 354858 | I40: =+G40*H40 -> 4258296
C41: Determinacion del contenido de azufre en los agregados petreos | D41: INV E - 233 -13 | E41: 4 | F41: 3 | G41: =+E41*F41 -> 12 | H41: =365000*1.19 -> 434350 | I41: =+G41*H41 -> 5212200
C42: Densidad, densidad relativa (gravedad específica) y absorcion del agregado fino | D42: INV E - 222 -13 | E42: 4 | F42: 3 | G42: =+E42*F42 -> 12 | H42: =252500*1.19 -> 300475 | I42: =+G42*H42 -> 3605700
C43: Resistencia a la degradacion de los agregados de tamaños menores de 37,5 mm por medio de la maquina de los angeles | D43: INV E - 218 -13 | E43: 4 | F43: 3 | G43: =+E43*F43 -> 12 | H43: =283500*1.19 -> 337365 | I43: =+G43*H43 -> 4048380
C44: Determinacion de la resistencia del agregado grueso a la degradacion por abrasion utilizando el aparato micro-deval | D44: INV E - 238 -13 | E44: 4 | F44: 3 | G44: =+E44*F44 -> 12 | H44: =325500*1.19 -> 387345 | I44: =+G44*H44 -> 4648140
C45: Determinacion del valor del 10% de finos | D45: INV E - 224 -13 | E45: 4 | F45: 3 | G45: =+E45*F45 -> 12 | H45: =385700*1.19 -> 458983 | I45: =+G45*H45 -> 5507796
C46: Porcentaje de particulas fracturadas en un agregado grueso | D46: INV E - 227 -13 | E46: 4 | F46: 3 | G46: =+E46*F46 -> 12 | H46: =205000*1.19 -> 243950 | I46: =+G46*H46 -> 2927400
C47: Proporcion de particulas planas, alargadas o planas y alargadas en agregados gruesos | D47: INV E - 240 -13 | E47: 4 | F47: 3 | G47: =+E47*F47 -> 12 | H47: =195000*1.19 -> 232050 | I47: =+G47*H47 -> 2784600
C48: Determinacion de la reactividad potencial alcali-sílice de agregados (método químico) | D48: INV E - 234 - 13 | E48: 4 | F48: 3 | G48: =+E48*F48 -> 12 | H48: =350900*1.19 -> 417571 | I48: =+G48*H48 -> 5010852
C49: Asentamiento del concreto de cemento hidraulico (slump) | D49: INV E - 404 - 13 | E49: =C1*6*0.2/40 -> 25.59 | F49: 1 | G49: =+E49*F49 -> 25.59 | H49: =52200*1.19 -> 62118 | I49: =+G49*H49 -> 1589599.6 | K49: "Se controlará la consistencia de cada carga entregada, para lo cual se tomará una muestra representativa de ella que someterá al ensayo de asentamiento (INV E‐404)"
C50: Resistencia a la compresion de cilindros de concreto. | D50: INV E - 410 -13 | E50: =+C1*6*0.2/40 -> 25.59 | F50: 4 | G50: =+E50*F50 -> 102.36 | H50: =27400*1.19 -> 32606 | I50: =+G50*H50 -> 3337550.2 | K50: "De dicha parcialidad se tomará una muestra compuesta por cuatro (4) especímenes… para someterlas a ensayos de resistencia a compresión según la norma INV E‐410"
A51: =+PRESUPUESTO!B23 -> 3,1 | B51: Señal Vertical de Transito tipo I | C51: NO APLICA | G51: 0 | H51: 0 | I51: =+G51*H51 -> 0 | J51: Articulo 710-13 Capitulo 7 Senalizacion y Seguridad | K51: NO APLICA
A52: =+PRESUPUESTO!B24 -> 3,2 | B52: Linea de demarcacion con pintura en frio | C52: NO APLICA | G52: 0 | H52: 0 | I52: =+G52*H52 -> 0 | J52: Articulo 700-13 Capitulo 7 Senalizacion y Seguridad | K52: NO APLICA
A53: =+PRESUPUESTO!B25 -> 3,3 | B53: Marca vial con pintura en frio | C53: NO APLICA | G53: 0 | H53: 0 | I53: =+G53*H53 -> 0 | J53: Articulo 720-13 Capitulo 7 Senalizacion y Seguridad | K53: NO APLICA
B55: VALOR TOTAL ENSAYOS A REALIZAR | I55: =SUM(I9:I54) -> 86868482
B59: ENSAYOS INTERVENTORIA
B60: RELACION DE ENSAYOS DE AUTOCONTROL DE CALIDAD PARA LA EJECUCION DEL PROYECTO
A61: ÍTEM | B61: ACTIVIDAD | C61: TIPO DE ENSAYO | D61: NORMA | E61: # DE MUESTRAS | F61: # DE ENSAYOS POR MUESTRA | G61: CANTIDAD | H61: V/UNITARIO (incluido IVA) | I61: V/TOTAL | J61: ESPECIFICACIONES INVIAS | K61: INDICACION
A62: =+A9 -> 1,1 | B62: =+B9 -> Desmonte y limpieza en zonas no boscosas | C62: NO APLICA | G62: 0 | H62: 0 | I62: =+G62*H62 -> 0 | J62: Articulo 200 | K62: NO APLICA
A63: =+A10 -> 1,2 | B63: =+B10 -> Excavaciones en material común de la explanación y canales | C63: NO APLICA | G63: 0 | H63: 0 | I63: =+G63*H63 -> 0 | J63: Articulo 210-13 Capitulo 2 Explanaciones | K63: NO APLICA
A64: =+A11 -> 1,3 | B64: =+B11 -> Transporte de materiales provenientes de la excavación de la explanación, canales y préstamos para distancias mayores de mil metros (1000 m) | C64: NO APLICA | G64: =0 -> 0 | H64: 0 | I64: =+G64*H64 -> 0 | J64: Articulo 900-13 Capitulo 9 Transporte | K64: NO APLICA
A65: =+A12 -> 2,1 | B65: =+B12 -> Terraplenes | C65: Determinacion de los tamaños de las particulas de los suelos | D65: INV E - 123 - 13 | E65: =30*$C$4 -> 15 | F65: 1 | G65: =+E65*F65 -> 15 | H65: =42500*1.19 -> 50575 | I65: =+G65*H65 -> 758625 | J65: Articulo 220-13 Capitulo 2 Explanaciones | K65: 1 vez por jornada
C66: Determinacion del contenido organico de un suelo mediante el ensayo de perdida por ignicion | D66: INV E - 121 - 13 | E66: =4*$C$4 -> 2 | F66: 1 | G66: =+E66*F66 -> 2 | H66: =50000*1.19 -> 59500 | I66: =+G66*H66 -> 119000 | K66: 1 vez a la semana
C67: Limite plastico e indice de plasticidad de los suelos inalterados | D67: INV E - 126 - 13 | E67: =30*$C$4 -> 15 | F67: 1 | G67: =+E67*F67 -> 15 | H67: =54700*1.19 -> 65093 | I67: =+G67*H67 -> 976395 | K67: 1 vez por jornada
C68: Determinacion del limite liquido de los suelos | D68: INV E - 125 - 13 | E68: =30*$C$4 -> 15 | F68: 1 | G68: =+E68*F68 -> 15 | H68: =50000*1.19 -> 59500 | I68: =+G68*H68 -> 892500 | K68: 1 vez por jornada
C69: Determinación del indice de colapso | D69: INV E - 157 - 13 | E69: =1*$C$4 -> 0.5 | F69: 1 | G69: =+E69*F69 -> 0.5 | H69: =30500*1.19 -> 36295 | I69: =+G69*H69 -> 18147.5 | K69: 1 vez por mes
C70: Relaciones de humedad - peso unitario seco en los suelos (ensayo modificado de compactacion) | D70: INV E - 142 - 13 | E70: =4*$C$4 -> 2 | F70: 1 | G70: =+E70*F70 -> 2 | H70: =115000*1.19 -> 136850 | I70: =+G70*H70 -> 273700 | K70: 1 vez a la semana
A71: =+A20 -> 2,2 | B71: BASE GRANULAR CLASE C | C71: Determinacion de los tamaños de las particulas de los suelos | D71: INV E - 123 - 13 | E71: =30*$C$4 -> 15 | F71: 1 | G71: =+E71*F71 -> 15 | H71: =42500*1.19 -> 50575 | I71: =+G71*H71 -> 758625 | J71: Articulo 320-13 Capitulo 3 Afirmados Subbases Bases | K71: 1 vez por jornada
C72: Determinacion del limite liquido de los suelos | D72: INV E - 125 - 13 | E72: =30*$C$4 -> 15 | F72: 1 | G72: =+E72*F72 -> 15 | H72: =50000*1.19 -> 59500 | I72: =+G72*H72 -> 892500 | K72: 1 vez por jornada
C73: Limite plastico e indice de plasticidad de los suelos | D73: INV E - 126 - 13 | E73: =30*$C$4 -> 15 | F73: 1 | G73: =+E73*F73 -> 15 | H73: =54700*1.19 -> 65093 | I73: =+G73*H73 -> 976395 | K73: 1 vez por jornada
C74: Equivalente de arena en suelos y agregados finos | D74: INV E - 133 - 13 | E74: =4*$C$4 -> 2 | F74: 1 | G74: =+E74*F74 -> 2 | H74: =97000*1.19 -> 115430 | I74: =+G74*H74 -> 230860 | K74: 1 vez a la semana
C75: Relaciones de humedad - peso unitario seco en los suelos (ensayo modificado de compactacion) | D75: INV E - 142 - 13 | E75: =4*$C$4 -> 2 | F75: 1 | G75: =+E75*F75 -> 2 | H75: =115000*1.19 -> 136850 | I75: =+G75*H75 -> 273700 | K75: 1 vez a la semana
A76: =+A33 -> 2,3 | B76: Placa de pavimento en concreto hidráulico MR=4,0 Mpa (40Kg/cm2) | C76: Asentamiento del concreto de cemento hidraulico (slump) | D76: INV E - 404 - 13 | E76: =C1*6*0.2/40 -> 25.59 | F76: 1 | G76: =+E76*F76 -> 25.59 | H76: =42200*1.19 -> 50218 | I76: =+G76*H76 -> 1285078.6 | J76: Articulo 630-13 Capitulo 6 Estructuras y drenajes | K76: "Se controlará la consistencia de cada carga entregada, para lo cual se tomará una muestra representativa de ella que someterá al ensayo de asentamiento (INV E‐404)"
C77: Resistencia a la compresion de cilindros de concreto. | D77: INV E - 410 -13 | E77: =C1*6*0.2/40 -> 25.59 | F77: 4 | G77: =+E77*F77 -> 102.36 | H77: =27400*1.19 -> 32606 | I77: =+G77*H77 -> 3337550.2 | K77: "De dicha parcialidad se tomará una muestra compuesta por cuatro (4) especímenes… para someterlas a ensayos de resistencia a compresión según la norma INV E‐410"
A78: =+A51 -> 3,1 | B78: Señal Vertical de Transito tipo I | C78: NO APLICA | G78: 0 | H78: 0 | I78: =+G78*H78 -> 0 | J78: Articulo 710-13 Capitulo 7 Senalizacion y Seguridad | K78: NO APLICA
A79: =+A52 -> 3,2 | B79: Linea de demarcacion con pintura en frio | C79: NO APLICA | G79: 0 | H79: 0 | I79: =+G79*H79 -> 0 | J79: Articulo 700-13 Capitulo 7 Senalizacion y Seguridad | K79: NO APLICA
A80: =+A53 -> 3,3 | B80: Postes de referencia kilometraje | C80: NO APLICA | G80: 0 | H80: 0 | I80: =+G80*H80 -> 0 | J80: Articulo 720-13 Capitulo 7 Senalizacion y Seguridad | K80: NO APLICA
B82: VALOR TOTAL ENSAYOS A REALIZAR | I82: =SUM(I62:I81) -> 10793076
B89: =+INTERVENTORIA!B61 -> JESUS EDUARDO ROBLES SMITH
B90: =+INTERVENTORIA!B62 -> INGENIERO CIVIL
B91: =+INTERVENTORIA!B63 -> M.P. 25202-316144 CND

Sheet Equ
B2: =+PRESUPUESTO!D2 -> "MEJORAMIENTO VIAL MEDIANTE LA CONSTRUCCIÓN DE PAVIMENTO RÍGIDO DE LA PRIMERA ETAPA DE LA VÍA QUE COMUNICA A LA VEREDA PONDORES EN EL CORREGIMIENTO DE CONEJO, MUNICIPIO DE FONSECA - DEPARTAMENTO DE LA GUAJIRA."
B5: MAQUINARIA Y EQUIPO
B8: DESCRIPCIÓN | C8: UND | D8: PRECIO-[$]
B11: Retroexcavadora, Potencia en el volante 78 HP 2200 RPM | C11: Hora | D11: 180000
B12: Retroexcavadora sobre oruga, potencia 138 HP, base de 1.5 m3 | C12: Hora | D12: 250000
B13: Retroexcavadora A25C | C13: Hora | D13: 180000
B14: Buldozer, Potencia al bvolante de 140 HP, motor 2200 RPM, longitud de hoja de 4.80 m. | C14: Hora | D14: 240000
B15: Aspersor manual | C15: Hora | D15: 5428.01
B16: Equipo oxicorte | C16: Hora | D16: 24411.8
B17: Guadaña, Cilindraje 41.5 cm3, Longitud del mango 1450 mm, Peso 7.4 kg | C17: Hora | D17: 8756.95
B18: Motosierra, 93.6 cm3 - 7.1 HP, 45-90 cm - 7.9 kg | C18: Hora | D18: 10226.98
B19: Compactador Manual Saltarín | C19: Hora | D19: 15709.48
B20: Volqueta | C20: Hora | D20: 67974.376
B21: Mezcladora de Concreto | C21: Hora | D21: 15000
B22: Vibrador de Concreto, Motor de 3 hp a 18.000 rpm Mangueras de 4mt | C22: Hora | D22: 7500
... B39: Motobomba 4" | C39: Hora | D39: 9321.3638
B46: =+PRESUPUESTO!B52 -> JESUS EDUARDO ROBLES SMITH
B47: =+PRESUPUESTO!B53 -> INGENIERO CIVIL
B48: =+PRESUPUESTO!B54 -> M.P. 25202-316144 CND

Sheet 1,1
D1: ANÁLISIS DE PRECIOS UNITARIOS
A7: =+PRESUPUESTO!D2 -> "MEJORAMIENTO VIAL MEDIANTE LA CONSTRUCCIÓN DE PAVIMENTO RÍGIDO DE LA PRIMERA ETAPA DE LA VÍA QUE COMUNICA A LA VEREDA PONDORES EN EL CORREGIMIENTO DE CONEJO, MUNICIPIO DE FONSECA - DEPARTAMENTO DE LA GUAJIRA." | F7: ESPECIF | G7: =+PRESUPUESTO!C11 -> 200.2
A10: ÍTEM: | B10: =+PRESUPUESTO!D11 -> Desmonte y limpieza en zonas no boscosas | F10: UNIDAD: | G10: =+PRESUPUESTO!E11 -> HA
A12: I. EQUIPO
A13: Descripción | D13: Tarifa Hora | E13: Rendimiento | F13: Valor Unitario
A14: =+Equ!B17 -> Guadaña, Cilindraje 41.5 cm3, Longitud del mango 1450 mm, Peso 7.4 kg | D14: =+Equ!D17 -> 8756.95 | E14: 0.36 | F14: =+ROUND(D14/E14,0) -> 24325
A15: =+Equ!B18 -> Motosierra, 93.6 cm3 - 7.1 HP, 45-90 cm - 7.9 kg | D15: =+Equ!D18 -> 10226.98 | E15: =0.103 -> 0.103 | F15: =+ROUND(D15/E15,0) -> 99291
A16: Herramienta Menor | B16: 0.05 | F16: =+ROUND(B16*G44,0) -> 3281
F20: Sub - Total | G20: =SUM(F14:F19) -> 126897
A21: II. MATERIALES EN OBRA
A22: Descripción | C22: Unidad | D22: Precio Unit. | E22: Cantidad | F22: Valor Unitario
F28: Sub - Total | G28: =SUM(F23:F27) -> 0
A29: III. TRANSPORTES
A30: Material | B30: Vol-Pes-Cant. | C30: Distancia | D30: M3-Km | E30: Tarifa | F30: Valor Unitario
A31: Transporte de material desmontado tkm | B31: 50 | C31: =+Transporte!D11 -> 13 | D31: =+B31*C31 -> 650 | E31: =+Transporte!D21 -> 1400 | F31: =+D31*E31 -> 910000
F36: Sub - Total | G36: =SUM(F31:F35) -> 910000
A37: IV. MANO DE OBRA
A38: Trabajador | B38: Jornal | C38: Pretaciones | D38: Jornal Total | E38: Rendimiento | F38: Valor Unitario
A40: 2 Obrero | B40: =+FP!U51*2 -> 103389.74 | C40: =+FP!V47 -> 1.8281 | D40: =ROUND(C40*B40,0) -> 189007 | E40: 2.88 | F40: =ROUND(D40/E40,0) -> 65627
F44: Sub - Total | G44: =SUM(F39:F43) -> 65627
D46: TOTAL COSTO DIRECTO | G46: =ROUND(G20+G28+G36+G44,0) -> 1102524
A51: =+PRESUPUESTO!B52 -> JESUS EDUARDO ROBLES SMITH
A52: =+PRESUPUESTO!B53 -> INGENIERO CIVIL
A53: =+PRESUPUESTO!B54 -> M.P. 25202-316144 CND

Sheet 1,2
D1: ANÁLISIS DE PRECIOS UNITARIOS
A7: =+PRESUPUESTO!D2 -> "MEJORAMIENTO VIAL MEDIANTE LA CONSTRUCCIÓN DE PAVIMENTO RÍGIDO DE LA PRIMERA ETAPA DE LA VÍA QUE COMUNICA A LA VEREDA PONDORES EN EL CORREGIMIENTO DE CONEJO, MUNICIPIO DE FONSECA - DEPARTAMENTO DE LA GUAJIRA." | F7: ESPEC. | G7: =+PRESUPUESTO!C12 -> 210.2.2
A10: ÍTEM: | B10: =+PRESUPUESTO!D12 -> Excavaciones en material común de la explanación y canales | F10: UNIDAD: | G10: =+PRESUPUESTO!E12 -> M3
A12: I. EQUIPO | G12: PRESUPUESTO!Títulos_a_imprimir
A13: Descripción | D13: Tarifa Hora | E13: Rendimiento | F13: Valor Unitario
A14: =+Equ!B12 -> Retroexcavadora sobre oruga, potencia 138 HP, base de 1.5 m3 | D14: =+Equ!$D$12 -> 250000 | E14: =66 -> 66 | F14: =+ROUND(D14/E14,0) -> 3788
A15: =+Equ!B14 -> Buldozer, Potencia al bvolante de 140 HP, motor 2200 RPM, longitud de hoja de 4.80 m. | D15: =Equ!$D$14 -> 240000 | E15: 100 | F15: =+ROUND(D15/E15,0) -> 2400
A16: Herramienta Menor | B16: 0.01 | F16: =+ROUND(B16*G43,0) -> 18
F19: Sub - Total | G19: =SUM(F14:F18) -> 6206
A20: II. MATERIALES EN OBRA
A21: Descripción | C21: Unidad | D21: Precio Unit. | E21: Cantidad | F21: Valor Unitario
A22: Derechos de explotación de materiales | C22: M3 | D22: =+Sum!D51 -> 7544.79 | E22: 1.3 | F22: =D22*E22 -> 9808.227
F27: Sub - Total | G27: =SUM(F22:F26) -> 9808.227
A28: III. TRANSPORTES
A29: Material | B29: Vol-Pes-Cant. | C29: Distancia | D29: M3-Km | E29: Tarifa | F29: Valor Unitario
F35: Sub - Total | G35: =SUM(F30:F34) -> 0
A36: IV. MANO DE OBRA
A37: Trabajador | B37: Jornal | C37: Pretaciones | D37: Jornal Total | E37: Rendimiento | F37: Valor Unitario
A38: 1 Oficial | B38: =FP!S51 -> 189065.67 | C38: =+FP!T47 -> 1.6529 | D38: =ROUND(C38*B38,0) -> 312507 | E38: 280 | F38: =ROUND(D38/E38,0) -> 1116
A39: 2 Obrero | B39: =FP!U51*2 -> 103389.74 | C39: =+FP!V47 -> 1.8281 | D39: =ROUND(C39*B39,0) -> 189007 | E39: 280 | F39: =ROUND(D39/E39,0) -> 675
F43: Sub - Total | G43: =SUM(F38:F42) -> 1791
D45: TOTAL COSTO DIRECTO | G45: =ROUND(G19+G27+G35+G43,0) -> 17805
A50: =+INTERVENTORIA!B61 -> JESUS EDUARDO ROBLES SMITH
A51: =+'1,1'!A52 -> INGENIERO CIVIL
A52: =+'1,1'!A53 -> M.P. 25202-316144 CND

Sheet 1,3
D1: ANÁLISIS DE PRECIOS UNITARIOS
A7: =+PRESUPUESTO!D2 -> "MEJORAMIENTO VIAL MEDIANTE LA CONSTRUCCIÓN DE PAVIMENTO RÍGIDO DE LA PRIMERA ETAPA DE LA VÍA QUE COMUNICA A LA VEREDA PONDORES EN EL CORREGIMIENTO DE CONEJO, MUNICIPIO DE FONSECA - DEPARTAMENTO DE LA GUAJIRA." | F7: ESPECIF | G7: =+PRESUPUESTO!C13 -> 900.2
A10: ÍTEM: | B10: =+PRESUPUESTO!D13 -> Transporte de materiales provenientes de la excavación de la explanación, canales y préstamos para distancias mayores de mil metros (1000 m) | F10: UNIDAD: | G10: =+PRESUPUESTO!E13 -> M3
A12: I. EQUIPO | G12: PRESUPUESTO!Títulos_a_imprimir
A13: Descripción | D13: Tarifa Hora | E13: Rendimiento | F13: Valor Unitario
F19: Sub - Total | G19: =SUM(F14:F18) -> 0
A20: II. MATERIALES EN OBRA
A21: Descripción | C21: Unidad | D21: Precio Unit. | E21: Cantidad | F21: Valor Unitario
F27: Sub - Total | G27: =SUM(F22:F26) -> 0
A28: III. TRANSPORTES
A29: Material | B29: Vol-Pes-Cant. | C29: Distancia | D29: M3-Km | E29: Tarifa | F29: Valor Unitario
A30: Material proveniente de la excavacion | B30: 1.3 | C30: =+Transporte!D11 -> 13 | D30: =+B30*C30 -> 16.9 | E30: =+Transporte!D25 -> 1400 | F30: =+D30*E30 -> 23660
F35: Sub - Total | G35: =SUM(F30:F34) -> 23660
A36: IV. MANO DE OBRA
A37: Trabajador | B37: Jornal | C37: Pretaciones | D37: Jornal Total | E37: Rendimiento | F37: Valor Unitario
F43: Sub - Total | G43: =SUM(F38:F42) -> 0
D45: TOTAL COSTO DIRECTO | G45: =ROUND(G19+G27+G35+G43,0) -> 23660
A50: =+'1,2'!A50 -> JESUS EDUARDO ROBLES SMITH
A51: =+'1,2'!A51 -> INGENIERO CIVIL
A52: =+'1,2'!A52 -> M.P. 25202-316144 CND

Sheet 2,1
D1: ANÁLISIS DE PRECIOS UNITARIOS
A7: =+PRESUPUESTO!D2 -> "MEJORAMIENTO VIAL MEDIANTE LA CONSTRUCCIÓN DE PAVIMENTO RÍGIDO DE LA PRIMERA ETAPA DE LA VÍA QUE COMUNICA A LA VEREDA PONDORES EN EL CORREGIMIENTO DE CONEJO, MUNICIPIO DE FONSECA - DEPARTAMENTO DE LA GUAJIRA." | F7: ESPEC. | G7: =+PRESUPUESTO!C17 -> 220.1
A10: ÍTEM: | B10: =+PRESUPUESTO!D17 -> Terraplenes | F10: UNIDAD: | G10: =+PRESUPUESTO!E17 -> M3
A12: I. EQUIPO | G12: PRESUPUESTO!Títulos_a_imprimir
A13: Descripción | D13: Tarifa Hora | E13: Rendimiento | F13: Valor Unitario
A14: =+Equ!B23 -> Carrotanque de agua (1000 Galones) | D14: =+Equ!D23 -> 60000 | E14: 50 | F14: =+ROUND(D14/E14,0) -> 1200
A15: =+Equ!B24 -> Vibrocompactador 153 HP, peso 10 Ton | D15: =+Equ!D24 -> 110000 | E15: 50 | F15: =+ROUND(D15/E15,0) -> 2200
A16: =+Equ!B28 -> Motoniveladora 215 HP, ancho de cuchilla a 4.27 m, peso 18 Ton. | D16: =+Equ!D28 -> 201471.74 | E16: =+E15 -> 50 | F16: =+ROUND(D16/E16,0) -> 4029
A17: =+Equ!B14 -> Buldozer, Potencia al bvolante de 140 HP, motor 2200 RPM, longitud de hoja de 4.80 m. | D17: =+Equ!D14 -> 240000 | E17: 50 | F17: =+ROUND(D17/E17,0) -> 4800
F21: Sub - Total | G21: =SUM(F14:F20) -> 12229
A22: II. MATERIALES EN OBRA
A23: Descripción | C23: Unidad | D23: Precio Unit. | E23: Cantidad | F23: Valor Unitario
A24: =+Sum!B20 -> Material de afirmado | C24: =+Sum!C20 -> m3 | D24: =+Sum!D20 -> 31292.726 | E24: 1.3 | F24: =ROUND(D24*E24,0) -> 40681
F29: Sub - Total | G29: =SUM(F24:F28) -> 40681
A30: III. TRANSPORTES
A31: Material | B31: Vol-Pes-Cant. | C31: Distancia | D31: M3-Km | E31: Tarifa | F31: Valor Unitario
A32: Transporte de material de afirmado | B32: 1.3 | C32: =+Transporte!D17 -> 89.7 | D32: =+B32*C32 -> 116.61 | E32: =+Transporte!D26 -> 1400 | F32: =ROUND(D32*E32,0) -> 163254
F37: Sub - Total | G37: =SUM(F32:F36) -> 163254
A38: IV. MANO DE OBRA
A39: Trabajador | B39: Jornal | C39: Pretaciones | D39: Jornal Total | E39: Rendimiento | F39: Valor Unitario
A40: 1 Oficial | B40: =FP!Q51 -> 77150.562 | C40: =+FP!T47 -> 1.6529 | D40: =ROUND(C40*B40,0) -> 127522 | E40: 400 | F40: =ROUND(D40/E40,0) -> 319
A41: 1 Obrero | B41: =FP!U51 -> 51694.87 | C41: =+FP!V47 -> 1.8281 | D41: =ROUND(C41*B41,0) -> 94503 | E41: =+E40 -> 400 | F41: =ROUND(D41/E41,0) -> 236
F45: Sub - Total | G45: =SUM(F40:F44) -> 555
D47: TOTAL COSTO DIRECTO | G47: =G21+G29+G37+G45 -> 216719
A51: =+PRESUPUESTO!B52 -> JESUS EDUARDO ROBLES SMITH
A52: =+PRESUPUESTO!B53 -> INGENIERO CIVIL
A53: =+PRESUPUESTO!B54 -> M.P. 25202-316144 CND

Sheet 2,2
D1: ANÁLISIS DE PRECIOS UNITARIOS
A7: =+PRESUPUESTO!D2 -> "MEJORAMIENTO VIAL MEDIANTE LA CONSTRUCCIÓN DE PAVIMENTO RÍGIDO DE LA PRIMERA ETAPA DE LA VÍA QUE COMUNICA A LA VEREDA PONDORES EN EL CORREGIMIENTO DE CONEJO, MUNICIPIO DE FONSECA - DEPARTAMENTO DE LA GUAJIRA." | F7: ESPEC. | G7: =+PRESUPUESTO!C18 -> 320.3
A10: ÍTEM: | B10: =+PRESUPUESTO!D18 -> Sub Base Granular tipo C | F10: UNIDAD: | G10: =+PRESUPUESTO!E18 -> M3
A12: I. EQUIPO | G12: PRESUPUESTO!Títulos_a_imprimir
A13: Descripción | D13: Tarifa Hora | E13: Rendimiento | F13: Valor Unitario
A14: =+Equ!B23 -> Carrotanque de agua (1000 Galones) | D14: =+Equ!D23 -> 60000 | E14: 45 | F14: =+ROUND(D14/E14,0) -> 1333
A15: =+Equ!B24 -> Vibrocompactador 153 HP, peso 10 Ton | D15: =+Equ!D24 -> 110000 | E15: =+E14 -> 45 | F15: =+ROUND(D15/E15,0) -> 2444
A16: =+Equ!B28 -> Motoniveladora 215 HP, ancho de cuchilla a 4.27 m, peso 18 Ton. | D16: =+Equ!D28 -> 201471.74 | E16: =+E15 -> 45 | F16: =+ROUND(D16/E16,0) -> 4477
A17: Herramienta Menor | D17: 0.01 | F17: =G44*D17 -> 8.79
F20: Sub - Total | G20: =SUM(F14:F19) -> 8262.79
A21: II. MATERIALES EN OBRA
A22: Descripción | C22: Unidad | D22: Precio Unit. | E22: Cantidad | F22: Valor Unitario
A23: Material de Sub Base CBR=30% | C23: =+Sum!C16 -> M3 | D23: =+Sum!D16 -> 75000 | E23: 1.3 | F23: =+ROUND(D23*E23,0) -> 97500
A24: Agua | C24: Lt | D24: =+Sum!D17 -> 192.9 | E24: 24 | F24: =+ROUND(D24*E24,0) -> 4630
F28: Sub - Total | G28: =SUM(F23:F27) -> 102130
A29: III. TRANSPORTES
A30: Material | B30: Vol-Pes-Cant. | C30: Distancia | D30: M3-Km | E30: Tarifa | F30: Valor Unitario
A31: Transporte de material de subbase | B31: =+E23 -> 1.3 | C31: =+Transporte!D17 -> 89.7 | D31: =+B31*C31 -> 116.61 | E31: =+Transporte!D24 -> 1200 | F31: =+ROUND(D31*E31,0) -> 139932
F36: Sub - Total | G36: =SUM(F31:F35) -> 139932
A37: IV. MANO DE OBRA
A38: Trabajador | B38: Jornal | C38: Pretaciones | D38: Jornal Total | E38: Rendimiento | F38: Valor Unitario
A39: 1 Oficial | B39: =FP!Q51 -> 77150.562 | C39: =+FP!T47 -> 1.6529 | D39: =ROUND(C39*B39,0) -> 127522 | E39: 360 | F39: =ROUND(D39/E39,0) -> 354
A40: 2 Obrero | B40: =FP!U51*2 -> 103389.74 | C40: =+FP!V47 -> 1.8281 | D40: =ROUND(C40*B40,0) -> 189007 | E40: =+E39 -> 360 | F40: =ROUND(D40/E40,0) -> 525
F44: Sub - Total | G44: =SUM(F39:F43) -> 879
D46: TOTAL COSTO DIRECTO | G46: =G20+G28+G36+G44 -> 251203.79
A50: =+PRESUPUESTO!B52 -> JESUS EDUARDO ROBLES SMITH
A51: =+PRESUPUESTO!B53 -> INGENIERO CIVIL
A52: =+PRESUPUESTO!B54 -> M.P. 25202-316144 CND

Sheet 2,3
D1: ANÁLISIS DE PRECIOS UNITARIOS
A7: =+PRESUPUESTO!D2 -> "MEJORAMIENTO VIAL MEDIANTE LA CONSTRUCCIÓN DE PAVIMENTO RÍGIDO DE LA PRIMERA ETAPA DE LA VÍA QUE COMUNICA A LA VEREDA PONDORES EN EL CORREGIMIENTO DE CONEJO, MUNICIPIO DE FONSECA - DEPARTAMENTO DE LA GUAJIRA." | F7: ESPEC. | G7: =+PRESUPUESTO!C19 -> 630.3
A10: ÍTEM: | B10: =+PRESUPUESTO!D19 -> Placa de pavimento en concreto hidráulico MR2=4,0 Mpa (40Kg/cm2) | F10: UNIDAD: | G10: =+PRESUPUESTO!E19 -> M3
A12: I. EQUIPO | G12: PRESUPUESTO!Títulos_a_imprimir
A13: Descripción | D13: Tarifa Hora | E13: Rendimiento | F13: Valor Unitario
A14: =+Equ!B15 -> Aspersor manual | D14: =Equ!D15 -> 5428.01 | E14: 2 | F14: =D14/E14 -> 2714.005
A15: =+Equ!B31 -> Rieles para pavimento | D15: =+Equ!D31 -> 380 | E15: =+E14 -> 2 | F15: =D15/E15 -> 190
A16: =+Equ!B32 -> Regla vibratoria | D16: =+Equ!D32 -> 9700 | E16: =+E15 -> 2 | F16: =D16/E16 -> 4850
A17: =+Equ!B30 -> Cizalla manual de 90 cm | D17: =+Equ!D30 -> 1545.5391 | E17: 37.5 | F17: =D17/E17 -> 41.214376
A18: =+Equ!B33 -> Compresor (barrido y soplado) | D18: =+Equ!D33 -> 90000 | E18: 110 | F18: =D18/E18 -> 818.18182
A19: =+Equ!B35 -> Cortadora de pavimento, Máxima profundidad de corte: 160 mm. Capacidad de disco: desde 12´´ hasta 18´´ de diámetro. Peso operacional: 135 kg, 13.5 hp de potencia | D19: =+Equ!D35 -> 25500 | E19: 50 | F19: =D19/E19 -> 510
A20: Herramienta Menor M.O. | E20: 0.05 | F20: =+G50*E20 -> 4110.3
F23: Sub - Total | G23: =SUM(F14:F22) -> 13233.701
A24: II. MATERIALES EN OBRA
A25: Descripción | C25: Unidad | D25: Precio Unit. | E25: Cantidad | F25: Valor Unitario
A26: Concreto resistencia 28 Mpa | C26: M3 | D26: =+'Apu Basicos'!G133 -> 888288 | E26: 1 | F26: =D26*E26 -> 888288
A27: Antisol blanco (presentación 20 Kg) | C27: KG | D27: =Sum!D46 -> 17800 | E27: 1 | F27: =D27*E27 -> 17800
A28: =+Sum!B34 -> Alambre Negro para Amarre | C28: KG | D28: =+Sum!D34 -> 8900 | E28: 0.03 | F28: =D28*E28 -> 267
A29: Acero de refuerzo de transferencia D=1" Liso | C29: KG | D29: =+Sum!D37 -> 7200 | E29: =+CANTIDADES!O136 -> 10.654327 | F29: =D29*E29 -> 76711.154
A30: Acero de refuerzo de amarre D= 1/2" Corrugado | C30: KG | D30: =+Sum!D38 -> 7200 | E30: =+CANTIDADES!O127 -> 0.68766309 | F30: =D30*E30 -> 4951.1743
A31: Acero estructural | C31: KG | D31: =+Sum!D36 -> 7150 | E31: =CANTIDADES!Q160 -> 2.1209013 | F31: =D31*E31 -> 15164.444
A32: Cordón de junta en espuma de polietileno | C32: M | D32: =+Sum!D44 -> 1663.0838 | E32: =+CANTIDADES!Q171 -> 1.8036408 | F32: =D32*E32 -> 2999.6058
A33: Sello de silicona o sellado autonivelante | C33: M | D33: =+Sum!D47 -> 4800 | E33: =+CANTIDADES!Q171 -> 1.8036408 | F33: =D33*E33 -> 8657.4759
A34: Disco diamantado | C34: UND | D34: =+Sum!D43 -> 710000 | E34: =0.006*1.81075416291254 -> 0.010864525 | F34: =D34*E34 -> 7713.8127
F35: Sub - Total | G35: =SUM(F26:F34) -> 1022552.7
A36: III. TRANSPORTES
A37: Material | B37: Vol-Pes-Cant. | C37: Distancia | D37: M3-Km | E37: Tarifa | F37: Valor Unitario
A38: Transporte de acero | B38: 1.05 | C38: =+Transporte!D15 -> 15.6 | D38: =+B38*C38 -> 16.38 | E38: =+Transporte!D28 -> 0.48 | F38: =+D38*E38 -> 7.8624
F43: Sub - Total | G43: =SUM(F38:F42) -> 7.8624
A44: IV. MANO DE OBRA
A45: Trabajador | B45: Jornal | C45: Pretaciones | D45: Jornal Total | E45: Rendimiento | F45: Valor Unitario
A46: 2 Oficial | B46: =+FP!Q51*2 -> 154301.12 | C46: =+FP!T47 -> 1.6529 | D46: =ROUND(C46*B46,0) -> 255044 | E46: 10 | F46: =ROUND(D46/E46,0) -> 25504
A47: 6 Obreros | B47: =FP!U51*6 -> 310169.22 | C47: =+FP!V47 -> 1.8281 | D47: =ROUND(C47*B47,0) -> 567020 | E47: 10 | F47: =ROUND(D47/E47,0) -> 56702
F50: Sub - Total | G50: =SUM(F46:F49) -> 82206
D52: TOTAL COSTO DIRECTO | G52: =+G50+G43+G23+G35 -> 1118000.2
A58: =+PRESUPUESTO!B52 -> JESUS EDUARDO ROBLES SMITH
A59: =+PRESUPUESTO!B53 -> INGENIERO CIVIL
A60: =+PRESUPUESTO!B54 -> M.P. 25202-316144 CND

Sheet 3,1
D2: ANÁLISIS DE PRECIOS UNITARIOS
A8: =+PRESUPUESTO!D2 -> "MEJORAMIENTO VIAL MEDIANTE LA CONSTRUCCIÓN DE PAVIMENTO RÍGIDO DE LA PRIMERA ETAPA DE LA VÍA QUE COMUNICA A LA VEREDA PONDORES EN EL CORREGIMIENTO DE CONEJO, MUNICIPIO DE FONSECA - DEPARTAMENTO DE LA GUAJIRA." | F8: ESPEC. | G8: =+PRESUPUESTO!C23 -> 710.2
A11: ÍTEM: | B11: =+PRESUPUESTO!D23 -> Señal vertical de transito Tipo II (1,2*0,4) con lámina retroreflectiva | F11: UNIDAD: | G11: =+PRESUPUESTO!E23 -> UND
A13: I. EQUIPO | G13: PRESUPUESTO!Títulos_a_imprimir
A14: Descripción | D14: Tarifa Hora | E14: Rendimiento | F14: Valor Unitario
A15: Herramienta Menor | B15: 0.05 | F15: 810.28
A16: Camioneta | D16: =+Equ!D26 -> 55500 | E16: 3.75 | F16: =+D16/E16 -> 14800
F20: Sub - Total | G20: =SUM(F15:F19) -> 15610.28
A21: II. MATERIALES EN OBRA
A22: Descripción | C22: Unidad | D22: Precio Unit. | E22: Cantidad | F22: Valor Unitario
A23: CONCRETO CLASE F | C23: m3 | D23: =+'Apu Basicos'!G44 -> 730491 | E23: 0.03 | F23: =+ROUND(D23*E23,0) -> 21915
A24: TABLERO EN LAMINA GALVANIZADA DE 1.2cm*0.4cm, CALIBRE 16, REFLECTIVO TIPO 1 | C24: Unidad | D24: =+Sum!D42 -> 402000 | E24: 1 | F24: =+ROUND(D24*E24,0) -> 402000
A25: POSTE EN ANGULO DE 2*2*1/4 DE 3,5m | C25: Unidad | D25: =+Sum!D50 -> 140000 | E25: 1 | F25: =+ROUND(D25*E25,0) -> 140000
F28: Sub - Total | G28: =SUM(F23:F27) -> 563915
A29: III. TRANSPORTES
A30: Material | B30: Vol-Pes-Cant. | C30: Distancia | D30: M3-Km | E30: Tarifa | F30: Valor Unitario
F36: Sub - Total | G36: =SUM(F31:F35) -> 0
A37: IV. MANO DE OBRA
A38: Trabajador | B38: Jornal | C38: Pretaciones | D38: Jornal Total | E38: Rendimiento | F38: Valor Unitario
A39: 1 oficial | B39: =FP!Q51 -> 77150.562 | C39: =+FP!$V$47 -> 1.8281 | D39: =ROUND(C39*B39,0) -> 141039 | E39: 30 | F39: =ROUND(D39/E39,0) -> 4701
A40: 3 Obrero | B40: =FP!U51*3 -> 155084.61 | C40: =+FP!T47 -> 1.6529 | D40: =+B40*C40 -> 256339.35 | E40: 30 | F40: =+D40/E40 -> 8544.645
F43: Sub - Total | G43: =SUM(F39:F42) -> 13245.645
D45: TOTAL COSTO DIRECTO | G45: =(G20+G28+G36+G43) -> 592770.92
A49: =+PRESUPUESTO!B52 -> JESUS EDUARDO ROBLES SMITH
A50: =+PRESUPUESTO!B53 -> INGENIERO CIVIL
A51: =+PRESUPUESTO!B54 -> M.P. 25202-316144 CND

Sheet 3,2
D2: ANÁLISIS DE PRECIOS UNITARIOS
A8: =+PRESUPUESTO!D2 -> "MEJORAMIENTO VIAL MEDIANTE LA CONSTRUCCIÓN DE PAVIMENTO RÍGIDO DE LA PRIMERA ETAPA DE LA VÍA QUE COMUNICA A LA VEREDA PONDORES EN EL CORREGIMIENTO DE CONEJO, MUNICIPIO DE FONSECA - DEPARTAMENTO DE LA GUAJIRA." | F8: ESPEC. | G8: =+PRESUPUESTO!C24 -> 700.1
A11: ÍTEM: | B11: =+PRESUPUESTO!D24 -> Linea de demarcacion con pintura en frio | F11: UNIDAD: | G11: =+PRESUPUESTO!E24 -> M
A13: I. EQUIPO | G13: PRESUPUESTO!Títulos_a_imprimir
A14: Descripción | D14: Tarifa Hora | E14: Rendimiento | F14: Valor Unitario
A15: Herramienta Menor | B15: 0.05 | F15: =+ROUND(B15*G43,0) -> 2
A16: Camioneta | D16: =+Equ!D26 -> 55500 | E16: 1500 | F16: =+D16/E16 -> 37
A17: Vehiculo delineador | D17: =+Equ!D25 -> 100000 | E17: =+E16 -> 1500 | F17: =+D17/E17 -> 66.666667
F20: Sub - Total | G20: =SUM(F15:F19) -> 105.66667
A21: II. MATERIALES EN OBRA
A22: Descripción | C22: Unidad | D22: Precio Unit. | E22: Cantidad | F22: Valor Unitario
A23: =Sum!B28 -> Esferas reflectivas | C23: kg | D23: =Sum!D28 -> 6541.0923 | E23: 0.046 | F23: =+ROUND(D23*E23,0) -> 301
A24: =Sum!B29 -> Disolvente para pintura tráfico (acrilico) | C24: Gal | D24: =Sum!D29 -> 34301.425 | E24: 0.00043 | F24: =+ROUND(D24*E24,0) -> 15
A25: =Sum!B30 -> Pintura acrílica pura para tráfico | C25: Gal | D25: =Sum!D30 -> 71856.739 | E25: 0.014 | F25: =+ROUND(D25*E25,0) -> 1006
F28: Sub - Total | G28: =SUM(F23:F27) -> 1322
A29: III. TRANSPORTES
A30: Material | B30: Vol-Pes-Cant. | C30: Distancia | D30: M3-Km | E30: Tarifa | F30: Valor Unitario
F36: Sub - Total | G36: =SUM(F31:F35) -> 0
A37: IV. MANO DE OBRA
A38: Trabajador | B38: Jornal | C38: Pretaciones | D38: Jornal Total | E38: Rendimiento | F38: Valor Unitario
A39: 1 Oficial | B39: =FP!Q51 -> 77150.562 | C39: =+FP!V47 -> 1.8281 | D39: =ROUND(C39*B39,0) -> 141039 | E39: 12000 | F39: =ROUND(D39/E39,0) -> 12
A40: 3 Obrero | B40: =FP!U51*3 -> 155084.61 | C40: =+FP!T47 -> 1.6529 | D40: =+B40*C40 -> 256339.35 | E40: =+E39 -> 12000 | F40: =+D40/E40 -> 21.361612
F43: Sub - Total | G43: =SUM(F39:F42) -> 33.361612
D45: TOTAL COSTO DIRECTO | G45: =ROUND(G20+G28+G36+G43,0) -> 1461
A49: =+PRESUPUESTO!B52 -> JESUS EDUARDO ROBLES SMITH
A50: =+PRESUPUESTO!B53 -> INGENIERO CIVIL
A51: =+PRESUPUESTO!B54 -> M.P. 25202-316144 CND

Sheet 3,3
D2: ANÁLISIS DE PRECIOS UNITARIOS
A8: =+PRESUPUESTO!D2 -> "MEJORAMIENTO VIAL MEDIANTE LA CONSTRUCCIÓN DE PAVIMENTO RÍGIDO DE LA PRIMERA ETAPA DE LA VÍA QUE COMUNICA A LA VEREDA PONDORES EN EL CORREGIMIENTO DE CONEJO, MUNICIPIO DE FONSECA - DEPARTAMENTO DE LA GUAJIRA." | F8: ESPEC. | G8: =+PRESUPUESTO!C25 -> 701.1
A11: ÍTEM: | B11: =+PRESUPUESTO!D25 -> Tachas reflectivas | F11: UNIDAD: | G11: =+PRESUPUESTO!E25 -> UND
A13: I. EQUIPO | G13: PRESUPUESTO!Títulos_a_imprimir
A14: Descripción | D14: Tarifa Hora | E14: Rendimiento | F14: Valor Unitario
A15: Herramienta Menor | B15: 0.01 | F15: =+ROUND(B15*G43,0) -> 64
A16: Camioneta D300 | D16: =+Equ!D26 -> 55500 | E16: 250 | F16: =+D16/E16 -> 222
A17: =+Equ!B38 -> Maquina térmica pegatachas | D17: =+Equ!D38 -> 19000 | E17: =+E16 -> 250 | F17: =+D17/E17 -> 76
F20: Sub - Total | G20: =SUM(F15:F19) -> 362
A21: II. MATERIALES EN OBRA
A22: Descripción | C22: Unidad | D22: Precio Unit. | E22: Cantidad | F22: Valor Unitario
A23: =+Sum!B52 -> Tacha reflectiva | C23: =+Sum!C52 -> UND | D23: =+Sum!D52 -> 7250 | E23: 1 | F23: =+ROUND(D23*E23,0) -> 7250
A24: =+Sum!B53 -> Resina termoplástica | C24: =+Sum!C53 -> KG | D24: =+Sum!D53 -> 7950 | E24: 0.08 | F24: =+ROUND(D24*E24,0) -> 636
F28: Sub - Total | G28: =SUM(F23:F27) -> 7886
A29: III. TRANSPORTES
A30: Material | B30: Vol-Pes-Cant. | C30: Distancia | D30: M3-Km | E30: Tarifa | F30: Valor Unitario
F36: Sub - Total | G36: =SUM(F31:F35) -> 0
A37: IV. MANO DE OBRA
A38: Trabajador | B38: Jornal | C38: Pretaciones | D38: Jornal Total | E38: Rendimiento | F38: Valor Unitario
A39: 1 Oficial | B39: =FP!Q51 -> 77150.562 | C39: =+FP!V47 -> 1.8281 | D39: =ROUND(C39*B39,0) -> 141039 | E39: 48.8 | F39: =ROUND(D39/E39,0) -> 2890
A40: 2 Obrero | B40: =FP!U51*2 -> 103389.74 | C40: =+FP!T47 -> 1.6529 | D40: =+B40*C40 -> 170892.9 | E40: =+E39 -> 48.8 | F40: =+D40/E40 -> 3501.9037
F43: Sub - Total | G43: =SUM(F39:F42) -> 6391.9037
D45: TOTAL COSTO DIRECTO | G45: =ROUND(G20+G28+G36+G43,0) -> 14640
A49: =+PRESUPUESTO!B52 -> JESUS EDUARDO ROBLES SMITH
A50: =+PRESUPUESTO!B53 -> INGENIERO CIVIL
A51: =+PRESUPUESTO!B54 -> M.P. 25202-316144 CND

Sheet FP
B2: CALCULO DE FACTOR PRESTACIONAL PROFESIONALES
B5: SALARIO MINIMO | C5: 1300000 | D5: AÑO | G5: 2024
B6: SUBSIDIO DE TRANSPORTE | C6: 162000
B9: CARGO | C9: DIRECTOR DE OBRA | E9: INGENIERO ESPECIALISTA EN SIG | G9: RESIDENTE DE OBRA | I9: INGENIERO AMBIENTAL | K9: PROFESIONAL SISO | M9: CONTADOR | O9: INSPECTOR DE OBRA | Q9: MAESTRO DE OBRA | S9: INGENIERO ESPECIALISTA EN GEOTECNIA | U9: AYUDANTE | W9: TOPOGRAFO | Y9: CADENERO | AA9: VIGILANTE | AC9: ALMACENISTA | AE9: SOLDADOR | AG9: SECRETARIA | AI9: TRABAJADOR SOCIAL | AK9: AUXILIAR DE TRANSITO
C10: VALOR | D10: % | E10: VALOR | F10: % | G10: VALOR | H10: % | I10: VALOR | J10: % | K10: VALOR | L10: % | M10: VALOR | N10: % | O10: VALOR | P10: % | Q10: VALOR | R10: % | S10: VALOR | T10: % | U10: VALOR | V10: % | W10: VALOR | X10: % | Y10: VALOR | Z10: % | AA10: VALOR | AB10: % | AC10: VALOR | AD10: % | AE10: VALOR | AF10: % | AG10: VALOR | AH10: % | AI10: VALOR | AJ10: % | AK10: VALOR | AL10: %
B11: SALARIO AÑO 2024
B12: SALARIO BASE MES | C12: 6174985 | E12: 5671970 | G12: 3434120.1 | I12: 3434120.1 | K12: 3434120.1 | M12: 3737870.8 | O12: 2935453 | Q12: 2314516.8 | S12: 5671970 | U12: 1550846.1 | W12: 1634033.3 | Y12: 1300000 | AA12: 1300000 | AC12: 1300000 | AE12: 1300000 | AG12: 1388166.7 | AI12: 3434120.1 | AK12: 1300000
B13: No. DE SALARIOS | C13: =+C12/$C$5 -> 4.7499885 | E13: =+E12/$C$5 -> 4.3630539 | G13: =+G12/$C$5 -> 2.6416308 | I13: =+I12/$C$5 -> 2.6416308 | K13: =+K12/$C$5 -> 2.6416308 | M13: =+M12/$C$5 -> 2.8752853 | O13: =+O12/$C$5 -> 2.2580408 | Q13: =+Q12/$C$5 -> 1.7803976 | S13: =+S12/$C$5 -> 4.3630539 | U13: =+U12/$C$5 -> 1.1929585 | W13: =+W12/$C$5 -> 1.2569487 | Y13: =+Y12/$C$5 -> 1 | AA13: =+AA12/$C$5 -> 1 | AC13: =+AC12/$C$5 -> 1 | AE13: =AE12/C5 -> 1 | AG13: =+AG12/$C$5 -> 1.0678205 | AI13: =+AI12/$C$5 -> 2.6416308 | AK13: =+AK12/$C$5 -> 1
B14: SALARIO BASE AÑO | C14: =12*C12 -> 74099820 | D14: 1 | E14: =12*E12 -> 68063640 | F14: 1 | G14: =12*G12 -> 41209441 | H14: 1 | I14: =12*I12 -> 41209441 | J14: 1 | K14: =12*K12 -> 41209441 | L14: 1 | M14: =12*M12 -> 44854450 | N14: 1 | O14: =12*O12 -> 35225436 | P14: 1 | Q14: =12*Q12 -> 27774202 | R14: 1 | S14: =12*S12 -> 68063640 | T14: 1 | U14: =12*U12 -> 18610153 | V14: 1 | W14: =12*W12 -> 19608400 | X14: 1 | Y14: =12*Y12 -> 15600000 | Z14: 1 | AA14: =12*AA12 -> 15600000 | AB14: 1 | AC14: =12*AC12 -> 15600000 | AD14: 1 | AE14: =+AE12*12 -> 15600000 | AG14: =12*AG12 -> 16658000 | AH14: 1 | AI14: =12*AI12 -> 41209441 | AJ14: 1 | AK14: =12*AK12 -> 15600000 | AL14: 1
C16: VALORES ANUALES | D16: % ANUALES | E16: VALORES ANUALES | F16: % ANUALES | G16: VALORES ANUALES | H16: % ANUALES | I16: VALORES ANUALES | J16: % ANUALES | K16: VALORES ANUALES | L16: % ANUALES | M16: VALORES ANUALES | N16: % ANUALES | O16: VALORES ANUALES | P16: % ANUALES | Q16: VALORES ANUALES | R16: % ANUALES | S16: VALORES ANUALES | T16: % ANUALES | U16: VALORES ANUALES | V16: % ANUALES | W16: VALORES ANUALES | X16: % ANUALES | Y16: VALORES ANUALES | Z16: % ANUALES | AA16: VALORES ANUALES | AB16: % ANUALES | AC16: VALORES ANUALES | AD16: % ANUALES | AE16: VALORES ANUALES | AF16: % ANUALES | AG16: VALORES ANUALES | AH16: % ANUALES | AI16: VALORES ANUALES | AJ16: % ANUALES | AK16: VALORES ANUALES | AL16: % ANUALES
B17: SUBSIDIO DE TRANSPORTE (MES) | C17: =IF(C13<=2,$C$6,0) -> 0 | E17: =IF(E13<=2,$C$6,0) -> 0 | G17: =IF(G13<=2,$C$6,0) -> 0 | I17: =IF(I13<=2,$C$6,0) -> 0 | K17: =IF(K13<=2,$C$6,0) -> 0 | M17: =IF(M13<=2,$C$6,0) -> 0 | O17: =IF(O13<=2,$C$6,0) -> 0 | Q17: =IF(Q13<=2,$C$6,0) -> 162000 | S17: =IF(S13<=2,$C$6,0) -> 0 | U17: =IF(U13<=2,$C$6,0) -> 162000 | W17: =IF(W13<=2,$C$6,0) -> 162000 | Y17: =IF(Y13<=2,$C$6,0) -> 162000 | AA17: =IF(AA13<=2,$C$6,0) -> 162000 | AC17: =IF(AC13<=2,$C$6,0) -> 162000 | AE17: =IF(AE13<=2,$C$6,0) -> 162000 | AG17: =IF(AG13<=2,$C$6,0) -> 162000 | AI17: =IF(AI13<=2,$C$6,0) -> 0 | AK17: =IF(AK13<=2,$C$6,0) -> 162000
B19: SUBSIDIO DE TRANSPORTE
B20: SUBSIDIO DE TRANSPORTE (ANUAL) | C20: =12*C17 -> 0 | D20: =+C20/C14 -> 0 | E20: =12*E17 -> 0 | F20: =+E20/E14 -> 0 | G20: =12*G17 -> 0 | H20: =+G20/G14 -> 0 | I20: =12*I17 -> 0 | J20: =+I20/I14 -> 0 | K20: =12*K17 -> 0 | L20: =+K20/K14 -> 0 | M20: =12*M17 -> 0 | N20: =+M20/M14 -> 0 | O20: =12*O17 -> 0 | P20: =+O20/O14 -> 0 | Q20: =12*Q17 -> 1944000 | R20: =+Q20/Q14 -> 0.06999301 | S20: =12*S17 -> 0 | T20: =+S20/S14 -> 0 | U20: =12*U17 -> 1944000 | V20: =+U20/U14 -> 0.10445911 | W20: =12*W17 -> 1944000 | X20: =+W20/W14 -> 0.099141184 | Y20: =12*Y17 -> 1944000 | Z20: =+Y20/Y14 -> 0.12461538 | AA20: =12*AA17 -> 1944000 | AB20: =+AA20/AA14 -> 0.12461538 | AC20: =12*AC17 -> 1944000 | AD20: =+AC20/AC14 -> 0.12461538 | AE20: =AE17*12 -> 1944000 | AF20: =AE20/AE14 -> 0.12461538 | AG20: =12*AG17 -> 1944000 | AH20: =+AG20/AG14 -> 0.11670068 | AI20: =12*AI17 -> 0 | AJ20: =+AI20/AI14 -> 0 | AK20: =12*AK17 -> 1944000 | AL20: =+AK20/AK14 -> 0.12461538
B22: PRESTACIONES SOCIALES
B23: CESANTIAS ANUALES | C23: =+(C14+C20)*30/360 -> 6174985 | D23: =+C23/C14 -> 0.083333333 | E23: =+(E14+E20)*30/360 -> 5671970 | F23: =+E23/E14 -> 0.083333333 | G23: =+(G14+G20)*30/360 -> 3434120.1 | H23: =+G23/G14 -> 0.083333333 | I23: =+(I14+I20)*30/360 -> 3434120.1 | J23: =+I23/I14 -> 0.083333333 | K23: =+(K14+K20)*30/360 -> 3434120.1 | L23: =+K23/K14 -> 0.083333333 | M23: =+(M14+M20)*30/360 -> 3737870.8 | N23: =+M23/M14 -> 0.083333333 | O23: =+(O14+O20)*30/360 -> 2935453 | P23: =+O23/O14 -> 0.083333333 | Q23: =+(Q14+Q20)*30/360 -> 2476516.8 | R23: =+Q23/Q14 -> 0.089166084 | S23: =+(S14+S20)*30/360 -> 5671970 | T23: =+S23/S14 -> 0.083333333 | U23: =+(U14)*30/360 -> 1550846.1 | V23: =+U23/U14 -> 0.083333333 | W23: =+(W14+W20)*30/360 -> 1796033.3 | X23: =+W23/W14 -> 0.091595099 | Y23: =+(Y14)*30/360 -> 1300000 | Z23: =+Y23/Y14 -> 0.083333333 | AA23: =+(AA14)*30/360 -> 1300000 | AB23: =+AA23/AA14 -> 0.083333333 | AC23: =+(AC14)*30/360 -> 1300000 | AD23: =+AC23/AC14 -> 0.083333333 | AE23: =+(AE14)*30/360 -> 1300000 | AF23: =+AE23/AE14 -> 0.083333333 | AG23: =+(AG14)*30/360 -> 1388166.7 | AH23: =+AG23/AG14 -> 0.083333333 | AI23: =+(AI14+AI20)*30/360 -> 3434120.1 | AJ23: =+AI23/AI14 -> 0.083333333 | AK23: =+(AK14)*30/360 -> 1300000 | AL23: =+AK23/AK14 -> 0.083333333
B24: INTERESES DE CESANTIAS | C24: =0.12*C23 -> 740998.2 | D24: =+C24/C14 -> 0.01 | E24: =0.12*E23 -> 680636.4 | F24: =+E24/E14 -> 0.01 | G24: =0.12*G23 -> 412094.41 | H24: =+G24/G14 -> 0.01 | I24: =0.12*I23 -> 412094.41 | J24: =+I24/I14 -> 0.01 | K24: =0.12*K23 -> 412094.41 | L24: =+K24/K14 -> 0.01 | M24: =0.12*M23 -> 448544.5 | N24: =+M24/M14 -> 0.01 | O24: =0.12*O23 -> 352254.36 | P24: =+O24/O14 -> 0.01 | Q24: =0.12*Q23 -> 297182.02 | R24: =+Q24/Q14 -> 0.01069993 | S24: =0.12*S23 -> 680636.4 | T24: =+S24/S14 -> 0.01 | U24: =0.12*U23 -> 186101.53 | V24: =+U24/U14 -> 0.01 | W24: =0.12*W23 -> 215524 | X24: =+W24/W14 -> 0.010991412 | Y24: =0.12*Y23 -> 156000 | Z24: =+Y24/Y14 -> 0.01 | AA24: =0.12*AA23 -> 156000 | AB24: =+AA24/AA14 -> 0.01 | AC24: =0.12*AC23 -> 156000 | AD24: =+AC24/AC14 -> 0.01 | AE24: =0.12*AE23 -> 156000 | AF24: =+AE24/AE14 -> 0.01 | AG24: =0.12*AG23 -> 166580 | AH24: =+AG24/AG14 -> 0.01 | AI24: =0.12*AI23 -> 412094.41 | AJ24: =+AI24/AI14 -> 0.01 | AK24: =0.12*AK23 -> 156000 | AL24: =+AK24/AK14 -> 0.01
B25: PRIMA | C25: =30*C14/360 -> 6174985 | D25: =C25/C14 -> 0.083333333 | E25: =30*E14/360 -> 5671970 | F25: =E25/E14 -> 0.083333333 | G25: =30*G14/360 -> 3434120.1 | H25: =+G25/G14 -> 0.083333333 | I25: =30*I14/360 -> 3434120.1 | J25: =+I25/I14 -> 0.083333333 | K25: =30*K14/360 -> 3434120.1 | L25: =+K25/K14 -> 0.083333333 | M25: =30*M14/360 -> 3737870.8 | N25: =+M25/M14 -> 0.083333333 | O25: =30*O14/360 -> 2935453 | P25: =+O25/O14 -> 0.083333333 | Q25: =30*Q14/360 -> 2314516.8 | R25: =+Q25/Q14 -> 0.083333333 | S25: =30*S14/360 -> 5671970 | T25: =+S25/S14 -> 0.083333333 | U25: =30*U14/360 -> 1550846.1 | V25: =+U25/U14 -> 0.083333333 | W25: =30*W14/360 -> 1634033.3 | X25: =+W25/W14 -> 0.083333333 | Y25: =30*Y14/360 -> 1300000 | Z25: =+Y25/Y14 -> 0.083333333 | AA25: =30*AA14/360 -> 1300000 | AB25: =+AA25/AA14 -> 0.083333333 | AC25: =30*AC14/360 -> 1300000 | AD25: =+AC25/AC14 -> 0.083333333 | AE25: =30*AE14/360 -> 1300000 | AF25: =+AE25/AE14 -> 0.083333333 | AG25: =30*AG14/360 -> 1388166.7 | AH25: =+AG25/AG14 -> 0.083333333 | AI25: =30*AI14/360 -> 3434120.1 | AJ25: =+AI25/AI14 -> 0.083333333 | AK25: =30*AK14/360 -> 1300000 | AL25: =+AK25/AK14 -> 0.083333333
B26: VACACIONES REMUNERADAS - 15 DIAS HABILES | C26: =15*C12/30 -> 3087492.5 | D26: =+C26/C14 -> 0.041666667 | E26: =15*E12/30 -> 2835985 | F26: =+E26/E14 -> 0.041666667 | G26: =15*G12/30 -> 1717060.1 | H26: =+G26/G14 -> 0.041666667 | I26: =15*I12/30 -> 1717060.1 | J26: =+I26/I14 -> 0.041666667 | K26: =15*K12/30 -> 1717060.1 | L26: =+K26/K14 -> 0.041666667 | M26: =15*M12/30 -> 1868935.4 | N26: =+M26/M14 -> 0.041666667 | O26: =15*O12/30 -> 1467726.5 | P26: =+O26/O14 -> 0.041666667 | Q26: =15*Q12/30 -> 1157258.4 | R26: =+Q26/Q14 -> 0.041666667 | S26: =15*S12/30 -> 2835985 | T26: =+S26/S14 -> 0.041666667 | U26: =15*U12/30 -> 775423.04 | V26: =+U26/U14 -> 0.041666667 | W26: =15*W12/30 -> 817016.67 | X26: =+W26/W14 -> 0.041666667 | Y26: =15*Y12/30 -> 650000 | Z26: =+Y26/Y14 -> 0.041666667 | AA26: =15*AA12/30 -> 650000 | AB26: =+AA26/AA14 -> 0.041666667 | AC26: =15*AC12/30 -> 650000 | AD26: =+AC26/AC14 -> 0.041666667 | AE26: =15*AE12/30 -> 650000 | AF26: =+AE26/AE14 -> 0.041666667 | AG26: =15*AG12/30 -> 694083.33 | AH26: =+AG26/AG14 -> 0.041666667 | AI26: =15*AI12/30 -> 1717060.1 | AJ26: =+AI26/AI14 -> 0.041666667 | AK26: =15*AK12/30 -> 650000 | AL26: =+AK26/AK14 -> 0.041666667
B28: SEGURIDAD SOCIAL
B29: SALUD (ARTICULO 10, LEY 1122 DEL 2007 Y ARTICULO 25 LEY 1607 DEL 2012) | C29: =+D29*C14 -> 6298484.7 | D29: 0.085 | E29: =+F29*E14 -> 5785409.4 | F29: 0.085 | G29: =+H29*G14 -> 3502802.5 | H29: 0.085 | I29: =+J29*I14 -> 3502802.5 | J29: 0.085 | K29: =+L29*K14 -> 3502802.5 | L29: 0.085 | M29: =+N29*M14 -> 3812628.2 | N29: 0.085 | O29: =+P29*O14 -> 2994162.1 | P29: 0.085 | Q29: =+R29*Q14 -> 2360807.2 | R29: 0.085 | S29: =+T29*S14 -> 5785409.4 | T29: 0.085 | U29: =+V29*U14 -> 1581863 | V29: 0.085 | W29: =+X29*W14 -> 1666714 | X29: 0.085 | Y29: =+Z29*Y14 -> 1326000 | Z29: 0.085 | AA29: =+AB29*AA14 -> 1326000 | AB29: 0.085 | AC29: =+AD29*AC14 -> 1326000 | AD29: 0.085 | AE29: =+AF29*AE14 -> 1326000 | AF29: 0.085 | AG29: =+AH29*AG14 -> 1415930 | AH29: 0.085 | AI29: =+AJ29*AI14 -> 3502802.5 | AJ29: 0.085 | AK29: =+AL29*AK14 -> 1326000 | AL29: 0.085
B30: PENSIONES (LEY 797 DE 2003, ARTICULO 7 Y DECRETO 4982 DE 2007) | C30: =+D30*C14 -> 8891978.4 | D30: 0.12 | E30: =+F30*E14 -> 8167636.8 | F30: 0.12 | G30: =+H30*G14 -> 4945132.9 | H30: 0.12 | I30: =+J30*I14 -> 4945132.9 | J30: 0.12 | K30: =+L30*K14 -> 4945132.9 | L30: 0.12 | M30: =+N30*M14 -> 5382534 | N30: 0.12 | O30: =+P30*O14 -> 4227052.3 | P30: 0.12 | Q30: =+R30*Q14 -> 3332904.3 | R30: 0.12 | S30: =+T30*S14 -> 8167636.8 | T30: 0.12 | U30: =+V30*U14 -> 2233218.4 | V30: 0.12 | W30: =+X30*W14 -> 2353008 | X30: 0.12 | Y30: =+Z30*Y14 -> 1872000 | Z30: 0.12 | AA30: =+AB30*AA14 -> 1872000 | AB30: 0.12 | AC30: =+AD30*AC14 -> 1872000 | AD30: 0.12 | AE30: =+AF30*AE14 -> 1872000 | AF30: 0.12 | AG30: =+AH30*AG14 -> 1998960 | AH30: 0.12 | AI30: =+AJ30*AI14 -> 4945132.9 | AJ30: 0.12 | AK30: =+AL30*AK14 -> 1872000 | AL30: 0.12
B31: RIESGOS PROFESIONALES ARL (DECRETO 1772 DE 1994 ARTICULO 13) | C31: =+D31*C14 -> 5157347.5 | D31: 0.0696 | E31: =+F31*E14 -> 4737229.4 | F31: 0.0696 | G31: =+H31*G14 -> 2868177.1 | H31: 0.0696 | I31: =+J31*I14 -> 2868177.1 | J31: 0.0696 | K31: =+L31*K14 -> 2868177.1 | L31: 0.0696 | M31: =+N31*M14 -> 3121869.7 | N31: 0.0696 | O31: =+P31*O14 -> 2451690.3 | P31: 0.0696 | Q31: =+R31*Q14 -> 1933084.5 | R31: 0.0696 | S31: =+T31*S14 -> 4737229.4 | T31: 0.0696 | U31: =+V31*U14 -> 1295266.7 | V31: 0.0696 | W31: =+X31*W14 -> 1364744.6 | X31: 0.0696 | Y31: =+Z31*Y14 -> 1085760 | Z31: 0.0696 | AA31: =+AB31*AA14 -> 1085760 | AB31: 0.0696 | AC31: =+AD31*AC14 -> 1085760 | AD31: 0.0696 | AE31: =+AF31*AE14 -> 1085760 | AF31: 0.0696 | AG31: =+AH31*AG14 -> 1159396.8 | AH31: 0.0696 | AI31: =+AJ31*AI14 -> 2868177.1 | AJ31: 0.0696 | AK31: =+AL31*AK14 -> 1085760 | AL31: 0.0696
B34: APORTES PARAFISCALES
B35: SENA-LEY 1607 DEL 2012 | C35: =+D35*C14 -> 0 | D35: 0 | E35: =+F35*E14 -> 0 | F35: 0 | G35: =+H35*G14 -> 0 | H35: 0 | I35: =+J35*I14 -> 0 | J35: 0 | K35: =+L35*K14 -> 0 | L35: 0 | M35: =+N35*M14 -> 0 | N35: 0 | O35: =+P35*O14 -> 0 | P35: 0 | Q35: =+R35*Q14 -> 0 | R35: 0 | S35: =+T35*S14 -> 0 | T35: 0 | U35: =+V35*U14 -> 0 | V35: 0 | W35: =+X35*W14 -> 0 | X35: 0 | Y35: =+Z35*Y14 -> 0 | Z35: 0 | AA35: =+AB35*AA14 -> 0 | AB35: 0 | AC35: =+AD35*AC14 -> 0 | AD35: 0 | AE35: =+AF35*AE14 -> 0 | AF35: 0 | AG35: =+AH35*AG14 -> 0 | AH35: 0 | AI35: =+AJ35*AI14 -> 0 | AJ35: 0 | AK35: =+AL35*AK14 -> 0 | AL35: 0
B36: ICBF-LEY 1607 DEL 2012 | C36: =+D36*C14 -> 0 | D36: 0 | E36: =+F36*E14 -> 0 | F36: 0 | G36: =+H36*G14 -> 0 | H36: 0 | I36: =+J36*I14 -> 0 | J36: 0 | K36: =+L36*K14 -> 0 | L36: 0 | M36: =+N36*M14 -> 0 | N36: 0 | O36: =+P36*O14 -> 0 | P36: 0 | Q36: =+R36*Q14 -> 0 | R36: 0 | S36: =+T36*S14 -> 0 | T36: 0 | U36: =+V36*U14 -> 0 | V36: 0 | W36: =+X36*W14 -> 0 | X36: 0 | Y36: =+Z36*Y14 -> 0 | Z36: 0 | AA36: =+AB36*AA14 -> 0 | AB36: 0 | AC36: =+AD36*AC14 -> 0 | AD36: 0 | AE36: =+AF36*AE14 -> 0 | AF36: 0 | AG36: =+AH36*AG14 -> 0 | AH36: 0 | AI36: =+AJ36*AI14 -> 0 | AJ36: 0 | AK36: =+AL36*AK14 -> 0 | AL36: 0
B37: CAJA DE COMPENSACION | C37: =IF(C13<=10,0.04*C14,0) -> 2963992.8 | D37: =+C37/C14 -> 0.04 | E37: =IF(E13<=10,0.04*E14,0) -> 2722545.6 | F37: =+E37/E14 -> 0.04 | G37: =IF(G13<=10,0.04*G14,0) -> 1648377.6 | H37: =+G37/G14 -> 0.04 | I37: =IF(I13<=10,0.04*I14,0) -> 1648377.6 | J37: =+I37/I14 -> 0.04 | K37: =IF(K13<=10,0.04*K14,0) -> 1648377.6 | L37: =+K37/K14 -> 0.04 | M37: =IF(M13<=10,0.04*M14,0) -> 1794178 | N37: =+M37/M14 -> 0.04 | O37: =IF(O13<=10,0.04*O14,0) -> 1409017.4 | P37: =+O37/O14 -> 0.04 | Q37: =IF(Q13<=10,0.04*Q14,0) -> 1110968.1 | R37: =+Q37/Q14 -> 0.04 | S37: =IF(S13<=10,0.04*S14,0) -> 2722545.6 | T37: =+S37/S14 -> 0.04 | U37: =IF(U13<=10,0.04*U14,0) -> 744406.12 | V37: =+U37/U14 -> 0.04 | W37: =IF(W13<=10,0.04*W14,0) -> 784336 | X37: =+W37/W14 -> 0.04 | Y37: =IF(Y13<=10,0.04*Y14,0) -> 624000 | Z37: =+Y37/Y14 -> 0.04 | AA37: =IF(AA13<=10,0.04*AA14,0) -> 624000 | AB37: =+AA37/AA14 -> 0.04 | AC37: =IF(AC13<=10,0.04*AC14,0) -> 624000 | AD37: =+AC37/AC14 -> 0.04 | AE37: =IF(AE13<=10,0.04*AE14,0) -> 624000 | AF37: =+AE37/AE14 -> 0.04 | AG37: =IF(AG13<=10,0.04*AG14,0) -> 666320 | AH37: =+AG37/AG14 -> 0.04 | AI37: =IF(AI13<=10,0.04*AI14,0) -> 1648377.6 | AJ37: =+AI37/AI14 -> 0.04 | AK37: =IF(AK13<=10,0.04*AK14,0) -> 624000 | AL37: =+AK37/AK14 -> 0.04
B40: DOMINICALES Y FESTIVOS REMUNERADOS
B41: RECARGOS NOCTURNOS (DURANTE 10 DE LAS 12 HORAS QUE LLEGA A TRABAJAR) | C41: =+D41*C14 -> 5186987.4 | D41: 0.07 | E41: =+F41*E14 -> 4764454.8 | F41: 0.07 | G41: =+H41*G14 -> 5769321.8 | H41: 0.14 | I41: =+J41*I14 -> 5769321.8 | J41: 0.14 | K41: =+L41*K14 -> 5769321.8 | L41: 0.14 | M41: =+N41*M14 -> 0 | N41: 0 | O41: =+P41*O14 -> 4931561 | P41: 0.14 | Q41: =+R41*Q14 -> 4166130.3 | R41: 0.15 | S41: =+T41*S14 -> 4764454.8 | T41: 0.07 | U41: =+V41*U14 -> 2419319.9 | V41: 0.13 | W41: =+X41*W14 -> 3529512 | X41: 0.18 | Y41: =+Z41*Y14 -> 1404000 | Z41: 0.09 | AA41: =+AB41*AA14 -> 2340000 | AB41: 0.15 | AC41: =+AD41*AC14 -> 1560000 | AD41: 0.1 | AE41: =+AF41*AE14 -> 1560000 | AF41: 0.1 | AG41: =+AH41*AG19 -> 0 | AH41: 0 | AI41: =+AJ41*AI14 -> 5769321.8 | AJ41: 0.14 | AK41: =+AL41*AK14 -> 1560000 | AL41: 0.1
B42: OTROS AUXILIOS EMPRESARIALES | C42: =0.05*C14 -> 3704991 | D42: 0.05 | E42: =0.05*E14 -> 3403182 | F42: 0.05 | G42: =0.05*G14 -> 2060472.1 | H42: =+G42/G14 -> 0.05 | I42: =0.05*I14 -> 2060472.1 | J42: =+I42/I14 -> 0.05 | K42: =0.05*K14 -> 2060472.1 | L42: =+K42/K14 -> 0.05 | M42: =0.05*M14 -> 2242722.5 | N42: 0.1 | O42: =0.05*O14 -> 1761271.8 | P42: =+O42/O14 -> 0.05 | Q42: =0.05*Q14 -> 1388710.1 | R42: 0.08 | S42: =0.05*S14 -> 3403182 | T42: 0.05 | U42: =0.05*U14 -> 930507.65 | V42: 0.05 | W42: =+X42*W14 -> 980420 | X42: 0.05 | Y42: =0.05*Y14 -> 780000 | Z42: 0.03 | AA42: =0.05*AA14 -> 780000 | AB42: 0.05 | AC42: =0.05*AC14 -> 780000 | AD42: 0.06 | AE42: =0.05*AE14 -> 780000 | AF42: 0.06 | AG42: 489000 | AH42: 0.1 | AI42: =0.05*AI14 -> 2060472.1 | AJ42: =+AI42/AI14 -> 0.05 | AK42: =0.05*AK14 -> 780000 | AL42: 0.06
B44: DOTACION
B45: DOTACION | C45: 0 | D45: =+C45/C14 -> 0 | E45: 0 | F45: =+E45/E14 -> 0 | G45: 0 | H45: =+G45/G14 -> 0 | I45: 0 | J45: =+I45/I14 -> 0 | L45: =+K45/K14 -> 0 | N45: =+M45/M14 -> 0 | O45: 200000 | P45: =+O45/O14 -> 0.0056777154 | Q45: 200000 | R45: =+Q45/Q14 -> 0.0072009269 | S45: 0 | T45: 0 | U45: 200000 | V45: =+U45/U14 -> 0.010746822 | W45: 200000 | X45: =+W45/W14 -> 0.01019971 | Z45: =+Y45/Y14 -> 0 | AA45: 200000 | AB45: =+AA45/AA14 -> 0.012820513 | AC45: 200000 | AD45: =+AC45/AC14 -> 0.012820513 | AE45: 200000 | AF45: =+AE45/AE14 -> 0.012820513 | AG45: 200000 | AH45: =+AG45/AG14 -> 0.012006243 | AJ45: =+AI45/AI14 -> 0 | AK45: 200000 | AL45: =+AK45/AK14 -> 0.012820513
B46: TOTAL PRESTACIONES | C46: =SUM(C19:C42) -> 48382242 | D46: =ROUND(SUM(D20:D45),4) -> 0.6529 | E46: =SUM(E19:E42) -> 44441020 | F46: =ROUND(SUM(F20:F45),4) -> 0.6529 | G46: =SUM(G19:G42) -> 29791679 | H46: =ROUND(SUM(H20:H45),4) -> 0.7229 | I46: =SUM(I19:I42) -> 29791679 | J46: =ROUND(SUM(J20:J45),4) -> 0.7229 | K46: =SUM(K19:K42) -> 29791679 | L46: =ROUND(SUM(L20:L45),4) -> 0.7229 | M46: =SUM(M19:M42) -> 26147154 | N46: =ROUND(SUM(N20:N45),4) -> 0.6329 | O46: =SUM(O19:O45) -> 25665642 | P46: =ROUND(SUM(P20:P45),4) -> 0.7286 | Q46: =SUM(Q19:Q45) -> 22682079 | R46: =ROUND(SUM(R20:R45),4) -> 0.8467 | S46: =SUM(S19:S45) -> 44441020 | T46: =ROUND(SUM(T20:T45),4) -> 0.6529 | U46: =SUM(U19:U45) -> 15411798 | V46: =ROUND(SUM(V20:V45),4) -> 0.8281 | W46: =SUM(W19:W45) -> 17285342 | X46: =ROUND(SUM(X20:X45),4) -> 0.8815 | Y46: =SUM(Y19:Y42) -> 12441760 | Z46: =ROUND(SUM(Z20:Z45),4) -> 0.7775 | AA46: =SUM(AA19:AA45) -> 13577760 | AB46: =ROUND(SUM(AB20:AB45),4) -> 0.8704 | AC46: =SUM(AC19:AC45) -> 12797760 | AD46: =ROUND(SUM(AD20:AD45),4) -> 0.8304 | AE46: =SUM(AE19:AE45) -> 12797760 | AF46: =ROUND(SUM(AF20:AF45),4) -> 0.8304 | AG46: =SUM(AG19:AG45) -> 11510603 | AH46: =ROUND(SUM(AH20:AH45),4) -> 0.7616 | AI46: =SUM(AI19:AI42) -> 29791679 | AJ46: =ROUND(SUM(AJ20:AJ45),4) -> 0.7229 | AK46: =SUM(AK19:AK45) -> 12797760 | AL46: =ROUND(SUM(AL20:AL45),4) -> 0.8304
B47: FACTOR PRESTACIONAL | D47: =1+D46 -> 1.6529 | F47: =1+F46 -> 1.6529 | H47: =1+H46 -> 1.7229 | J47: =1+J46 -> 1.7229 | L47: =1+L46 -> 1.7229 | N47: =1+N46 -> 1.6329 | P47: =1+P46 -> 1.7286 | R47: =1+R46 -> 1.8467 | T47: =1+T46 -> 1.6529 | V47: =1+V46 -> 1.8281 | X47: =1+X46 -> 1.8815 | Z47: =1+Z46 -> 1.7775 | AB47: =1+AB46 -> 1.8704 | AD47: =1+AD46 -> 1.8304 | AF47: =1+AF46 -> 1.8304 | AH47: =1+AH46 -> 1.7616 | AJ47: =1+AJ46 -> 1.7229 | AL47: =1+AL46 -> 1.8304
B50: VALOR MES SIN FACTOR | C50: =+C14/12 -> 6174985 | E50: =+E14/12 -> 5671970 | G50: =+G14/12 -> 3434120.1 | I50: =+I14/12 -> 3434120.1 | K50: =+K14/12 -> 3434120.1 | M50: =+M14/12 -> 3737870.8 | O50: =+O14/12 -> 2935453 | Q50: =+Q14/12 -> 2314516.8 | S50: =+S14/12 -> 5671970 | U50: =+U14/12 -> 1550846.1 | W50: =+W14/12 -> 1634033.3 | Y50: =+Y14/12 -> 1300000 | AA50: =+AA14/12 -> 1300000 | AC50: =+AC14/12 -> 1300000 | AE50: =+AE14/12 -> 1300000 | AG50: =+AG14/12 -> 1388166.7 | AI50: =+AI14/12 -> 3434120.1 | AK50: =+AK14/12 -> 1300000
B51: VALOR DIA SIN FACTOR | C51: =+C50/30 -> 205832.83 | E51: =+E50/30 -> 189065.67 | G51: =+G50/30 -> 114470.67 | I51: =+I50/30 -> 114470.67 | K51: =+K50/30 -> 114470.67 | M51: =+M50/30 -> 124595.69 | O51: =+O50/30 -> 97848.433 | Q51: =+Q50/30 -> 77150.562 | S51: =+S50/30 -> 189065.67 | U51: =+U50/30 -> 51694.87 | W51: =+W50/30 -> 54467.778 | Y51: =+Y50/30 -> 43333.333 | AA51: =+AA50/30 -> 43333.333 | AC51: =+AC50/30 -> 43333.333 | AE51: =+AE50/30 -> 43333.333 | AG51: =+AG50/30 -> 46272.222 | AI51: =+AI50/30 -> 114470.67 | AK51: =+AK50/30 -> 43333.333
B52: VALOR HORA SIN FACTOR | C52: =+C51/8 -> 25729.104 | E52: =+E51/8 -> 23633.208 | G52: =+G51/8 -> 14308.834 | I52: =+I51/8 -> 14308.834 | K52: =+K51/8 -> 14308.834 | M52: =+M51/8 -> 15574.462 | O52: =+O51/8 -> 12231.054 | Q52: =+Q51/8 -> 9643.8202 | S52: =+S51/8 -> 23633.208 | U52: =+U51/8 -> 6461.8587 | W52: =+W51/8 -> 6808.4722 | Y52: =+Y51/8 -> 5416.6667 | AA52: =+AA51/8 -> 5416.6667 | AC52: =+AC51/8 -> 5416.6667 | AE52: =+AE51/8 -> 5416.6667 | AG52: =+AG51/8 -> 5784.0278 | AI52: =+AI51/8 -> 14308.834 | AK52: =+AK51/8 -> 5416.6667
B53: VALOR MES CON FACTOR | C53: =+(C46+C14)/12 -> 10206839 | E53: =+(E46+E14)/12 -> 9375388.3 | G53: =+(G46+G14)/12 -> 5916760 | I53: =+(I46+I14)/12 -> 5916760 | K53: =+(K46+K14)/12 -> 5916760 | M53: =+(M46+M14)/12 -> 5916800.3 | O53: =+(O46+O14)/12 -> 5074256.5 | Q53: =+(Q46+Q14)/12 -> 4204690.1 | S53: =+(S46+S14)/12 -> 9375388.3 | U53: =+(U46+U14)/12 -> 2835162.6 | W53: =+(W46+W14)/12 -> 3074478.5 | Y53: =+(Y46+Y14)/12 -> 2336813.3 | AA53: =+(AA46+AA14)/12 -> 2431480 | AC53: =+(AC46+AC14)/12 -> 2366480 | AE53: =+(AE46+AE14)/12 -> 2366480 | AG53: =+(AG46+AG14)/12 -> 2347383.6 | AI53: =+(AI46+AI14)/12 -> 5916760 | AK53: =+(AK46+AK14)/12 -> 2366480
B54: VALOR DIA CON FACTOR | C54: =+C53/30 -> 340227.95 | E54: =+E53/30 -> 312512.94 | G54: =+G53/30 -> 197225.33 | I54: =+I53/30 -> 197225.33 | K54: =+K53/30 -> 197225.33 | M54: =+M53/30 -> 197226.68 | O54: =+O53/30 -> 169141.88 | Q54: =+Q53/30 -> 140156.34 | S54: =+S53/30 -> 312512.94 | U54: =+U53/30 -> 94505.421 | W54: =+W53/30 -> 102482.62 | Y54: =+Y53/30 -> 77893.778 | AA54: =+AA53/30 -> 81049.333 | AC54: =+AC53/30 -> 78882.667 | AE54: =+AE53/30 -> 78882.667 | AG54: =+AG53/30 -> 78246.121 | AI54: =+AI53/30 -> 197225.33 | AK54: =+AK53/30 -> 78882.667
B55: VALOR HORA CON FACTOR | C55: =+C54/8 -> 42528.494 | E55: =+E54/8 -> 39064.118 | G55: =+G54/8 -> 24653.167 | I55: =+I54/8 -> 24653.167 | K55: =+K54/8 -> 24653.167 | M55: =+M54/8 -> 24653.335 | O55: =+O54/8 -> 21142.735 | Q55: =+Q54/8 -> 17519.542 | S55: =+S54/8 -> 39064.118 | U55: =+U54/8 -> 11813.178 | W55: =+W54/8 -> 12810.327 | Y55: =+Y54/8 -> 9736.7222 | AA55: =+AA54/8 -> 10131.167 | AC55: =+AC54/8 -> 9860.3333 | AE55: =+AE54/8 -> 9860.3333 | AG55: =+AG54/8 -> 9780.7651 | AI55: =+AI54/8 -> 24653.167 | AK55: =+AK54/8 -> 9860.3333
B62: =+PRESUPUESTO!B52 -> JESUS EDUARDO ROBLES SMITH
B63: =+PRESUPUESTO!B53 -> INGENIERO CIVIL
B64: =+PRESUPUESTO!B54 -> M.P. 25202-316144 CND

Sheet FM
B2: =+PRESUPUESTO!D2 -> "MEJORAMIENTO VIAL MEDIANTE LA CONSTRUCCIÓN DE PAVIMENTO RÍGIDO DE LA PRIMERA ETAPA DE LA VÍA QUE COMUNICA A LA VEREDA PONDORES EN EL CORREGIMIENTO DE CONEJO, MUNICIPIO DE FONSECA - DEPARTAMENTO DE LA GUAJIRA."
B3: FACTOR MULTIPLICADOR EMPRESAS DE CONSULTORIA
D5: CONCEPTO | I5: PORCENTAJE
B6: 1 | C6: Salarios y Prestaciones Sociales de Personal Facturable
B7: 1.1 | C7: Salarios | I7: 1
B8: 1.2 | C8: Prima anual (legal) | F8: 1 | G8: ÷ 12 = | I8: =1/12 -> 0.083333333
B9: 1.3 | C9: Cesantía | F9: 1 | G9: ÷ 12 = | I9: =1/12 -> 0.083333333
B10: 1.4 | C10: Intereses de cesantía | F10: 0.01 | G10: x 1.3. = | I10: 0.01
B11: 1.5 | C11: Vacaciones | I11: =+I9/2 -> 0.041666667
B12: 1.6 | C12: Seguridad Social (pensión) | I12: 0.12
B13: 1.7 | C13: Seguridad Social (salud) | I13: 0.085
B14: 1.8 | C14: Caja de Compensación Familiar | I14: 0.04
B15: 1.9 | C15: ARP | I15: 0.0696
B16: 1.1 | C16: Otros (Auxilios varios, prestaciones extralegales, Incapacidades no cubiertas) | I16: 0.03
B17: 1.11 | C17: Dotación | I17: 0.03
G18: Sub-total | I18: =SUM(I7:I17) -> 1.5929333
B20: 2 | C20: Gastos Generales
B21: 2.1 | C21: Asesoría jurídica | I21: 0.08
B22: 2.2 | C22: Asesoría legal, tributaria y contable | I22: 0.1
G23: Sub-total | I23: =SUM(I21:I22) -> 0.18
B25: 3 | C25: Gastos de legalización | I25: =SUM(I26:I32) -> 0.13
C27: ESTAMPILLA PROCULTURA | I27: =0.015 -> 0.015
C28: ESTAMPILLA ADULTO MAYOR | I28: =0.04 -> 0.04
C29: ESTAMPILLA PRO UNIVERSIDAD | I29: =0.02 -> 0.02
C30: ESTAMPILLA PRO DESARROLLO DEPARTAMENTAL | I30: =0.02 -> 0.02
C31: ESTAMPILLA PRO DESARROLLO FRONTERIZO | I31: =0.02 -> 0.02
C32: TASA PRO DEPORTE Y RECREACIÓN | I32: =0.015 -> 0.015
G34: Sub-total | I34: =+I25 -> 0.13
B36: 4 | C36: Honorarios | G36: Sub-total | I36: 0.09
B39: TOTAL | I39: =SUM(I36,I34,I23,I18) -> 1.9929333
B49: =+PRESUPUESTO!B52 -> JESUS EDUARDO ROBLES SMITH
B50: =+PRESUPUESTO!B53 -> INGENIERO CIVIL
B51: =+PRESUPUESTO!B54 -> M.P. 25202-316144 CND

Sheet PAGA
B2: =+PRESUPUESTO!D2 -> "MEJORAMIENTO VIAL MEDIANTE LA CONSTRUCCIÓN DE PAVIMENTO RÍGIDO DE LA PRIMERA ETAPA DE LA VÍA QUE COMUNICA A LA VEREDA PONDORES EN EL CORREGIMIENTO DE CONEJO, MUNICIPIO DE FONSECA - DEPARTAMENTO DE LA GUAJIRA."
B3: ANÁLISIS DE COSTOS PARA LA IMPLEMENTACIÓN DE PLAN DE ADAPTACIÓN DE LA GUÍA AMBIENTAL - PAGA
B5: 1 | D5: RECURSOS PARA LA IMPLEMENTACIÓN PAGA - PROGRAMA DE HSST (HIGIENE SEGURIDAD Y SALUD EN EL TRABAJO)
B6: No. | C6: PROGRAMA | D6: COMPONENTE | E6: ELEMENTOS | F6: UNIDAD | G6: CANTIDAD | H6: % DEDIC | I6: VALOR UNITARIO | J6: VALOR TOTAL
B7: 1 | C7: 1. DESARROLLO Y APLICACIÓN DE LA GESTIÓN AMBIENTAL | D7: Ingeniero Ambiental | E7: Elaboración de informes de implementación del PAGA (Actas, formatos y registros), capacitación y concienciación | F7: mes | G7: =+AIU!J6 -> 3 | H7: 1 | I7: =+FP!I53 -> 5916760 | J7: =+I7*H7*G7 -> 17750280
E8: Capacitacion ambiental personal de obra | F8: und | G8: 2 | I8: 850000 | J8: =+I8*G8 -> 1700000
B9: 3 | D9: Kit de emergencias | E9: Extintor (10 lbs) | F9: und | G9: 2 | I9: 90000 | J9: =+I9*G9 -> 180000
E10: Señal de extintor en acrilico de 22 cm x 15 cm | F10: und | G10: 2 | I10: 20000 | J10: =+I10*G10 -> 40000
E11: Camilla rígida | F11: und | G11: 2 | I11: 250000 | J11: =+I11*G11 -> 500000
E12: Inmovilizador de cabeza para camilla | F12: und | G12: 2 | I12: 90000 | J12: =+I12*G12 -> 180000
E13: Conos reflectivos | F13: und | G13: 16 | I13: 45000 | J13: =+I13*G13 -> 720000
E14: Botiquín dotado | F14: und | G14: 4 | I14: 280000 | J14: =+I14*G14 -> 1120000
B15: 4 | C15: 2. PROGRAMA ACTIVIDADES CONSTRUCTIVAS | D15: Kit de señalización en SST (Señales en acrilico de 15x15cm) | E15: Señal de uso de elementos de protección personal - EPP | F15: und | G15: 4 | I15: =+I10 -> 20000 | J15: =+I15*G15 -> 80000
E16: Señal de sustancia peligrosa | F16: und | G16: 2 | I16: =+I15 -> 20000 | J16: =+I16*G16 -> 40000
E17: Señal de ruta de evacuación | F17: und | G17: 2 | I17: =+I16 -> 20000 | J17: =+I17*G17 -> 40000
E18: Señal de puntos de encuentros | F18: und | G18: 2 | I18: =+I17 -> 20000 | J18: =+I18*G18 -> 40000
E19: Señal de baños | F19: und | G19: 2 | I19: =+I18 -> 20000 | J19: =+I19*G19 -> 40000
B20: 5 | D20: Baños | E20: Alquiler de baño de la zona (2) | F20: mes | G20: =+G7 -> 3 | I20: =180000*2 -> 360000 | J20: =+I20*G20 -> 1080000
B21: TOTAL COSTOS RECURSOS PARA LA IMPLEMENTACIÓN DEL PAGA - HIGIENE, SEGURIDAD Y SALUD EN EL TRABAJO - HSST | J21: =+SUM(J7:J20) -> 23510280
B24: 2 | D24: RECURSOS PARA LA IMPLEMENTACIÓN PAGA - FICHAS: (DAGA - 1.2, PAC-2.1-04, PAC-2.4-07, PAC-2.5-08, PGH-3.2-10,PGS-6.1-18, PGS-6.2-19)
B25: No. | C25: PROGRAMA | D25: COMPONENTE | E25: ELEMENTOS | F25: UNIDAD | G25: CANTIDAD | I25: VALOR UNITARIO | J25: VALOR TOTAL
B26: 1 | C26: 2. PROGRAMA ACTIVIDADES CONSTRUCTIVAS | D26: Kit para desperdicios sólidos | E26: Canecas de 65 litros con tapa | F26: und | G26: 4 | I26: 60000 | J26: =+I26*G26 -> 240000
E27: Bolsa color negro calibre 2" de 65 cm x 85 cm | F27: und | G27: 120 | I27: 1000 | J27: =+I27*G27 -> 120000
E28: Bolsa color rojo calibre 2" de 65 cm x 85 cm | F28: und | G28: =+G27 -> 120 | I28: =+I27 -> 1000 | J28: =+I28*G28 -> 120000
E29: Bolsa color verde calibre 2" de 65 cm x 85 cm | F29: und | G29: =+G28 -> 120 | I29: =+I28 -> 1000 | J29: =+I29*G29 -> 120000
B30: 2 | D30: Kit de señalización ambiental (Señales en acrílico de 15 x 15) | E30: Residuos reciclables | F30: und | G30: 2 | I30: 55000 | J30: =+I30*G30 -> 110000
E31: Residuos ordinarios | F31: und | G31: 2 | I31: =+I30 -> 55000 | J31: =+I31*G31 -> 110000
E32: Residuos peligrosos | F32: und | G32: 2 | I32: =+I31 -> 55000 | J32: =+I32*G32 -> 110000
B33: 3 | D33: Cubrimineto de materiales | E33: Cubrimiento de materiales granulares como bases, su bases, arena, con plástico calibre 6" de 3 m de ancho x 10 m de longitud | F33: m2 | G33: 1000 | I33: 18000 | J33: =+I33*G33 -> 18000000
B34: 4 | D34: Cubrimiento de escombros | E34: Cubrimiento de escombros con tela verde para cerramiento de 2.10 m de ancho x 15 m de longitud | F34: m2 | G34: =+G33 -> 1000 | I34: =+I33 -> 18000 | J34: =+I34*G34 -> 18000000
B35: 5 | D35: Kit de aseo de infraestructura | E35: Pala con mango | F35: und | G35: 4 | I35: 35000 | J35: =+I35*G35 -> 140000
E36: Carretilla (tipo boggy con llanta neumatica) | F36: und | G36: 4 | I36: 160000 | J36: =+I36*G36 -> 640000
E37: Cono mínimo de h: 45 cm | F37: und | G37: 20 | I37: 45000 | J37: =+I37*G37 -> 900000
E38: Balde plástico de 26 lt | F38: und | G38: 6 | I38: 40000 | J38: =+I38*G38 -> 240000
E39: Cepillo de casquillo de 37x7 | F39: und | G39: 2 | I39: 30000 | J39: =+I39*G39 -> 60000
B40: 6 | D40: Lavado de herramientas | E40: Caneca para lavado de herramientas con capacidad para 55 galones, acero o similar | F40: und | G40: 2 | I40: 80000 | J40: =+I40*G40 -> 160000
B41: 7 | C41: 3. PROGRAMA GESTIÓN HÍDRICA | D41: Kit de derrames | E41: El kit consta de pala con mango, balde plástico de 25 lt, bolsa roja de calibre 2", guantes, estopa y aserrín | F41: und | G41: 2 | I41: 250000 | J41: =+I41*G41 -> 500000
B42: 8 | C42: 5. MANEJO DE INSTALACIONES TEMPORALES DE MAQUINARIA Y EQUIPOS | D42: Cerramiento área de acopio y parqueo temporal de maquinaria | E42: Lona verde para cerramiento | F42: ml | G42: 2000 | I42: 2100 | J42: =+I42*G42 -> 4200000
E43: Cinta de señalización preventiva | F43: ml | G43: 4000 | I43: 1200 | J43: =+I43*G43 -> 4800000
B44: 9 | C44: 6. GESTIÓN SOCIAL | D44: Divulgación del proyecto | E44: Perifoneo (Incluye megafono) | F44: dias | G44: 15 | I44: 350000 | J44: =+I44*G44 -> 5250000
E45: Volantes informativos del proyecto | F45: und | G45: 2000 | I45: 200 | J45: =+I45*G45 -> 400000
E46: Capacitaciones cultura vial | F46: und | G46: 4 | I46: 500000 | J46: =+I46*G46 -> 2000000
B47: TOTAL COSTOS RECURSOS PARA LA IMPLEMENTACIÓN DEL PAGA - HIGIENE, SEGURIDAD Y SALUD EN EL TRABAJO - HSST | J47: =+SUM(J26:J46) -> 56220000
B48: TOTAL IMPLEMENTACIÓN | J48: =+J47+J21 -> 79730280
C56: =+PRESUPUESTO!B52 -> JESUS EDUARDO ROBLES SMITH
C57: =+PRESUPUESTO!B53 -> INGENIERO CIVIL
C58: =+PRESUPUESTO!B54 -> M.P. 25202-316144 CND

Sheet PMT
B2: =+PRESUPUESTO!D2 -> "MEJORAMIENTO VIAL MEDIANTE LA CONSTRUCCIÓN DE PAVIMENTO RÍGIDO DE LA PRIMERA ETAPA DE LA VÍA QUE COMUNICA A LA VEREDA PONDORES EN EL CORREGIMIENTO DE CONEJO, MUNICIPIO DE FONSECA - DEPARTAMENTO DE LA GUAJIRA."
B3: PLAN DE MANEJO DE TRÁNSITO
B4: 1.1845862
B5: ITEM | C5: DESCRIPCIÓN | D5: UNIDAD | E5: CANTIDAD | F5: TIEMPO EJECUCIÓN / MES | G5: VR / MES | H5: FP | I5: VALOR TOTAL
B6: 1 | C6: AUXILIAR DE TRÁNSITO | D6: UND | E6: 4 | F6: =+AIU!J6 -> 3 | G6: =+FP!AK12 -> 1300000 | H6: =+FP!AJ47 -> 1.7229 | I6: =+E6*F6*G6*H6 -> 26877240
B7: EQUIPO DE SEÑALIZACIÓN E INTERCOMUNICACIÓN
B8: ITEM | C8: DESCRIPCIÓN | E8: UNIDAD | F8: CANTIDAD | G8: VALOR | H8: VALOR PARCIAL
B9: 1 | C9: Conos de señalización vial en pvc 0.70m doble reflectivo (pag. 512-manual de señalización vial mintransporte 2015) | E9: UND | F9: 8 | G9: =45000 -> 45000 | H9: =+G9*F9 -> 360000
B10: 2 | C10: Delineador de señalización vial en pvc h=140m ranura para cinta de prevención (pag. 515-manual de señalización vial mintransporte 2015 | E10: UND | F10: =600 -> 600 | G10: 95000 | H10: =+G10*F10 -> 57000000
B11: 3 | C11: Barreras de señalización tipo maletín 2.00mx1.00mx0.50m (pag.520-manual de señalización vial mintransporte 2015) | E11: UND | F11: 8 | G11: 420000 | H11: =+G11*F11 -> 3360000
B12: 4 | C12: Paleta de control pare-siga h=0.45 (pag. 533- manual de señalización vial mintransporte 2015) | E12: UND | F12: 4 | G12: =50000 -> 50000 | H12: =+G12*F12 -> 200000
B13: 5 | C13: Señal informativa circular moviles tipo circular (manual de señalización vial minitransporte 2015) | E13: UND | F13: 8 | G13: 402000 | H13: =+G13*F13 -> 3216000
B14: 6 | C14: Señal preventiva tipo rombo moviles (0.60x0.60) (pag. 461-manual de señalización vial minitransporte 2015) | E14: UND | F14: 12 | G14: 402000 | H14: =+G14*F14 -> 4824000
B15: 7 | C15: Señal informativa de obras moviles tipo rectangular (1.20x60) (pág. 487-490 - manual de señalización vial minitransporte 2015) | E15: UND | F15: 16 | G15: 402000 | H15: =+G15*F15 -> 6432000
H16: =+I6 -> 26877240
B17: COSTO TOTAL EQUIPO | H17: =+SUM(H10:I15) -> 75032000
B18: COSTO TOTAL | H18: =+ROUND(H16+H17,0) -> 101909240
B25: =+PRESUPUESTO!B52 -> JESUS EDUARDO ROBLES SMITH
B26: =+PRESUPUESTO!B53 -> INGENIERO CIVIL
B27: =+PRESUPUESTO!B54 -> M.P. 25202-316144 CND

Sheet CARACTERIZACION 
B2: =+PRESUPUESTO!D2 -> "MEJORAMIENTO VIAL MEDIANTE LA CONSTRUCCIÓN DE PAVIMENTO RÍGIDO DE LA PRIMERA ETAPA DE LA VÍA QUE COMUNICA A LA VEREDA PONDORES EN EL CORREGIMIENTO DE CONEJO, MUNICIPIO DE FONSECA - DEPARTAMENTO DE LA GUAJIRA." | K2: De acuerdo con lo dispuesto en la Resolución numero 0001067 de 2015 por la cual se modifica la Resolución 1860 de 2013 y bajo la Resolución 1240 de 2013 (Por la cual se adoptan la Guía para la categorización de las vías) , se realiza la Caracterización del tramo vial del proyecto. A continuación se hace entrega de la siguiente información:
K3: CLASIFICACIÓN DE LA VÍA | M3: Via a cargo del municipio y distritos (o municipales)
B4: CARACTERIZACIÓN VIAL | K4: CRITERIOS PARA CATEGORIZAR UNA VIÍA
B6: I | C6: COSTOS DE PERSONAL PROFESIONAL
B7: CONCEPTO | D7: A | E7: B | F7: C | G7: D | H7: E
B8: Ítem | C8: CARGO / OFICIO | D8: CATEGORIA | E8: SUELDO O TARIFA MENSUAL $ | F8: F.P | G8: DURACION TOTAL (MESES) | H8: VALOR PARCIAL (B*C*D)
B9: I | C9: Personal Profesional:
B10: 1.1 | C10: Ingeniero especialista en SIG | D10: 1 | E10: =+FP!E12 -> 5671970 | F10: =+FP!F47 -> 1.6529 | G10: 0.025647875 | H10: =E10*F10*G10 -> 240453.94
B12: SUB-TOTAL COSTOS DE PERSONAL | H12: =SUM(H10:H11) -> 240453.94
B13: II | C13: PERSONAL TECNICO | D13: Cantidad | E13: SUELDO O TARIFA MENSUAL $ | F13: F.P | G13: DURACION TOTAL (MESES) | H13: VALOR PARCIAL (A*B*C*D)
B14: 2.1 | C14: Secetaria | D14: 1 | E14: =FP!AG12 -> 1388166.7 | F14: =FP!AH47 -> 1.7616 | G14: =G10 -> 0.025647875 | H14: =E14*F14*G14*D14 -> 62719.171
B15: 2.2 | C15: Topografo | D15: 1 | E15: =+FP!W12 -> 1634033.3 | F15: =+FP!X47 -> 1.8815 | G15: =+G10 -> 0.025647875 | H15: =E15*F15*G15*D15 -> 78852.693
B16: 2.3 | C16: Cadenero | D16: 2 | E16: =+FP!Y12 -> 1300000 | F16: =+FP!Z47 -> 1.7775 | G16: =+G15 -> 0.025647875 | H16: =E16*F16*G16*D16 -> 118531.66
B17: SUB-TOTAL COSTOS DE PERSONAL TECNICO | H17: =H14+H15+H16 -> 260103.52
B19: TOTAL PERSONAL (I + II) | H19: =H12+H17 -> 500557.46
B21: III | C21: COSTOS DIRECTOS CON FACTOR MULTIPLICADOR (RANGO MINIMO 1.00 - MAXIMO 1.25)
B22: Ítem | C22: ALQUILER DE EQUIPOS Y OTROS | D22: CANTIDAD | E22: TARIFA | F22: TOTAL DURACION MESES | G22: PORCENATJE | H22: VALOR PARCIAL
B23: 3.1 | C23: Alquiler equipo completo para georeferencia y captura, almacenamiento, analisis, transformacion y presentacion de toda la informacion geografica y sub - atributos. Incluye sofware ARCGIS | D23: 1 | E23: 5000000 | F23: 2 | G23: =100/100 -> 1 | H23: =E23*F23*D23*G23 -> 10000000
B24: 3.2 | C24: Alquiler computadores | D24: 1 | E24: 350000 | F24: =+G16 -> 0.025647875 | G24: =100/100 -> 1 | H24: =E24*F24*D24*G24 -> 8976.7564
B25: 3.3 | C25: Alquiler de camioneta 4x4 cilindraje 3000 cm3, incluye conductor | D25: 1 | E25: =+AIU!J40 -> 7000000 | F25: =+F24 -> 0.025647875 | G25: =100/100 -> 1 | H25: =E25*F25*D25*G25 -> 179535.13
B26: 3.5 | C26: Gastos de papelerìa | D26: 1 | E26: =+AIU!J37 -> 241237.73 | F26: =+F23 -> 2 | G26: =100/100 -> 1 | H26: =E26*F26*D26*G26 -> 482475.45
B27: SUB- TOTAL COSTOS DIRECTOS (III) | H27: =SUM(H23:H26) -> 10670987
B29: SUB- TOTAL I + II + III | H29: =H10+H27+H19 -> 11411999
B31: TOTAL CARACTERIZACION VIAL | H31: =+ROUND(H29,0) -> 11411999
C33: TOTAL KM A CARACTERIZAR | G33: =853/1000 -> 0.853
B37: =+PMT!B25 -> JESUS EDUARDO ROBLES SMITH
B38: =+PMT!B26 -> INGENIERO CIVIL
B39: =+PMT!B27 -> M.P. 25202-316144 CND
C41: Descripción: De acuerdo con la Resolución No. 0001067 de 2015 por la cual se modifica la Resolución 1860 de 2013, el producto entregable de la caracterización corresponde al inventario vial de la red terciaria, la metodología a utilizar para el levantamiento de la caracterización de la vía en campo es descrita con detalle a continuación: El Profesional (ingeniero especialista en SIG) es encargado de entregar los siguientes productos en medio magnético al contratista con ayuda del equipo completo para georreferenciación y captura, almacenamiento, análisis, transformación y presentación de toda la información geográfica y sub – atributos en archivos software ARCGIS (SHAPE FILES). Los entregables son los siguientes: -Componente espacial ( Sistema de referencia espacial, Coordenadas de inicio y fin de la vía caracterizada) -Longitud caracterizada -Descripción de la vía (Uso) -Nombre de la vía -Pendientes de la vía -Tipo y estado de la superficie de rodadura -Categorización de la vía - Inventario de alcantarillas (Valoración de las obras) existentes - Inventario de puentes en la vía (Valoración de las obras) -Identificación visual de puntos críticos y/o zonas inestables en la vía

Sheet Sum
B2: =+PRESUPUESTO!D2 -> "MEJORAMIENTO VIAL MEDIANTE LA CONSTRUCCIÓN DE PAVIMENTO RÍGIDO DE LA PRIMERA ETAPA DE LA VÍA QUE COMUNICA A LA VEREDA PONDORES EN EL CORREGIMIENTO DE CONEJO, MUNICIPIO DE FONSECA - DEPARTAMENTO DE LA GUAJIRA."
B5: MATERIALES Y SUMINISTROS
B8: DESCRIPCIÓN | C8: UND | D8: PRECIO-[$]
B11: AGREGADOS
B12: Recebo Granular | C12: M3 | D12: 50718.62
B13: Cemento | C13: KG | D13: 700 | F13: =33000/50 -> 660
B14: Agregado para concreto hidraulico | C14: M3 | D14: 85000
B15: Arena | C15: M3 | D15: 65000
B16: Material de Sub- Base CBR=30% | C16: M3 | D16: 75000
B17: Agua | C17: LT | D17: 192.9
B18: Piedra | C18: M3 | D18: 42000
B19: Material de Base (gradación 3) | C19: m3 | D19: 60000
B20: Material de afirmado | C20: m3 | D20: 31292.726
B21: Material filtrante | C21: m3 | D21: 51806.38
B22: MADERAS
B23: Estaca 2"x2"x0.50m | C23: UND | D23: 600
B24: Formaleta | C24: M2 | D24: 18500
B25: Formaleta (Concreto clase D, E, F y G) | C25: M2 | D25: 7949.1121
B26: FERRETERIA
B27: Clavos | C27: LB | D27: 3500
B28: Esferas reflectivas | C28: Kg | D28: 6541.0923
B29: Disolvente para pintura tráfico (acrilico) | C29: Gal | D29: 34301.425
B30: Pintura acrílica pura para tráfico | C30: Gal | D30: 71856.739
B31: Pintura acrilica, esmalte o similar | C31: Gal | D31: =70064.4431373494 -> 70064.443
B32: Tubo concreto reforzado 900 mm (tipo 1) | C32: m | D32: 630000
B33: ACERO
B34: Alambre Negro para Amarre | C34: KG | D34: 8900
B35: Alambre Galvanizado | C35: KG | D35: 10800
B36: Acero estructural | C36: KG | D36: 7150
B37: Barras de Transferencia de carga 1-1/8" | C37: KG | D37: 7200
B38: Barras de unión de 1/2 " | C38: KG | D38: 7200
B39: Malla Electrosoldada 600 15x15cm | C39: KG | D39: 6500
B40: OTROS
B41: Permiso Escombrera | C41: UND | D41: 30500
B42: Señal (grupo 2). Tablero en lamina galvanizada de 1,2 m * 0,4 m calibre | C42: UND | D42: 402000
B43: Disco diamantado | C43: UND | D43: 710000
B44: Cordon de junta en espuma de polietileno Sikarod o similar | C44: M | D44: 1663.0838
B45: Concreto clase F (Resistencia 14 Mpa) | C45: m3 | D45: 385764.3
B46: Antisol blanco (Presentación 20 Kg) | C46: KG | D46: 17800
B47: Sello de silicona o sellador autonivelante | C47: M | D47: 4800
B48: Postes para defensa metálica (1,80 m) | C48: UND | D48: 143728.51
B49: Defensa Metalica de 4,13 m Galvanizada | C49: UND | D49: 143904.03
B50: Poste en angulo de 2*2*1/4 de 3,5m para señal | C50: UND | D50: 140000
B51: Derechos de explotación y/o disposición de materiales | C51: M3 | D51: 7544.79
B52: Tacha reflectiva | C52: UND | D52: 7250
B53: Resina termoplástica | C53: KG | D53: 7950
B69: =+PRESUPUESTO!B52 -> JESUS EDUARDO ROBLES SMITH
B70: =+PRESUPUESTO!B53 -> INGENIERO CIVIL
B71: =+PRESUPUESTO!B54 -> M.P. 25202-316144 CND

Sheet Transporte
B2: =+PRESUPUESTO!D2 -> "MEJORAMIENTO VIAL MEDIANTE LA CONSTRUCCIÓN DE PAVIMENTO RÍGIDO DE LA PRIMERA ETAPA DE LA VÍA QUE COMUNICA A LA VEREDA PONDORES EN EL CORREGIMIENTO DE CONEJO, MUNICIPIO DE FONSECA - DEPARTAMENTO DE LA GUAJIRA."
B5: TRANSPORTE MATERIAL
B8: DESCRIPCIÓN | C8: UND | D8: DISTANCIA
B10: CUMBITARA
B11: Distancia acarreo a Botadero | C11: km | D11: 13
B12: Distancia suministro base y subbase | C12: km | D12: =89.7 -> 89.7
B13: Distancia suministro de arena | C13: km | D13: =+D12 -> 89.7
B14: Distancia suministro grava triturada | C14: km | D14: =+D13 -> 89.7
B15: Distancia transporte acero | C15: km | D15: 15.6
B16: Material granular | C16: km | D16: =+D14 -> 89.7
B17: Material de afirmado | C17: km | D17: =+D16 -> 89.7
B18: Cemento | C18: Km | D18: 15.6
B20: DESCRIPCIÓN | C20: UND | D20: PRECIO-[$]
B21: Transporte de material desmontado | C21: m3k | D21: 1400
B22: Transporte de arena | C22: m3k | D22: 1200
B23: Transporte de Base | C23: m3k | D23: 1400
B24: Transporte de Subbase | C24: m3k | D24: 1200
B25: Transporte de material de excavación | C25: m3k | D25: 1400
B26: Transporte de material de afirmado | C26: m3k | D26: =+D25 -> 1400
B27: Transporte de grava triturada | C27: m3k | D27: 1400
B28: Transporte de acero | C28: km | D28: 0.48
B29: Transporte de cemento | C29: km | D29: =1 -> 1
B39: =+PRESUPUESTO!B52 -> JESUS EDUARDO ROBLES SMITH
B40: =+PRESUPUESTO!B53 -> INGENIERO CIVIL
B41: =+PRESUPUESTO!B54 -> M.P. 25202-316144 CND

Sheet Apu Basicos
D3: ANÁLISIS DE PRECIOS UNITARIOS
A7: =+PRESUPUESTO!D2 -> "MEJORAMIENTO VIAL MEDIANTE LA CONSTRUCCIÓN DE PAVIMENTO RÍGIDO DE LA PRIMERA ETAPA DE LA VÍA QUE COMUNICA A LA VEREDA PONDORES EN EL CORREGIMIENTO DE CONEJO, MUNICIPIO DE FONSECA - DEPARTAMENTO DE LA GUAJIRA." | F7: ESPECIFICACIÓN: BÁSICO
A10: ÍTEM: CONCRETO 2000 PSI | F10: UNIDAD: | G10: M3
A12: I. EQUIPO
A13: Descripción | D13: Tarifa Hora | E13: Rendimiento | F13: Valor Unitario
A14: Mezcladora de Concreto | D14: =+Equ!D21 -> 15000 | E14: =1 -> 1 | F14: =+ROUND(D14/E14,0) -> 15000
A15: Vibrador de Concreto | D15: =+Equ!D22 -> 7500 | E15: =1 -> 1 | F15: =+ROUND(D15/E15,0) -> 7500
A16: Herramienta Menor M.O.
F19: Sub - Total | G19: =SUM(F14:F18) -> 22500
A20: II. MATERIALES EN OBRA
A21: Descripción | B21: Unidad | C21: Precio Unit. | D21: Cantidad | E21: Desperdicio | F21: Valor Unitario
A22: Cemento | B22: Kg | C22: =+Sum!D13 -> 700 | D22: =305 -> 305 | E22: 0.03 | F22: =+ROUND((C22*D22)+(C22*D22*E22),0) -> 219905
A23: Triturado | B23: M3 | C23: =+Sum!D14 -> 85000 | D23: 0.84 | E23: 0.04 | F23: =+ROUND((C23*D23)+(C23*D23*E23),0) -> 74256
A24: Arena | B24: M3 | C24: =+Sum!D15 -> 65000 | D24: 0.63 | E24: 0.03 | F24: =+ROUND((C24*D24)+(C24*D24*E24),0) -> 42179
A25: Agua | B25: Lt | C25: =+Sum!D17 -> 192.9 | D25: 185 | E25: 0.02 | F25: =+ROUND((C25*D25)+(C25*D25*E25),0) -> 36400
A26: Formaleta | B26: M2 | C26: =+Sum!D25 -> 7949.1121 | D26: 1 | E26: 0.03 | F26: =+ROUND((C26*D26)+(C26*D26*E26),0) -> 8188
F28: Sub - Total | G28: =SUM(F22:F27) -> 380928
A29: III. TRANSPORTES
A30: Material | B30: Vol-Pes-Cant. | C30: Distancia | D30: M3-Km | E30: Tarifa | F30: Valor Unitario
A31: Cemento | B31: =+D22 -> 305 | C31: =+Transporte!D18 -> 15.6 | D31: =+B31*C31 -> 4758 | E31: =+Transporte!D29 -> 1 | F31: =ROUND(E31*D31,0) -> 4758
A32: Triturado | B32: =+D23 -> 0.84 | C32: =+Transporte!D14 -> 89.7 | D32: =+B32*C32 -> 75.348 | E32: =+Transporte!D27 -> 1400 | F32: =ROUND(E32*D32,0) -> 105487
A33: Arena | B33: =+D24 -> 0.63 | C33: =+Transporte!D13 -> 89.7 | D33: =+B33*C33 -> 56.511 | E33: =+Transporte!D22 -> 1200 | F33: =ROUND(E33*D33,0) -> 67813
F35: Sub - Total | G35: =SUM(F31:F34) -> 178058
A36: IV. MANO DE OBRA
A37: Trabajador | B37: Jornal | C37: Prestaciones | D37: Jornal Total | E37: Rendimiento | F37: Valor Unitario
A38: 2 Oficiales | B38: =+FP!S51*2 -> 378131.34 | C38: =+FP!T47 -> 1.6529 | D38: =C38*B38 -> 625013.28 | E38: 8 | F38: =ROUND(D38/E38,0) -> 78127
A39: 6 Obreros | B39: =+FP!U51*6 -> 310169.22 | C39: =+FP!V47 -> 1.8281 | D39: =C39*B39 -> 567020.35 | E39: =+E38 -> 8 | F39: =ROUND(D39/E39,0) -> 70878
F42: Sub - Total | G42: =SUM(F38:F41) -> 149005
D44: TOTAL COSTO DIRECTO | G44: =ROUND(G19+G28+G35+G42,0) -> 730491
D48: ANÁLISIS DE PRECIOS UNITARIOS
A52: =+A7 -> "MEJORAMIENTO VIAL MEDIANTE LA CONSTRUCCIÓN DE PAVIMENTO RÍGIDO DE LA PRIMERA ETAPA DE LA VÍA QUE COMUNICA A LA VEREDA PONDORES EN EL CORREGIMIENTO DE CONEJO, MUNICIPIO DE FONSECA - DEPARTAMENTO DE LA GUAJIRA." | F52: ESPECIFICACIÓN: BÁSICO
A55: ÍTEM: CONCRETO 3000 PSI | F55: UNIDAD: | G55: M3
A57: I. EQUIPO
A58: Descripción | D58: Tarifa Hora | E58: Rendimiento | F58: Valor Unitario
A59: Mezcladora de Concreto | D59: =+D14 -> 15000 | E59: 1 | F59: =+ROUND(D59/E59,0) -> 15000
A60: Vibrador de Concreto | D60: =+D15 -> 7500 | E60: 2 | F60: =+ROUND(D60/E60,0) -> 3750
A61: Herramienta Menor M.O.
F64: Sub - Total | G64: =SUM(F59:F63) -> 18750
A65: II. MATERIALES EN OBRA
A66: Descripción | B66: Unidad | C66: Precio Unit. | D66: Cantidad | E66: Desperdicio | F66: Valor Unitario
A67: Cemento | B67: Kg | C67: =+C22 -> 700 | D67: 380 | E67: 0.03 | F67: =+ROUND((C67*D67)+(C67*D67*E67),0) -> 273980
A68: Triturado | B68: M3 | C68: =+C23 -> 85000 | D68: 0.9 | E68: 0.04 | F68: =+ROUND((C68*D68)+(C68*D68*E68),0) -> 79560
A69: Arena | B69: M3 | C69: =+C24 -> 65000 | D69: 0.52 | E69: 0.03 | F69: =+ROUND((C69*D69)+(C69*D69*E69),0) -> 34814
A70: Agua | B70: Lt | C70: =+C25 -> 192.9 | D70: 170 | E70: 0.02 | F70: =+ROUND((C70*D70)+(C70*D70*E70),0) -> 33449
A71: Formaleta | B71: M2 | C71: =+C26 -> 7949.1121 | D71: 1 | E71: 0.03 | F71: =+ROUND((C71*D71)+(C71*D71*E71),0) -> 8188
F73: Sub - Total | G73: =SUM(F67:F72) -> 429991
A74: III. TRANSPORTES
A75: Material | B75: Vol-Pes-Cant. | C75: Distancia | D75: M3-Km | E75: Tarifa | F75: Valor Unitario
A76: Cemento | B76: =+D67 -> 380 | C76: =+Transporte!D18 -> 15.6 | D76: =+B76*C76 -> 5928 | E76: =+E31 -> 1 | F76: =ROUND(E76*D76,0) -> 5928
A77: Triturado | B77: =+D68 -> 0.9 | C77: =+C32 -> 89.7 | D77: =+B77*C77 -> 80.73 | E77: =+E32 -> 1400 | F77: =ROUND(E77*D77,0) -> 113022
A78: Arena | B78: =+D69 -> 0.52 | C78: =+C77 -> 89.7 | D78: =+B78*C78 -> 46.644 | E78: =+E33 -> 1200 | F78: =ROUND(E78*D78,0) -> 55973
F80: Sub - Total | G80: =SUM(F76:F79) -> 174923
A81: IV. MANO DE OBRA
A82: Trabajador | B82: Jornal | C82: Prestaciones | D82: Jornal Total | E82: Rendimiento | F82: Valor Unitario
A83: 2 Oficiales | B83: =FP!S51*2 -> 378131.34 | C83: =+FP!T47 -> 1.6529 | D83: =C83*B83 -> 625013.28 | E83: 8.2 | F83: =ROUND(D83/E83,0) -> 76221
A84: 6 Obreros | B84: =+FP!U51*6 -> 310169.22 | C84: =+FP!V47 -> 1.8281 | D84: =C84*B84 -> 567020.35 | E84: 8.2 | F84: =ROUND(D84/E84,0) -> 69149
F87: Sub - Total | G87: =SUM(F83:F86) -> 145370
D89: TOTAL COSTO DIRECTO | G89: =ROUND(G64+G73+G80+G87,0) -> 769034
D92: ANÁLISIS DE PRECIOS UNITARIOS
A96: =+A52 -> "MEJORAMIENTO VIAL MEDIANTE LA CONSTRUCCIÓN DE PAVIMENTO RÍGIDO DE LA PRIMERA ETAPA DE LA VÍA QUE COMUNICA A LA VEREDA PONDORES EN EL CORREGIMIENTO DE CONEJO, MUNICIPIO DE FONSECA - DEPARTAMENTO DE LA GUAJIRA." | F96: ESPECIFICACIÓN: BÁSICO
A99: ÍTEM: CONCRETO 4000 PSI | F99: UNIDAD: | G99: M3
A101: I. EQUIPO
A102: Descripción | D102: Tarifa Hora | E102: Rendimiento | F102: Valor Unitario
A103: Mezcladora de Concreto | D103: =+D14 -> 15000 | E103: 1 | F103: =+ROUND(D103/E103,0) -> 15000
A104: Vibrador de Concreto | D104: =+D15 -> 7500 | E104: 2 | F104: =+ROUND(D104/E104,0) -> 3750
A105: Herramienta Menor M.O.
F108: Sub - Total | G108: =SUM(F103:F107) -> 18750
A109: II. MATERIALES EN OBRA
A110: Descripción | B110: Unidad | C110: Precio Unit. | D110: Cantidad | E110: Desperdicio | F110: Valor Unitario
A111: Cemento | B111: Kg | C111: =+C22 -> 700 | D111: 455 | E111: 0.03 | F111: =+ROUND((C111*D111)+(C111*D111*E111),0) -> 328055
A112: Triturado | B112: M3 | C112: =+C23 -> 85000 | D112: 0.67 | E112: 0.04 | F112: =+ROUND((C112*D112)+(C112*D112*E112),0) -> 59228
A113: Arena | B113: M3 | C113: =+C24 -> 65000 | D113: 0.67 | E113: 0.03 | F113: =+ROUND((C113*D113)+(C113*D113*E113),0) -> 44857
A114: Agua | B114: Lt | C114: =+C25 -> 192.9 | D114: 190 | E114: 0.02 | F114: =+ROUND((C114*D114)+(C114*D114*E114),0) -> 37384
A115: Formaleta | B115: M2 | C115: =+Sum!D24 -> 18500 | D115: =4.6 -> 4.6 | E115: 0.03 | F115: =+ROUND((C115*D115)+(C115*D115*E115),0) -> 87653
F117: Sub - Total | G117: =SUM(F111:F116) -> 557177
A118: III. TRANSPORTES
A119: Material | B119: Vol-Pes-Cant. | C119: Distancia | D119: M3-Km | E119: Tarifa | F119: Valor Unitario
A120: Cemento | B120: =+D111 -> 455 | C120: =+Transporte!D18 -> 15.6 | D120: =+B120*C120 -> 7098 | E120: =+E31 -> 1 | F120: =ROUND(E120*D120,0) -> 7098
A121: Triturado | B121: =+D112 -> 0.67 | C121: =+Transporte!D14 -> 89.7 | D121: =+B121*C121 -> 60.099 | E121: =+E32 -> 1400 | F121: =ROUND(E121*D121,0) -> 84139
A122: Arena | B122: =+D113 -> 0.67 | C122: =+Transporte!D13 -> 89.7 | D122: =+B122*C122 -> 60.099 | E122: =+E33 -> 1200 | F122: =ROUND(E122*D122,0) -> 72119
F124: Sub - Total | G124: =SUM(F120:F123) -> 163356
A125: IV. MANO DE OBRA
A126: Trabajador | B126: Jornal | C126: Prestaciones | D126: Jornal Total | E126: Rendimiento | F126: Valor Unitario
A127: 2 Oficiales | B127: =+B38 -> 378131.34 | C127: =+C38 -> 1.6529 | D127: =C127*B127 -> 625013.28 | E127: 8 | F127: =ROUND(D127/E127,0) -> 78127
A128: 6 Obreros | B128: =+B39 -> 310169.22 | C128: =+C39 -> 1.8281 | D128: =C128*B128 -> 567020.35 | E128: =+E127 -> 8 | F128: =ROUND(D128/E128,0) -> 70878
F131: Sub - Total | G131: =SUM(F127:F130) -> 149005
D133: TOTAL COSTO DIRECTO | G133: =ROUND(G108+G117+G124+G131,0) -> 888288

Sheet CARACTERIZACION
B2: =+PRESUPUESTO!D2 -> "MEJORAMIENTO VIAL MEDIANTE LA CONSTRUCCIÓN DE PAVIMENTO RÍGIDO DE LA PRIMERA ETAPA DE LA VÍA QUE COMUNICA A LA VEREDA PONDORES EN EL CORREGIMIENTO DE CONEJO, MUNICIPIO DE FONSECA - DEPARTAMENTO DE LA GUAJIRA."
B4: CARACTERIZACIÓN VIAL (Resolución 412 de 2020)
B6: I | C6: COSTOS DE PERSONAL PROFESIONAL
B7: CONCEPTO | D7: A | E7: B | F7: C | G7: D | H7: E
B8: Ítem | C8: CARGO / OFICIO | D8: CATEGORIA | E8: SUELDO O TARIFA MENSUAL $ | F8: F.M | G8: DURACION TOTAL (MESES) | H8: VALOR PARCIAL (B*C*D)
B9: I | C9: Personal Profesional:
B10: 1.1 | C10: Ingeniero especialista en SIG | D10: 1 | E10: 7500000 | F10: =+FM!I39 -> 1.9929333 | G10: 0.02 | H10: =ROUND(E10*F10*G10,2) -> 298940
B12: SUB-TOTAL COSTOS DE PERSONAL | H12: =ROUND(SUM(H10:H11),2) -> 298940
B13: II | C13: PERSONAL TECNICO | D13: Cantidad | E13: SUELDO O TARIFA MENSUAL $ | F13: F.M | G13: DURACION TOTAL (MESES) | H13: VALOR PARCIAL (A*B*C*D)
B14: 2.1 | C14: Secretarìa | D14: 1 | E14: =+#REF! -> #REF! | F14: =+F10 -> 1.9929333 | G14: =+G10 -> 0.02 | H14: =ROUND(E14*F14*G14*D14,2) -> #REF!
B15: 2.2 | C15: Topografo | D15: 1 | E15: =+#REF! -> #REF! | F15: =+F10 -> 1.9929333 | G15: =+G14 -> 0.02 | H15: =ROUND(E15*F15*G15*D15,2) -> #REF!
B16: 2.3 | C16: Cadenero | D16: 2 | E16: =+#REF! -> #REF! | F16: =+F14 -> 1.9929333 | G16: =+G15 -> 0.02 | H16: =ROUND(E16*F16*G16*D16,2) -> #REF!
B17: SUB-TOTAL COSTOS DE PERSONAL TECNICO | H17: =ROUND(H14+H15+H16,2) -> #REF!
B19: TOTAL PERSONAL (I + II) | H19: =ROUND(H12+H17,2) -> #REF!
B21: III | C21: COSTOS DIRECTOS CON FACTOR MULTIPLICADOR (RANGO MINIMO 1.00 - MAXIMO 1.25)
B22: Ítem | C22: ALQUILER DE EQUIPOS Y OTROS | D22: CANTIDAD | E22: TARIFA | F22: TOTAL DURACION MESES | H22: VALOR PARCIAL
B23: 3.1 | C23: Alquiler equipo completo para georeferencia y captura, almacenamiento, analisis, transformacion y presentacion de toda la informacion geografica y sub - atributos. Incluye sofware ARCGIS | D23: 1 | E23: 5700000 | F23: =+F26 -> 0.02 | H23: =ROUND(E23*F23*D23,2) -> 114000
B24: 3.2 | C24: Alquiler computadores | D24: 1 | E24: =+INTERVENTORIA!H30 -> 0 | F24: =+G16 -> 0.02 | H24: =ROUND(E24*F24*D24,2) -> 0
B25: 3.3 | C25: Alquiler de camioneta 4x4 cilindraje 3000 cm3, incluye conductor | D25: 1 | E25: =+INTERVENTORIA!H29 -> 7000000 | F25: =+F24 -> 0.02 | H25: =ROUND(E25*F25*D25,2) -> 140000
B26: 3.4 | C26: Alquiler radiotelefonos | D26: 2 | E26: =+INTERVENTORIA!H23 -> 150000 | F26: =+F25 -> 0.02 | H26: =ROUND(E26*F26*D26,2) -> 6000
B27: 3.5 | C27: Gastos de papelerìa | D27: 1 | E27: =+INTERVENTORIA!H31 -> 241237.73 | F27: =+F23 -> 0.02 | H27: =ROUND(E27*F27*D27,2) -> 4824.75
B28: SUB- TOTAL COSTOS DIRECTOS (III) | H28: =ROUND(SUM(H23:H27),2) -> 264824.75
B30: SUB- TOTAL I + II + III | H30: =ROUND(H28+H19,2) -> #REF!
B32: TOTAL CARACTERIZACION VIAL | H32: =+ROUND(H30,0) -> #REF!
C35: TOTAL A CARACTERIZAR | G35: 17.911
C36: TOTAL KM A CARACTERIZAR | G36: =(SUM(G35:G35)) -> 17.911
B41: YEFERSON MORENO MATURANA
B42: SECRETARIO DE PLANEACIÓN

Sheet 230.2
A2: REPÚBLICA DE COLOMBIA
A3: DEPARTAMENTO DE NARIÑO | D3: ANÁLISIS DE PRECIOS UNITARIOS
A4: MUNICIPIO DE ARBOLEDA
A7: =+'APU-Básicos'!A7 -> "MEJORAMIENTO VIAL MEDIANTE LA CONSTRUCCIÓN DE PAVIMENTO RÍGIDO DE LA PRIMERA ETAPA DE LA VÍA QUE COMUNICA A LA VEREDA PONDORES EN EL CORREGIMIENTO DE CONEJO, MUNICIPIO DE FONSECA - DEPARTAMENTO DE LA GUAJIRA." | F7: ESPECIFICACIÓN: 230.2
A9: ÍTEM: MEJORAMIENTO DE SUBRASANTE CON MATERIAL DE ADICIÓN | F9: UNIDAD: | G9: M3
A11: I. EQUIPO
A12: Descripción | D12: Tarifa Hora | E12: Rendimiento | F12: Valor Unitario
A13: Motoniveladora | D13: 100000 | E13: 50 | F13: =ROUND(D13/E13,0) -> 2000
A14: Compactador Vibratorio | D14: 80000 | E14: =E13 -> 50 | F14: =ROUND(D14/E14,0) -> 1600
A15: Carrotanque de Agua | D15: 50000 | E15: =E13 -> 50 | F15: =ROUND(D15/E15,0) -> 1000
A16: Herramienta Menor | B16: 0.1 | F16: =G42*B16 -> 462.5
F18: Sub - Total | G18: =SUM(F13:F17) -> 5062.5
A19: II. MATERIALES EN OBRA
A20: Descripción | C20: Unidad | D20: Precio Unit. | E20: Cantidad | F20: Valor Unitario
A21: Agua | C21: LT | D21: 20 | E21: 30 | F21: =ROUND(E21*D21,0) -> 600
A22: Material de Adición | C22: M3 | D22: 12000 | E22: 1.35 | F22: =+D22*E22 -> 16200
F26: Sub - Total | G26: =SUM(F21:F25) -> 16800
A27: III. TRANSPORTES
A28: Material | B28: Vol-Pes-Cant. | C28: Distancia | D28: M3-Km | E28: Tarifa | F28: Valor Unitario
A29: Material Seleccionado | B29: =+E22 -> 1.35 | C29: 20 | D29: =C29*B29 -> 27 | E29: =+#REF! -> #REF! | F29: =ROUND(E29*D29,0) -> #REF!
F34: Sub - Total | G34: =SUM(F29:F33) -> #REF!
A35: IV. MANO DE OBRA
A36: Trabajador | B36: Jornal | C36: Prestaciones | D36: Jornal Total | E36: Rendimiento | F36: Valor Unitario
A37: 2 Obreros | B37: =25000*2 -> 50000 | C37: 1.85 | D37: =C37*B37 -> 92500 | E37: 20 | F37: =ROUND(D37/E37,0) -> 4625
F42: Sub - Total | G42: =SUM(F37:F41) -> 4625
D44: TOTAL COSTO DIRECTO | G44: =ROUND(G18+G26+G34+G42,0) -> #REF!
A46: V. COSTOS INDIRECTOS
A47: Descripción | E47: Porcentaje | F47: Valor total
A48: Administración | E48: 0.22 | F48: =ROUND(G44*E48,0) -> #REF!
A49: Imprevistos | E49: 0.03 | F49: =ROUND(G44*E49,0) -> #REF!
A50: Utilidad | E50: 0.05 | F50: =ROUND(G44*E50,0) -> #REF!
F51: Sub - Total | G51: =ROUND(SUM(F48:F50),) -> #REF!
A52: Elaboró:
D53: COSTO TOTAL APROXIMADO AL PESO | G53: =ROUND(G44+G51,0) -> #REF!
A54: Ing. Natalia Rosero
A55: M.P. 52202 - 121026 NRÑ
